Workbook

Sheet 1. СПС
A1: =Source!B1 -> Smeta.RU (495) 974-1589
J2: Форма № 4б
B3: "СОГЛАСОВАНО" | G3: "УТВЕРЖДАЮ"
B6: =CONCATENATE("______________________ ", IF(Source!AL12<>"", Source!AL12, "")) -> ______________________ | G6: =CONCATENATE("______________________ ", IF(Source!AH12<>"", Source!AH12, "")) -> ______________________
B7: "_____"________________ 2024 г. | G7: "_____"________________ 2024 г.
A10: на выполнение работ по замене СПС, СОУЭ и АГПТ
A11: (наименование стройки и/или объекта)
A13: =CONCATENATE( "ЛОКАЛЬНАЯ СМЕТА № ",IF(Source!F20<>"Новая локальная смета", Source!F20, "")) -> ЛОКАЛЬНАЯ СМЕТА № 1.
A15: =IF(Source!G20<>"Новая локальная смета", Source!G20, "") -> СПС
A16: (наименование работ и затрат)
A18: =CONCATENATE( "Основание: чертежи № ", Source!J20) -> Основание: чертежи №
I20: В базисном уровне цен | J20: В текущем уровне цен
E21: Сметная стоимость | I21: =I22+I23+I24+I25 -> 186092.08 | J21: =J22+J23+J24+J25 -> 2294057.7 | K21: руб.
E22: Строительные работы | I22: =ROUND((Source!F178), 2) -> 7558.38 | J22: =ROUND((Source!P178), 2) -> 98896.13 | K22: руб.
E23: Работы по монтажу оборудования | I23: =ROUND((Source!F179), 2) -> 92361.97 | J23: =ROUND((Source!P179), 2) -> 1534324.4 | K23: руб.
E24: Оборудование | I24: =ROUND((Source!F170), 2) -> 84041.94 | J24: =ROUND((Source!P170), 2) -> 597538.19 | K24: руб.
E25: Прочие работы и затраты | I25: =ROUND((Source!F180+Source!F181), 2) -> 2129.79 | J25: =ROUND((Source!P180+Source!P181), 2) -> 63299.03 | K25: руб.
E26: Средства на оплату труда | I26: =(Source!F176+ Source!F175) -> 14586.05 | J26: =((Source!P176 + Source!P175)) -> 503364.6 | K26: руб.
E27: Затраты труда | I27: =Source!F183 -> 1003.9574 | K27: чел.-ч.
E28: Кроме того:
E29: Возврат материалов | I29: =SUM(Y35:Y343) -> 0 | J29: =SUM(Z35:Z343) -> 0 | K29: руб.
A31: Составлен(а) по ТСН-2001 с учетом Дополнения №: 72
A32: № и период сборника коэффициентов (индексов) пересчета: Индексы ТСН-2001 МГЭ ремонт №212 июль 2024 года | AP32: № и период сборника коэффициентов (индексов) пересчета: Индексы ТСН-2001 МГЭ ремонт №212 июль 2024 года
A33: № п/п | B33: Шифр расценки и коды ресурсов | C33: Наименование работ и затрат | D33: Ед. изм. | E33: Кол-во единиц | F33: Цена на ед. изм., руб. | G33: Попра- вочные коэффи- циенты | H33: Коэффи- циенты зимних удорожа- ний | I33: Всего в ценах на январь 2000 года, руб. | J33: Коэффи- циенты (индек- сы) пере- счета, нормы НР и СП | K33: ВСЕГО затрат в текущем уровне цен, руб.
A34: 1 | B34: 2 | C34: 3 | D34: 4 | E34: 5 | F34: 6 | G34: 7 | H34: 8 | I34: 9 | J34: 10 | K34: 11
A36: =CONCATENATE("Раздел: ",IF(Source!G24<>"Новый раздел", Source!G24, "")) -> Раздел: 1. СПС
A37: 1 | B37: =Source!F28 -> 4.10-71-11 | C37: Монтаж пульта служебной связи и контроля | D37: =Source!H28 -> 1 ПУЛЬТ | E37: =Source!I28 -> 1 | Q37: =Source!X28 -> 978.3 | R37: =Source!X29 -> 23395.93 | S37: =Source!Y28 -> 574.97 | T37: =Source!Y29 -> 12142.19 | U37: =ROUND((175/100)*ROUND(Source!R28, 2), 2) -> 75.09 | V37: =ROUND((160/100)*ROUND(Source!R29, 2), 2) -> 2369.31 | AC37: 0
C38: ЗП | F38: =Source!AO28 -> 858.16 | G38: =Source!DG28 | H38: =Source!AV29 -> 1 | I38: =Source!S28 -> 858.16 | J38: =IF(Source!BA29<> 0, Source!BA29, 1) -> 34.51 | K38: =Source!S29 -> 29615.1
C39: ЭМ | F39: =Source!AM28 -> 390.42 | G39: =Source!DE28 | H39: =Source!AV29 -> 1 | I39: =Source!Q28 -> 390.42 | J39: =IF(Source!BB29<> 0, Source!BB29, 1) -> 12.62 | K39: =Source!Q29 -> 4927.1
C40: в т.ч. ЗПМ | F40: =Source!AN28 -> 42.91 | G40: =Source!DF28 | H40: =Source!AV29 -> 1 | I40: =Source!R28 -> 42.91 | J40: =IF(Source!BS29<> 0, Source!BS29, 1) -> 34.51 | K40: =Source!R29 -> 1480.82
C41: МР | F41: =Source!AL28 -> 14.44 | G41: =Source!DD28 | H41: =Source!AW29 -> 1 | I41: =Source!P28 -> 14.44 | J41: =IF(Source!BC29<> 0, Source!BC29, 1) -> 18.68 | K41: =Source!P29 -> 269.74
C42: НР от ЗП | D42: % | E42: =Source!DN29 -> 114 | I42: =SUM(Q37:Q41) -> 978.3 | J42: =Source!BZ29 -> 79 | K42: =SUM(R37:R41) -> 23395.93
C43: СП от ЗП | D43: % | E43: =Source!DO29 -> 67 | I43: =SUM(S37:S42) -> 574.97 | J43: =Source!CA29 -> 41 | K43: =SUM(T37:T42) -> 12142.19
C44: НР и СП от ЗПМ | D44: % | E44: =175 -> 175 | I44: =SUM(U37:U43) -> 75.09 | J44: =160 -> 160 | K44: =SUM(V37:V43) -> 2369.31
C45: ЗТР | D45: чел-ч | E45: =Source!AQ28 -> 68 | G45: =Source!DI28 | H45: =Source!AV29 -> 1 | I45: =Source!U28 -> 68
C46: ВСЕГО работ по позиции: | H46: =I38+I39+I41+I42+I43+I44+0-0-0 -> 2891.38 | J46: =K38+K39+K41+K42+K43+K44+0-0-0 -> 72719.37
C47: ВСЕГО оборудование по позиции: | H47: =0+0 -> 0 | J47: =0+0 -> 0
C48: ВСЕГО по позиции: | H48: =I38+I39+I41+I42+I43+I44+0 -> 2891.38 | J48: =K38+K39+K41+K42+K43+K44+0 -> 72719.37 | O48: =I38+I39+I41+I42+I43+I44+0 -> 2891.38 | P48: =K38+K39+K41+K42+K43+K44+0 -> 72719.37
A50: 2 | B50: =Source!F30 -> УПД | C50: ОБОРУДОВАНИЕ:_x000D_ Центральный прибор индикации и управления ЦПИУ «Рубеж», ЦПИУ "Рубеж" исп.1 68 667,78 = [562 064,4 / 1,2 / 7,11] + 1,2% Трансп + 3% Заг.скл | D50: =Source!H30 -> шт. | E50: =Source!I30 -> 1 | F50: =Source!AL30 -> 68667.78 | G50: =Source!DD30 | H50: =Source!AW31 -> 1 | I50: =Source!P30 -> 68667.78 | J50: =IF(Source!BC31<> 0, Source!BC31, 1) -> 7.11 | K50: =Source!P31 -> 488227.92 | Q50: =Source!X30 -> 0 | R50: =Source!X31 -> 0 | S50: =Source!Y30 -> 0 | T50: =Source!Y31 -> 0 | U50: =ROUND((175/100)*ROUND(Source!R30, 2), 2) -> 0 | V50: =ROUND((160/100)*ROUND(Source!R31, 2), 2) -> 0 | AC50: 5
C51: ВСЕГО по позиции: | H51: =I50+0 -> 68667.78 | J51: =K50+0 -> 488227.92 | O51: =I50+0 -> 68667.78 | P51: =K50+0 -> 488227.92
A53: 3 | B53: =Source!F32 -> 4.10-145-14 | C53: Настройка синхронных цифровых систем передачи, настройка системы контроля и управления, установка операционной системы, программного обеспечения | D53: =Source!H32 -> 1 рабочая секция | E53: =Source!I32 -> 1 | Q53: =Source!X32 -> 3223.41 | R53: =Source!X33 -> 77087.21 | S53: =Source!Y32 -> 1894.46 | T53: =Source!Y33 -> 40007.29 | U53: =ROUND((175/100)*ROUND(Source!R32, 2), 2) -> 0 | V53: =ROUND((160/100)*ROUND(Source!R33, 2), 2) -> 0 | AC53: 0
C54: ЗП | F54: =Source!AO32 -> 2827.55 | G54: =Source!DG32 | H54: =Source!AV33 -> 1 | I54: =Source!S32 -> 2827.55 | J54: =IF(Source!BA33<> 0, Source!BA33, 1) -> 34.51 | K54: =Source!S33 -> 97578.75
C55: НР от ЗП | D55: % | E55: =Source!DN33 -> 114 | I55: =SUM(Q53:Q54) -> 3223.41 | J55: =Source!BZ33 -> 79 | K55: =SUM(R53:R54) -> 77087.21
C56: СП от ЗП | D56: % | E56: =Source!DO33 -> 67 | I56: =SUM(S53:S55) -> 1894.46 | J56: =Source!CA33 -> 41 | K56: =SUM(T53:T55) -> 40007.29
C57: ЗТР | D57: чел-ч | E57: =Source!AQ32 -> 145.6 | G57: =Source!DI32 | H57: =Source!AV33 -> 1 | I57: =Source!U32 -> 145.6
C58: ВСЕГО работ по позиции: | H58: =I54+I55+I56+0-0-0 -> 7945.42 | J58: =K54+K55+K56+0-0-0 -> 214673.25
C59: ВСЕГО оборудование по позиции: | H59: =0+0 -> 0 | J59: =0+0 -> 0
C60: ВСЕГО по позиции: | H60: =I54+I55+I56+0 -> 7945.42 | J60: =K54+K55+K56+0 -> 214673.25 | O60: =I54+I55+I56+0 -> 7945.42 | P60: =K54+K55+K56+0 -> 214673.25
A62: 4 | B62: =Source!F34 -> 4.10-19-6 | C62: Монтаж отдельно устанавливаемого преобразователя или блока питания | D62: =Source!H34 -> 1 ШТ. | E62: =Source!I34 -> 1 | Q62: =Source!X34 -> 154.15 | R62: =Source!X35 -> 3686.49 | S62: =Source!Y34 -> 90.6 | T62: =Source!Y35 -> 1913.24 | U62: =ROUND((175/100)*ROUND(Source!R34, 2), 2) -> 8.84 | V62: =ROUND((160/100)*ROUND(Source!R35, 2), 2) -> 278.85 | AC62: 0
C63: ЗП | F63: =Source!AO34 -> 135.22 | G63: =Source!DG34 | H63: =Source!AV35 -> 1 | I63: =Source!S34 -> 135.22 | J63: =IF(Source!BA35<> 0, Source!BA35, 1) -> 34.51 | K63: =Source!S35 -> 4666.44
C64: ЭМ | F64: =Source!AM34 -> 45.93 | G64: =Source!DE34 | H64: =Source!AV35 -> 1 | I64: =Source!Q34 -> 45.93 | J64: =IF(Source!BB35<> 0, Source!BB35, 1) -> 12.62 | K64: =Source!Q35 -> 579.64
C65: в т.ч. ЗПМ | F65: =Source!AN34 -> 5.05 | G65: =Source!DF34 | H65: =Source!AV35 -> 1 | I65: =Source!R34 -> 5.05 | J65: =IF(Source!BS35<> 0, Source!BS35, 1) -> 34.51 | K65: =Source!R35 -> 174.28
C66: МР | F66: =Source!AL34 -> 55.8 | G66: =Source!DD34 | H66: =Source!AW35 -> 1 | I66: =Source!P34 -> 55.8 | J66: =IF(Source!BC35<> 0, Source!BC35, 1) -> 10.37 | K66: =Source!P35 -> 578.65
C67: НР от ЗП | D67: % | E67: =Source!DN35 -> 114 | I67: =SUM(Q62:Q66) -> 154.15 | J67: =Source!BZ35 -> 79 | K67: =SUM(R62:R66) -> 3686.49
C68: СП от ЗП | D68: % | E68: =Source!DO35 -> 67 | I68: =SUM(S62:S67) -> 90.6 | J68: =Source!CA35 -> 41 | K68: =SUM(T62:T67) -> 1913.24
C69: НР и СП от ЗПМ | D69: % | E69: =175 -> 175 | I69: =SUM(U62:U68) -> 8.84 | J69: =160 -> 160 | K69: =SUM(V62:V68) -> 278.85
C70: ЗТР | D70: чел-ч | E70: =Source!AQ34 -> 9.3 | G70: =Source!DI34 | H70: =Source!AV35 -> 1 | I70: =Source!U34 -> 9.3
C71: ВСЕГО работ по позиции: | H71: =I63+I64+I66+I67+I68+I69+0-0-0 -> 490.54 | J71: =K63+K64+K66+K67+K68+K69+0-0-0 -> 11703.31
C72: ВСЕГО оборудование по позиции: | H72: =0+0 -> 0 | J72: =0+0 -> 0
C73: ВСЕГО по позиции: | H73: =I63+I64+I66+I67+I68+I69+0 -> 490.54 | J73: =K63+K64+K66+K67+K68+K69+0 -> 11703.31 | O73: =I63+I64+I66+I67+I68+I69+0 -> 490.54 | P73: =K63+K64+K66+K67+K68+K69+0 -> 11703.31
A75: 5 | B75: =Source!F36 -> УПД | C75: ОБОРУДОВАНИЕ:_x000D_ Источник бесперебойного питания, SKAT-UPS 1000/600 4 137,19 = [33 864 / 1,2 / 7,11] + 1,2% Трансп + 3% Заг.скл | D75: =Source!H36 -> шт. | E75: =Source!I36 -> 1 | F75: =Source!AL36 -> 4137.19 | G75: =Source!DD36 | H75: =Source!AW37 -> 1 | I75: =Source!P36 -> 4137.19 | J75: =IF(Source!BC37<> 0, Source!BC37, 1) -> 7.11 | K75: =Source!P37 -> 29415.42 | Q75: =Source!X36 -> 0 | R75: =Source!X37 -> 0 | S75: =Source!Y36 -> 0 | T75: =Source!Y37 -> 0 | U75: =ROUND((175/100)*ROUND(Source!R36, 2), 2) -> 0 | V75: =ROUND((160/100)*ROUND(Source!R37, 2), 2) -> 0 | AC75: 5
C76: ВСЕГО по позиции: | H76: =I75+0 -> 4137.19 | J76: =K75+0 -> 29415.42 | O76: =I75+0 -> 4137.19 | P76: =K75+0 -> 29415.42
A78: 6 | B78: =Source!F38 -> 4.10-80-2 | C78: Аппараты приемные, приборы ПС приемно-контрольные, пусковые, концентратор, блок базовый на 20 лучей | D78: =Source!H38 -> 1 ШТ. | E78: =Source!I38 -> 1 | Q78: =Source!X38 -> 176.06 | R78: =Source!X39 -> 4210.48 | S78: =Source!Y38 -> 103.47 | T78: =Source!Y39 -> 2185.19 | U78: =ROUND((175/100)*ROUND(Source!R38, 2), 2) -> 0.02 | V78: =ROUND((160/100)*ROUND(Source!R39, 2), 2) -> 0.56 | AC78: 0
C79: ЗП | F79: =Source!AO38 -> 154.44 | G79: =Source!DG38 | H79: =Source!AV39 -> 1 | I79: =Source!S38 -> 154.44 | J79: =IF(Source!BA39<> 0, Source!BA39, 1) -> 34.51 | K79: =Source!S39 -> 5329.72
C80: ЭМ | F80: =Source!AM38 -> 0.06 | G80: =Source!DE38 | H80: =Source!AV39 -> 1 | I80: =Source!Q38 -> 0.06 | J80: =IF(Source!BB39<> 0, Source!BB39, 1) -> 13.67 | K80: =Source!Q39 -> 0.82
C81: в т.ч. ЗПМ | F81: =Source!AN38 -> 0.01 | G81: =Source!DF38 | H81: =Source!AV39 -> 1 | I81: =Source!R38 -> 0.01 | J81: =IF(Source!BS39<> 0, Source!BS39, 1) -> 34.51 | K81: =Source!R39 -> 0.35
C82: МР | F82: =Source!AL38 -> 20.93 | G82: =Source!DD38 | H82: =Source!AW39 -> 1 | I82: =Source!P38 -> 20.93 | J82: =IF(Source!BC39<> 0, Source!BC39, 1) -> 9.74 | K82: =Source!P39 -> 203.86
C83: НР от ЗП | D83: % | E83: =Source!DN39 -> 114 | I83: =SUM(Q78:Q82) -> 176.06 | J83: =Source!BZ39 -> 79 | K83: =SUM(R78:R82) -> 4210.48
C84: СП от ЗП | D84: % | E84: =Source!DO39 -> 67 | I84: =SUM(S78:S83) -> 103.47 | J84: =Source!CA39 -> 41 | K84: =SUM(T78:T83) -> 2185.19
C85: НР и СП от ЗПМ | D85: % | E85: =175 -> 175 | I85: =SUM(U78:U84) -> 0.02 | J85: =160 -> 160 | K85: =SUM(V78:V84) -> 0.56
C86: ЗТР | D86: чел-ч | E86: =Source!AQ38 -> 11.7 | G86: =Source!DI38 | H86: =Source!AV39 -> 1 | I86: =Source!U38 -> 11.7
C87: ВСЕГО работ по позиции: | H87: =I79+I80+I82+I83+I84+I85+0-0-0 -> 454.98 | J87: =K79+K80+K82+K83+K84+K85+0-0-0 -> 11930.63
C88: ВСЕГО оборудование по позиции: | H88: =0+0 -> 0 | J88: =0+0 -> 0
C89: ВСЕГО по позиции: | H89: =I79+I80+I82+I83+I84+I85+0 -> 454.98 | J89: =K79+K80+K82+K83+K84+K85+0 -> 11930.63 | O89: =I79+I80+I82+I83+I84+I85+0 -> 454.98 | P89: =K79+K80+K82+K83+K84+K85+0 -> 11930.63
A91: 7 | B91: =Source!F40 -> УПД | C91: ОБОРУДОВАНИЕ:_x000D_ Прибор приемно-контрольный и управления охранно-пожар-ный адресный, R3-Рубеж-2ОП 6 301,22 = [51 577,2 / 1,2 / 7,11] + 1,2% Трансп + 3% Заг.скл | D91: =Source!H40 -> шт. | E91: =Source!I40 -> 1 | F91: =Source!AL40 -> 6301.22 | G91: =Source!DD40 | H91: =Source!AW41 -> 1 | I91: =Source!P40 -> 6301.22 | J91: =IF(Source!BC41<> 0, Source!BC41, 1) -> 7.11 | K91: =Source!P41 -> 44801.67 | Q91: =Source!X40 -> 0 | R91: =Source!X41 -> 0 | S91: =Source!Y40 -> 0 | T91: =Source!Y41 -> 0 | U91: =ROUND((175/100)*ROUND(Source!R40, 2), 2) -> 0 | V91: =ROUND((160/100)*ROUND(Source!R41, 2), 2) -> 0 | AC91: 5
C92: ВСЕГО по позиции: | H92: =I91+0 -> 6301.22 | J92: =K91+0 -> 44801.67 | O92: =I91+0 -> 6301.22 | P92: =K91+0 -> 44801.67
A94: 8 | B94: =Source!F44 -> 4.10-80-13 | C94: Аппараты приемные, устройства промежуточные на 1 луч | D94: =Source!H44 -> 1 ШТ. | E94: =Source!I44 -> 1 | Q94: =Source!X44 -> 18.32 | R94: =Source!X45 -> 438.12 | S94: =Source!Y44 -> 10.77 | T94: =Source!Y45 -> 227.38 | U94: =ROUND((175/100)*ROUND(Source!R44, 2), 2) -> 0.02 | V94: =ROUND((160/100)*ROUND(Source!R45, 2), 2) -> 0.56 | AC94: 0
C95: ЗП | F95: =Source!AO44 -> 16.07 | G95: =Source!DG44 | H95: =Source!AV45 -> 1 | I95: =Source!S44 -> 16.07 | J95: =IF(Source!BA45<> 0, Source!BA45, 1) -> 34.51 | K95: =Source!S45 -> 554.58
C96: ЭМ | F96: =Source!AM44 -> 0.05 | G96: =Source!DE44 | H96: =Source!AV45 -> 1 | I96: =Source!Q44 -> 0.05 | J96: =IF(Source!BB45<> 0, Source!BB45, 1) -> 14.4 | K96: =Source!Q45 -> 0.72
C97: в т.ч. ЗПМ | F97: =Source!AN44 -> 0.01 | G97: =Source!DF44 | H97: =Source!AV45 -> 1 | I97: =Source!R44 -> 0.01 | J97: =IF(Source!BS45<> 0, Source!BS45, 1) -> 34.51 | K97: =Source!R45 -> 0.35
C98: МР | F98: =Source!AL44 -> 1.96 | G98: =Source!DD44 | H98: =Source!AW45 -> 1 | I98: =Source!P44 -> 1.96 | J98: =IF(Source!BC45<> 0, Source!BC45, 1) -> 9.74 | K98: =Source!P45 -> 19.09
C99: НР от ЗП | D99: % | E99: =Source!DN45 -> 114 | I99: =SUM(Q94:Q98) -> 18.32 | J99: =Source!BZ45 -> 79 | K99: =SUM(R94:R98) -> 438.12
C100: СП от ЗП | D100: % | E100: =Source!DO45 -> 67 | I100: =SUM(S94:S99) -> 10.77 | J100: =Source!CA45 -> 41 | K100: =SUM(T94:T99) -> 227.38
C101: НР и СП от ЗПМ | D101: % | E101: =175 -> 175 | I101: =SUM(U94:U100) -> 0.02 | J101: =160 -> 160 | K101: =SUM(V94:V100) -> 0.56
C102: ЗТР | D102: чел-ч | E102: =Source!AQ44 -> 1.2 | G102: =Source!DI44 | H102: =Source!AV45 -> 1 | I102: =Source!U44 -> 1.2
C103: ВСЕГО работ по позиции: | H103: =I95+I96+I98+I99+I100+I101+0-0-0 -> 47.19 | J103: =K95+K96+K98+K99+K100+K101+0-0-0 -> 1240.45
C104: ВСЕГО оборудование по позиции: | H104: =0+0 -> 0 | J104: =0+0 -> 0
C105: ВСЕГО по позиции: | H105: =I95+I96+I98+I99+I100+I101+0 -> 47.19 | J105: =K95+K96+K98+K99+K100+K101+0 -> 1240.45 | O105: =I95+I96+I98+I99+I100+I101+0 -> 47.19 | P105: =K95+K96+K98+K99+K100+K101+0 -> 1240.45
A107: 9 | B107: =Source!F46 -> УПД | C107: ОБОРУДОВАНИЕ:_x000D_ Блок индикации и управления, R3-Рубеж-БИУ 3 259,91 = [26 683,2 / 1,2 / 7,11] + 1,2% Трансп + 3% Заг.скл | D107: =Source!H46 -> шт. | E107: =Source!I46 -> 1 | F107: =Source!AL46 -> 3259.91 | G107: =Source!DD46 | H107: =Source!AW47 -> 1 | I107: =Source!P46 -> 3259.91 | J107: =IF(Source!BC47<> 0, Source!BC47, 1) -> 7.11 | K107: =Source!P47 -> 23177.96 | Q107: =Source!X46 -> 0 | R107: =Source!X47 -> 0 | S107: =Source!Y46 -> 0 | T107: =Source!Y47 -> 0 | U107: =ROUND((175/100)*ROUND(Source!R46, 2), 2) -> 0 | V107: =ROUND((160/100)*ROUND(Source!R47, 2), 2) -> 0 | AC107: 5
C108: ВСЕГО по позиции: | H108: =I107+0 -> 3259.91 | J108: =K107+0 -> 23177.96 | O108: =I107+0 -> 3259.91 | P108: =K107+0 -> 23177.96
A110: 10 | B110: =Source!F50 -> 4.10-19-6 | C110: Монтаж отдельно устанавливаемого преобразователя или блока питания | D110: =Source!H50 -> 1 ШТ. | E110: =Source!I50 -> 2 | Q110: =Source!X50 -> 308.3 | R110: =Source!X51 -> 7372.98 | S110: =Source!Y50 -> 181.19 | T110: =Source!Y51 -> 3826.48 | U110: =ROUND((175/100)*ROUND(Source!R50, 2), 2) -> 17.68 | V110: =ROUND((160/100)*ROUND(Source!R51, 2), 2) -> 557.68 | AC110: 0
C111: ЗП | F111: =Source!AO50 -> 135.22 | G111: =Source!DG50 | H111: =Source!AV51 -> 1 | I111: =Source!S50 -> 270.44 | J111: =IF(Source!BA51<> 0, Source!BA51, 1) -> 34.51 | K111: =Source!S51 -> 9332.88
C112: ЭМ | F112: =Source!AM50 -> 45.93 | G112: =Source!DE50 | H112: =Source!AV51 -> 1 | I112: =Source!Q50 -> 91.86 | J112: =IF(Source!BB51<> 0, Source!BB51, 1) -> 12.62 | K112: =Source!Q51 -> 1159.27
C113: в т.ч. ЗПМ | F113: =Source!AN50 -> 5.05 | G113: =Source!DF50 | H113: =Source!AV51 -> 1 | I113: =Source!R50 -> 10.1 | J113: =IF(Source!BS51<> 0, Source!BS51, 1) -> 34.51 | K113: =Source!R51 -> 348.55
C114: МР | F114: =Source!AL50 -> 55.8 | G114: =Source!DD50 | H114: =Source!AW51 -> 1 | I114: =Source!P50 -> 111.6 | J114: =IF(Source!BC51<> 0, Source!BC51, 1) -> 10.37 | K114: =Source!P51 -> 1157.29
C115: НР от ЗП | D115: % | E115: =Source!DN51 -> 114 | I115: =SUM(Q110:Q114) -> 308.3 | J115: =Source!BZ51 -> 79 | K115: =SUM(R110:R114) -> 7372.98
C116: СП от ЗП | D116: % | E116: =Source!DO51 -> 67 | I116: =SUM(S110:S115) -> 181.19 | J116: =Source!CA51 -> 41 | K116: =SUM(T110:T115) -> 3826.48
C117: НР и СП от ЗПМ | D117: % | E117: =175 -> 175 | I117: =SUM(U110:U116) -> 17.68 | J117: =160 -> 160 | K117: =SUM(V110:V116) -> 557.68
C118: ЗТР | D118: чел-ч | E118: =Source!AQ50 -> 9.3 | G118: =Source!DI50 | H118: =Source!AV51 -> 1 | I118: =Source!U50 -> 18.6
C119: ВСЕГО работ по позиции: | H119: =I111+I112+I114+I115+I116+I117+0-0-0 -> 981.07 | J119: =K111+K112+K114+K115+K116+K117+0-0-0 -> 23406.58
...

Sheet 2. СОУЭ
A1: =Source!B1 -> Smeta.RU (495) 974-1589
J2: Форма № 4б
B3: "СОГЛАСОВАНО" | G3: "УТВЕРЖДАЮ"
B6: =CONCATENATE("______________________ ", IF(Source!AL12<>"", Source!AL12, "")) -> ______________________ | G6: =CONCATENATE("______________________ ", IF(Source!AH12<>"", Source!AH12, "")) -> ______________________
B7: "_____"________________ 2024 г. | G7: "_____"________________ 2024 г.
A10: на выполнение работ по замене СПС, СОУЭ и АГПТ
A11: (наименование стройки и/или объекта)
A13: =CONCATENATE( "ЛОКАЛЬНАЯ СМЕТА № ",IF(Source!F194<>"Новая локальная смета", Source!F194, "")) -> ЛОКАЛЬНАЯ СМЕТА № 2.
A15: =IF(Source!G194<>"Новая локальная смета", Source!G194, "") -> СОУЭ
A16: (наименование работ и затрат)
A18: =CONCATENATE( "Основание: чертежи № ", Source!J194) -> Основание: чертежи №
I20: В базисном уровне цен | J20: В текущем уровне цен
E21: Сметная стоимость | I21: =I22+I23+I24+I25 -> 151646.66 | J21: =J22+J23+J24+J25 -> 1745511.1 | K21: руб.
E22: Строительные работы | I22: =ROUND((Source!F354), 2) -> 6932.92 | J22: =ROUND((Source!P354), 2) -> 110977.53 | K22: руб.
E23: Работы по монтажу оборудования | I23: =ROUND((Source!F355), 2) -> 56565.12 | J23: =ROUND((Source!P355), 2) -> 959640.64 | K23: руб.
E24: Оборудование | I24: =ROUND((Source!F346), 2) -> 86018.83 | J24: =ROUND((Source!P346), 2) -> 611593.89 | K24: руб.
E25: Прочие работы и затраты | I25: =ROUND((Source!F356+Source!F357), 2) -> 2129.79 | J25: =ROUND((Source!P356+Source!P357), 2) -> 63299.03 | K25: руб.
E26: Средства на оплату труда | I26: =(Source!F352+ Source!F351) -> 10251.37 | J26: =((Source!P352 + Source!P351)) -> 353774.78 | K26: руб.
E27: Затраты труда | I27: =Source!F359 -> 693.57918 | K27: чел.-ч.
E28: Кроме того:
E29: Возврат материалов | I29: =SUM(Y35:Y318) -> 0 | J29: =SUM(Z35:Z318) -> 0 | K29: руб.
A31: Составлен(а) по ТСН-2001 с учетом Дополнения №: 72
A32: № и период сборника коэффициентов (индексов) пересчета: Индексы ТСН-2001 МГЭ ремонт №212 июль 2024 года | AP32: № и период сборника коэффициентов (индексов) пересчета: Индексы ТСН-2001 МГЭ ремонт №212 июль 2024 года
A33: № п/п | B33: Шифр расценки и коды ресурсов | C33: Наименование работ и затрат | D33: Ед. изм. | E33: Кол-во единиц | F33: Цена на ед. изм., руб. | G33: Попра- вочные коэффи- циенты | H33: Коэффи- циенты зимних удорожа- ний | I33: Всего в ценах на январь 2000 года, руб. | J33: Коэффи- циенты (индек- сы) пере- счета, нормы НР и СП | K33: ВСЕГО затрат в текущем уровне цен, руб.
A34: 1 | B34: 2 | C34: 3 | D34: 4 | E34: 5 | F34: 6 | G34: 7 | H34: 8 | I34: 9 | J34: 10 | K34: 11
A36: =CONCATENATE("Раздел: ",IF(Source!G198<>"Новый раздел", Source!G198, "")) -> Раздел: 1. СОУЭ
A37: 1 | B37: =Source!F202 -> 4.10-76-7 | C37: Монтаж громкоговорителя или звуковой колонки в помещении | D37: =Source!H202 -> 1 ШТ. | E37: =Source!I202 -> 70 | Q37: =Source!X202 -> 1897.64 | R37: =Source!X203 -> 45381.83 | S37: =Source!Y202 -> 1115.28 | T37: =Source!Y203 -> 23552.59 | U37: =ROUND((175/100)*ROUND(Source!R202, 2), 2) -> 0 | V37: =ROUND((160/100)*ROUND(Source!R203, 2), 2) -> 0 | AC37: 0
C38: ЗП | F38: =Source!AO202 -> 23.78 | G38: =Source!DG202 | H38: =Source!AV203 -> 1 | I38: =Source!S202 -> 1664.6 | J38: =IF(Source!BA203<> 0, Source!BA203, 1) -> 34.51 | K38: =Source!S203 -> 57445.35
C39: МР | F39: =Source!AL202 -> 24.46 | G39: =Source!DD202 | H39: =Source!AW203 -> 1 | I39: =Source!P202 -> 1712.2 | J39: =IF(Source!BC203<> 0, Source!BC203, 1) -> 10.67 | K39: =Source!P203 -> 18269.17
C40: НР от ЗП | D40: % | E40: =Source!DN203 -> 114 | I40: =SUM(Q37:Q39) -> 1897.64 | J40: =Source!BZ203 -> 79 | K40: =SUM(R37:R39) -> 45381.83
C41: СП от ЗП | D41: % | E41: =Source!DO203 -> 67 | I41: =SUM(S37:S40) -> 1115.28 | J41: =Source!CA203 -> 41 | K41: =SUM(T37:T40) -> 23552.59
C42: ЗТР | D42: чел-ч | E42: =Source!AQ202 -> 2 | G42: =Source!DI202 | H42: =Source!AV203 -> 1 | I42: =Source!U202 -> 140
C43: ВСЕГО работ по позиции: | H43: =I38+I39+I40+I41+0-0-0 -> 6389.72 | J43: =K38+K39+K40+K41+0-0-0 -> 144648.94
C44: ВСЕГО оборудование по позиции: | H44: =0+0 -> 0 | J44: =0+0 -> 0
C45: ВСЕГО по позиции: | H45: =I38+I39+I40+I41+0 -> 6389.72 | J45: =K38+K39+K40+K41+0 -> 144648.94 | O45: =I38+I39+I40+I41+0 -> 6389.72 | P45: =K38+K39+K40+K41+0 -> 144648.94
A47: 2 | B47: =Source!F204 -> УПД | C47: ОБОРУДОВАНИЕ:_x000D_ Динамик, Sonar SWS-103W 601,37 = [4 922,4 / 1,2 / 7,11] + 1,2% Трансп + 3% Заг.скл | D47: =Source!H204 -> шт. | E47: =Source!I204 -> 70 | F47: =Source!AL204 -> 601.37 | G47: =Source!DD204 | H47: =Source!AW205 -> 1 | I47: =Source!P204 -> 42095.9 | J47: =IF(Source!BC205<> 0, Source!BC205, 1) -> 7.11 | K47: =Source!P205 -> 299301.85 | Q47: =Source!X204 -> 0 | R47: =Source!X205 -> 0 | S47: =Source!Y204 -> 0 | T47: =Source!Y205 -> 0 | U47: =ROUND((175/100)*ROUND(Source!R204, 2), 2) -> 0 | V47: =ROUND((160/100)*ROUND(Source!R205, 2), 2) -> 0 | AC47: 5
C48: ВСЕГО по позиции: | H48: =I47+0 -> 42095.9 | J48: =K47+0 -> 299301.85 | O48: =I47+0 -> 42095.9 | P48: =K47+0 -> 299301.85
A50: 3 | B50: =Source!F208 -> 4.10-176-1 | C50: Монтаж блока контроля датчиков (контроллер) | D50: =Source!H208 -> 10 шт. | E50: =Source!I208 -> 0.1 | Q50: =Source!X208 -> 53.68 | R50: =Source!X209 -> 1283.81 | S50: =Source!Y208 -> 31.55 | T50: =Source!Y209 -> 666.28 | U50: =ROUND((175/100)*ROUND(Source!R208, 2), 2) -> 0.02 | V50: =ROUND((160/100)*ROUND(Source!R209, 2), 2) -> 0.56 | AC50: 0
C51: ="Объем: "&Source!I208&"=1/"&"10" -> Объем: 0,1=1/10
C52: ЗП | F52: =Source!AO208 -> 470.94 | G52: =Source!DG208 | H52: =Source!AV209 -> 1 | I52: =Source!S208 -> 47.09 | J52: =IF(Source!BA209<> 0, Source!BA209, 1) -> 34.51 | K52: =Source!S209 -> 1625.08
C53: ЭМ | F53: =Source!AM208 -> 1.11 | G53: =Source!DE208 | H53: =Source!AV209 -> 1 | I53: =Source!Q208 -> 0.11 | J53: =IF(Source!BB209<> 0, Source!BB209, 1) -> 11.81 | K53: =Source!Q209 -> 1.3
C54: в т.ч. ЗПМ | F54: =Source!AN208 -> 0.13 | G54: =Source!DF208 | H54: =Source!AV209 -> 1 | I54: =Source!R208 -> 0.01 | J54: =IF(Source!BS209<> 0, Source!BS209, 1) -> 34.51 | K54: =Source!R209 -> 0.35
C55: МР | F55: =Source!AL208 -> 1.29 | G55: =Source!DD208 | H55: =Source!AW209 -> 1 | I55: =Source!P208 -> 0.13 | J55: =IF(Source!BC209<> 0, Source!BC209, 1) -> 7.24 | K55: =Source!P209 -> 0.94
C56: НР от ЗП | D56: % | E56: =Source!DN209 -> 114 | I56: =SUM(Q50:Q55) -> 53.68 | J56: =Source!BZ209 -> 79 | K56: =SUM(R50:R55) -> 1283.81
C57: СП от ЗП | D57: % | E57: =Source!DO209 -> 67 | I57: =SUM(S50:S56) -> 31.55 | J57: =Source!CA209 -> 41 | K57: =SUM(T50:T56) -> 666.28
C58: НР и СП от ЗПМ | D58: % | E58: =175 -> 175 | I58: =SUM(U50:U57) -> 0.02 | J58: =160 -> 160 | K58: =SUM(V50:V57) -> 0.56
C59: ЗТР | D59: чел-ч | E59: =Source!AQ208 -> 29.96 | G59: =Source!DI208 | H59: =Source!AV209 -> 1 | I59: =Source!U208 -> 2.996
C60: ВСЕГО работ по позиции: | H60: =I52+I53+I55+I56+I57+I58+0-0-0 -> 132.58 | J60: =K52+K53+K55+K56+K57+K58+0-0-0 -> 3577.97
C61: ВСЕГО оборудование по позиции: | H61: =0+0 -> 0 | J61: =0+0 -> 0
C62: ВСЕГО по позиции: | H62: =I52+I53+I55+I56+I57+I58+0 -> 132.58 | J62: =K52+K53+K55+K56+K57+K58+0 -> 3577.97 | O62: =I52+I53+I55+I56+I57+I58+0 -> 132.58 | P62: =K52+K53+K55+K56+K57+K58+0 -> 3577.97
A64: 4 | B64: =Source!F210 -> УПД | C64: ОБОРУДОВАНИЕ:_x000D_ Прибор управления оповещением пожарный, SPM-B10025-AW 24 213,98 = [198 198 / 1,2 / 7,11] + 1,2% Трансп + 3% Заг.скл | D64: =Source!H210 -> шт. | E64: =Source!I210 -> 1 | F64: =Source!AL210 -> 24213.98 | G64: =Source!DD210 | H64: =Source!AW211 -> 1 | I64: =Source!P210 -> 24213.98 | J64: =IF(Source!BC211<> 0, Source!BC211, 1) -> 7.11 | K64: =Source!P211 -> 172161.4 | Q64: =Source!X210 -> 0 | R64: =Source!X211 -> 0 | S64: =Source!Y210 -> 0 | T64: =Source!Y211 -> 0 | U64: =ROUND((175/100)*ROUND(Source!R210, 2), 2) -> 0 | V64: =ROUND((160/100)*ROUND(Source!R211, 2), 2) -> 0 | AC64: 5
C65: ВСЕГО по позиции: | H65: =I64+0 -> 24213.98 | J65: =K64+0 -> 172161.4 | O65: =I64+0 -> 24213.98 | P65: =K64+0 -> 172161.4
A67: 5 | B67: =Source!F212 -> 4.10-145-14 | C67: Настройка синхронных цифровых систем передачи, настройка системы контроля и управления, установка операционной системы, программного обеспечения | D67: =Source!H212 -> 1 рабочая секция | E67: =Source!I212 -> 1 | Q67: =Source!X212 -> 3223.41 | R67: =Source!X213 -> 77087.21 | S67: =Source!Y212 -> 1894.46 | T67: =Source!Y213 -> 40007.29 | U67: =ROUND((175/100)*ROUND(Source!R212, 2), 2) -> 0 | V67: =ROUND((160/100)*ROUND(Source!R213, 2), 2) -> 0 | AC67: 0
C68: ЗП | F68: =Source!AO212 -> 2827.55 | G68: =Source!DG212 | H68: =Source!AV213 -> 1 | I68: =Source!S212 -> 2827.55 | J68: =IF(Source!BA213<> 0, Source!BA213, 1) -> 34.51 | K68: =Source!S213 -> 97578.75
C69: НР от ЗП | D69: % | E69: =Source!DN213 -> 114 | I69: =SUM(Q67:Q68) -> 3223.41 | J69: =Source!BZ213 -> 79 | K69: =SUM(R67:R68) -> 77087.21
C70: СП от ЗП | D70: % | E70: =Source!DO213 -> 67 | I70: =SUM(S67:S69) -> 1894.46 | J70: =Source!CA213 -> 41 | K70: =SUM(T67:T69) -> 40007.29
C71: ЗТР | D71: чел-ч | E71: =Source!AQ212 -> 145.6 | G71: =Source!DI212 | H71: =Source!AV213 -> 1 | I71: =Source!U212 -> 145.6
C72: ВСЕГО работ по позиции: | H72: =I68+I69+I70+0-0-0 -> 7945.42 | J72: =K68+K69+K70+0-0-0 -> 214673.25
C73: ВСЕГО оборудование по позиции: | H73: =0+0 -> 0 | J73: =0+0 -> 0
C74: ВСЕГО по позиции: | H74: =I68+I69+I70+0 -> 7945.42 | J74: =K68+K69+K70+0 -> 214673.25 | O74: =I68+I69+I70+0 -> 7945.42 | P74: =K68+K69+K70+0 -> 214673.25
A76: 6 | B76: =Source!F214 -> 4.11-12-1 | C76: Установка съемных и выдвижных блоков (модулей, ячеек, ТЭЗ) массой до 5 кг | D76: =Source!H214 -> 1 ШТ. | E76: =Source!I214 -> 3 | Q76: =Source!X214 -> 39.84 | R76: =Source!X215 -> 952.83 | S76: =Source!Y214 -> 23.42 | T76: =Source!Y215 -> 494.51 | U76: =ROUND((175/100)*ROUND(Source!R214, 2), 2) -> 0.42 | V76: =ROUND((160/100)*ROUND(Source!R215, 2), 2) -> 13.25 | AC76: 0
C77: ЗП | F77: =Source!AO214 -> 11.65 | G77: =Source!DG214 | H77: =Source!AV215 -> 1 | I77: =Source!S214 -> 34.95 | J77: =IF(Source!BA215<> 0, Source!BA215, 1) -> 34.51 | K77: =Source!S215 -> 1206.12
C78: ЭМ | F78: =Source!AM214 -> 0.5 | G78: =Source!DE214 | H78: =Source!AV215 -> 1 | I78: =Source!Q214 -> 1.5 | J78: =IF(Source!BB215<> 0, Source!BB215, 1) -> 12.82 | K78: =Source!Q215 -> 19.23
C79: в т.ч. ЗПМ | F79: =Source!AN214 -> 0.08 | G79: =Source!DF214 | H79: =Source!AV215 -> 1 | I79: =Source!R214 -> 0.24 | J79: =IF(Source!BS215<> 0, Source!BS215, 1) -> 34.51 | K79: =Source!R215 -> 8.28
C80: НР от ЗП | D80: % | E80: =Source!DN215 -> 114 | I80: =SUM(Q76:Q79) -> 39.84 | J80: =Source!BZ215 -> 79 | K80: =SUM(R76:R79) -> 952.83
C81: СП от ЗП | D81: % | E81: =Source!DO215 -> 67 | I81: =SUM(S76:S80) -> 23.42 | J81: =Source!CA215 -> 41 | K81: =SUM(T76:T80) -> 494.51
C82: НР и СП от ЗПМ | D82: % | E82: =175 -> 175 | I82: =SUM(U76:U81) -> 0.42 | J82: =160 -> 160 | K82: =SUM(V76:V81) -> 13.25
C83: ЗТР | D83: чел-ч | E83: =Source!AQ214 -> 1.03 | G83: =Source!DI214 | H83: =Source!AV215 -> 1 | I83: =Source!U214 -> 3.09
C84: ВСЕГО работ по позиции: | H84: =I77+I78+I80+I81+I82+0-0-0 -> 100.13 | J84: =K77+K78+K80+K81+K82+0-0-0 -> 2685.94
C85: ВСЕГО оборудование по позиции: | H85: =0+0 -> 0 | J85: =0+0 -> 0
C86: ВСЕГО по позиции: | H86: =I77+I78+I80+I81+I82+0 -> 100.13 | J86: =K77+K78+K80+K81+K82+0 -> 2685.94 | O86: =I77+I78+I80+I81+I82+0 -> 100.13 | P86: =K77+K78+K80+K81+K82+0 -> 2685.94
A88: 7 | B88: =Source!F216 -> УПД | C88: ОБОРУДОВАНИЕ:_x000D_ Микрофонная панель, SRM-7010 5 765,23 = [47 190 / 1,2 / 7,11] + 1,2% Трансп + 3% Заг.скл | D88: =Source!H216 -> шт. | E88: =Source!I216 -> 1 | F88: =Source!AL216 -> 5765.23 | G88: =Source!DD216 | H88: =Source!AW217 -> 1 | I88: =Source!P216 -> 5765.23 | J88: =IF(Source!BC217<> 0, Source!BC217, 1) -> 7.11 | K88: =Source!P217 -> 40990.79 | Q88: =Source!X216 -> 0 | R88: =Source!X217 -> 0 | S88: =Source!Y216 -> 0 | T88: =Source!Y217 -> 0 | U88: =ROUND((175/100)*ROUND(Source!R216, 2), 2) -> 0 | V88: =ROUND((160/100)*ROUND(Source!R217, 2), 2) -> 0 | AC88: 5
C89: ВСЕГО по позиции: | H89: =I88+0 -> 5765.23 | J89: =K88+0 -> 40990.79 | O89: =I88+0 -> 5765.23 | P89: =K88+0 -> 40990.79
A91: 8 | B91: =Source!F218 -> УПД | C91: Бокс резервного питания, Sonar SPM-Box 658,92 = [7 550,4 / 1,2 / 9,74] + 2% Трансп | D91: =Source!H218 -> шт. | E91: =Source!I218 -> 1 | F91: =Source!AL218 -> 658.92 | G91: =Source!DD218 | H91: =Source!AW219 -> 1 | I91: =Source!P218 -> 658.92 | J91: =IF(Source!BC219<> 0, Source!BC219, 1) -> 9.74 | K91: =Source!P219 -> 6417.88 | Q91: =Source!X218 -> 0 | R91: =Source!X219 -> 0 | S91: =Source!Y218 -> 0 | T91: =Source!Y219 -> 0 | U91: =ROUND((175/100)*ROUND(Source!R218, 2), 2) -> 0 | V91: =ROUND((160/100)*ROUND(Source!R219, 2), 2) -> 0 | AC91: 3
C92: ВСЕГО по позиции: | H92: =I91+0 -> 658.92 | J92: =K91+0 -> 6417.88 | O92: =I91+0 -> 658.92 | P92: =K91+0 -> 6417.88
A94: 9 | B94: =Source!F220 -> УПД | C94: Защитный кожух для SPM, SPM-Cover 609,59 = [6 985,2 / 1,2 / 9,74] + 2% Трансп | D94: =Source!H220 -> шт. | E94: =Source!I220 -> 1 | F94: =Source!AL220 -> 609.59 | G94: =Source!DD220 | H94: =Source!AW221 -> 1 | I94: =Source!P220 -> 609.59 | J94: =IF(Source!BC221<> 0, Source!BC221, 1) -> 9.74 | K94: =Source!P221 -> 5937.41 | Q94: =Source!X220 -> 0 | R94: =Source!X221 -> 0 | S94: =Source!Y220 -> 0 | T94: =Source!Y221 -> 0 | U94: =ROUND((175/100)*ROUND(Source!R220, 2), 2) -> 0 | V94: =ROUND((160/100)*ROUND(Source!R221, 2), 2) -> 0 | AC94: 3
C95: ВСЕГО по позиции: | H95: =I94+0 -> 609.59 | J95: =K94+0 -> 5937.41 | O95: =I94+0 -> 609.59 | P95: =K94+0 -> 5937.41
A97: 10 | B97: =Source!F224 -> УПД | C97: Аккумулятор 12 В, 40 Ач, 924,18 = [10 590 / 1,2 / 9,74] + 2% Трансп | D97: =Source!H224 -> шт. | E97: =Source!I224 -> 2 | F97: =Source!AL224 -> 924.18 | G97: =Source!DD224 | H97: =Source!AW225 -> 1 | I97: =Source!P224 -> 1848.36 | J97: =IF(Source!BC225<> 0, Source!BC225, 1) -> 9.74 | K97: =Source!P225 -> 18003.03 | Q97: =Source!X224 -> 0 | R97: =Source!X225 -> 0 | S97: =Source!Y224 -> 0 | T97: =Source!Y225 -> 0 | U97: =ROUND((175/100)*ROUND(Source!R224, 2), 2) -> 0 | V97: =ROUND((160/100)*ROUND(Source!R225, 2), 2) -> 0 | AC97: 3
C98: ВСЕГО по позиции: | H98: =I97+0 -> 1848.36 | J98: =K97+0 -> 18003.03 | O98: =I97+0 -> 1848.36 | P98: =K97+0 -> 18003.03
A100: 11 | B100: =Source!F226 -> 4.10-76-15 | C100: Монтаж транспаранта светового (табло) | D100: =Source!H226 -> 1 ШТ. | E100: =Source!I226 -> 24 | Q100: =Source!X226 -> 690.57 | R100: =Source!X227 -> 16514.78 | S100: =Source!Y226 -> 405.86 | T100: =Source!Y227 -> 8570.96 | U100: =ROUND((175/100)*ROUND(Source!R226, 2), 2) -> 0 | V100: =ROUND((160/100)*ROUND(Source!R227, 2), 2) -> 0 | AC100: 0
C101: ЗП | F101: =Source!AO226 -> 25.24 | G101: =Source!DG226 | H101: =Source!AV227 -> 1 | I101: =Source!S226 -> 605.76 | J101: =IF(Source!BA227<> 0, Source!BA227, 1) -> 34.51 | K101: =Source!S227 -> 20904.78
C102: МР | F102: =Source!AL226 -> 7.72 | G102: =Source!DD226 | H102: =Source!AW227 -> 1 | I102: =Source!P226 -> 185.28 | J102: =IF(Source!BC227<> 0, Source!BC227, 1) -> 7.17 | K102: =Source!P227 -> 1328.46
C103: НР от ЗП | D103: % | E103: =Source!DN227 -> 114 | I103: =SUM(Q100:Q102) -> 690.57 | J103: =Source!BZ227 -> 79 | K103: =SUM(R100:R102) -> 16514.78
C104: СП от ЗП | D104: % | E104: =Source!DO227 -> 67 | I104: =SUM(S100:S103) -> 405.86 | J104: =Source!CA227 -> 41 | K104: =SUM(T100:T103) -> 8570.96
C105: ЗТР | D105: чел-ч | E105: =Source!AQ226 -> 2 | G105: =Source!DI226 | H105: =Source!AV227 -> 1 | I105: =Source!U226 -> 48
C106: ВСЕГО работ по позиции: | H106: =I101+I102+I103+I104+0-0-0 -> 1887.47 | J106: =K101+K102+K103+K104+0-0-0 -> 47318.98
C107: ВСЕГО оборудование по позиции: | H107: =0+0 -> 0 | J107: =0+0 -> 0
C108: ВСЕГО по позиции: | H108: =I101+I102+I103+I104+0 -> 1887.47 | J108: =K101+K102+K103+K104+0 -> 47318.98 | O108: =I101+I102+I103+I104+0 -> 1887.47 | P108: =K101+K102+K103+K104+0 -> 47318.98
A110: 12 | B110: =Source!F228 -> УПД | C110: Оповещатель световой адресный, ОПОП 1-R3 168,92 = [1 935,6 / 1,2 / 9,74] + 2% Трансп | D110: =Source!H228 -> шт. | E110: =Source!I228 -> 24 | F110: =Source!AL228 -> 168.92 | G110: =Source!DD228 | H110: =Source!AW229 -> 1 | I110: =Source!P228 -> 4054.08 | J110: =IF(Source!BC229<> 0, Source!BC229, 1) -> 9.74 | K110: =Source!P229 -> 39486.74 | Q110: =Source!X228 -> 0 | R110: =Source!X229 -> 0 | S110: =Source!Y228 -> 0 | T110: =Source!Y229 -> 0 | U110: =ROUND((175/100)*ROUND(Source!R228, 2), 2) -> 0 | V110: =ROUND((160/100)*ROUND(Source!R229, 2), 2) -> 0 | AC110: 3
C111: ВСЕГО по позиции: | H111: =I110+0 -> 4054.08 | J111: =K110+0 -> 39486.74 | O111: =I110+0 -> 4054.08 | P111: =K110+0 -> 39486.74
A113: 13 | B113: =Source!F232 -> 4.10-80-12 | C113: Аппараты приемные, устройства промежуточные на 5 лучей | D113: =Source!H232 -> 1 ШТ. | E113: =Source!I232 -> 1 | Q113: =Source!X232 -> 37.13 | R113: =Source!X233 -> 887.95 | S113: =Source!Y232 -> 21.82 | T113: =Source!Y233 -> 460.84 | U113: =ROUND((175/100)*ROUND(Source!R232, 2), 2) -> 0.02 | V113: =ROUND((160/100)*ROUND(Source!R233, 2), 2) -> 0.56 | AC113: 0
C114: ЗП | F114: =Source!AO232 -> 32.57 | G114: =Source!DG232 | H114: =Source!AV233 -> 1 | I114: =Source!S232 -> 32.57 | J114: =IF(Source!BA233<> 0, Source!BA233, 1) -> 34.51 | K114: =Source!S233 -> 1123.99
C115: ЭМ | F115: =Source!AM232 -> 0.05 | G115: =Source!DE232 | H115: =Source!AV233 -> 1 | I115: =Source!Q232 -> 0.05 | J115: =IF(Source!BB233<> 0, Source!BB233, 1) -> 14.4 | K115: =Source!Q233 -> 0.72
C116: в т.ч. ЗПМ | F116: =Source!AN232 -> 0.01 | G116: =Source!DF232 | H116: =Source!AV233 -> 1 | I116: =Source!R232 -> 0.01 | J116: =IF(Source!BS233<> 0, Source!BS233, 1) -> 34.51 | K116: =Source!R233 -> 0.35
C117: МР | F117: =Source!AL232 -> 3.71 | G117: =Source!DD232 | H117: =Source!AW233 -> 1 | I117: =Source!P232 -> 3.71 | J117: =IF(Source!BC233<> 0, Source!BC233, 1) -> 9.74 | K117: =Source!P233 -> 36.14
C118: НР от ЗП | D118: % | E118: =Source!DN233 -> 114 | I118: =SUM(Q113:Q117) -> 37.13 | J118: =Source!BZ233 -> 79 | K118: =SUM(R113:R117) -> 887.95
C119: СП от ЗП | D119: % | E119: =Source!DO233 -> 67 | I119: =SUM(S113:S118) -> 21.82 | J119: =Source!CA233 -> 41 | K119: =SUM(T113:T118) -> 460.84
C120: НР и СП от ЗПМ | D120: % | E120: =175 -> 175 | I120: =SUM(U113:U119) -> 0.02 | J120: =160 -> 160 | K120: =SUM(V113:V119) -> 0.56
C121: ЗТР | D121: чел-ч | E121: =Source!AQ232 -> 2.4 | G121: =Source!DI232 | H121: =Source!AV233 -> 1 | I121: =Source!U232 -> 2.4
C122: ВСЕГО работ по позиции: | H122: =I114+I115+I117+I118+I119+I120+0-0-0 -> 95.3 | J122: =K114+K115+K117+K118+K119+K120+0-0-0 -> 2510.2
...

Sheet 3. АПТ
A1: =Source!B1 -> Smeta.RU (495) 974-1589
J2: Форма № 4б
B3: "СОГЛАСОВАНО" | G3: "УТВЕРЖДАЮ"
B6: =CONCATENATE("______________________ ", IF(Source!AL12<>"", Source!AL12, "")) -> ______________________ | G6: =CONCATENATE("______________________ ", IF(Source!AH12<>"", Source!AH12, "")) -> ______________________
B7: "_____"________________ 2024 г. | G7: "_____"________________ 2024 г.
A10: на выполнение работ по замене СПС, СОУЭ и АГПТ
A11: (наименование стройки и/или объекта)
A13: =CONCATENATE( "ЛОКАЛЬНАЯ СМЕТА № ",IF(Source!F370<>"Новая локальная смета", Source!F370, "")) -> ЛОКАЛЬНАЯ СМЕТА № 3.
A15: =IF(Source!G370<>"Новая локальная смета", Source!G370, "") -> АПТ
A16: (наименование работ и затрат)
A18: =CONCATENATE( "Основание: чертежи № ", Source!J370) -> Основание: чертежи №
I20: В базисном уровне цен | J20: В текущем уровне цен
E21: Сметная стоимость | I21: =I22+I23+I24+I25 -> 116340.55 | J21: =J22+J23+J24+J25 -> 1171035.1 | K21: руб.
E22: Строительные работы | I22: =ROUND((Source!F564), 2) -> 7501.6 | J22: =ROUND((Source!P564), 2) -> 94304.84 | K22: руб.
E23: Работы по монтажу оборудования | I23: =ROUND((Source!F565), 2) -> 18914.6 | J23: =ROUND((Source!P565), 2) -> 389211.88 | K23: руб.
E24: Оборудование | I24: =ROUND((Source!F556), 2) -> 87794.56 | J24: =ROUND((Source!P556), 2) -> 624219.32 | K24: руб.
E25: Прочие работы и затраты | I25: =ROUND((Source!F566+Source!F567), 2) -> 2129.79 | J25: =ROUND((Source!P566+Source!P567), 2) -> 63299.03 | K25: руб.
E26: Средства на оплату труда | I26: =(Source!F562+ Source!F561) -> 5692.66 | J26: =((Source!P562 + Source!P561)) -> 196453.71 | K26: руб.
E27: Затраты труда | I27: =Source!F569 -> 344.4259 | K27: чел.-ч.
E28: Кроме того:
E29: Возврат материалов | I29: =SUM(Y35:Y386) -> 0 | J29: =SUM(Z35:Z386) -> 0 | K29: руб.
A31: Составлен(а) по ТСН-2001 с учетом Дополнения №: 72
A32: № и период сборника коэффициентов (индексов) пересчета: Индексы ТСН-2001 МГЭ ремонт №212 июль 2024 года | AP32: № и период сборника коэффициентов (индексов) пересчета: Индексы ТСН-2001 МГЭ ремонт №212 июль 2024 года
A33: № п/п | B33: Шифр расценки и коды ресурсов | C33: Наименование работ и затрат | D33: Ед. изм. | E33: Кол-во единиц | F33: Цена на ед. изм., руб. | G33: Попра- вочные коэффи- циенты | H33: Коэффи- циенты зимних удорожа- ний | I33: Всего в ценах на январь 2000 года, руб. | J33: Коэффи- циенты (индек- сы) пере- счета, нормы НР и СП | K33: ВСЕГО затрат в текущем уровне цен, руб.
A34: 1 | B34: 2 | C34: 3 | D34: 4 | E34: 5 | F34: 6 | G34: 7 | H34: 8 | I34: 9 | J34: 10 | K34: 11
A36: =CONCATENATE("Раздел: ",IF(Source!G374<>"Новый раздел", Source!G374, "")) -> Раздел: 1. АПТ
A37: 1 | B37: =Source!F378 -> 4.10-176-1 | C37: Монтаж блока контроля датчиков (контроллер) | D37: =Source!H378 -> 10 шт. | E37: =Source!I378 -> 0.1 | Q37: =Source!X378 -> 53.68 | R37: =Source!X379 -> 1283.81 | S37: =Source!Y378 -> 31.55 | T37: =Source!Y379 -> 666.28 | U37: =ROUND((175/100)*ROUND(Source!R378, 2), 2) -> 0.02 | V37: =ROUND((160/100)*ROUND(Source!R379, 2), 2) -> 0.56 | AC37: 0
C38: ="Объем: "&Source!I378&"=1/"&"10" -> Объем: 0,1=1/10
C39: ЗП | F39: =Source!AO378 -> 470.94 | G39: =Source!DG378 | H39: =Source!AV379 -> 1 | I39: =Source!S378 -> 47.09 | J39: =IF(Source!BA379<> 0, Source!BA379, 1) -> 34.51 | K39: =Source!S379 -> 1625.08
C40: ЭМ | F40: =Source!AM378 -> 1.11 | G40: =Source!DE378 | H40: =Source!AV379 -> 1 | I40: =Source!Q378 -> 0.11 | J40: =IF(Source!BB379<> 0, Source!BB379, 1) -> 11.81 | K40: =Source!Q379 -> 1.3
C41: в т.ч. ЗПМ | F41: =Source!AN378 -> 0.13 | G41: =Source!DF378 | H41: =Source!AV379 -> 1 | I41: =Source!R378 -> 0.01 | J41: =IF(Source!BS379<> 0, Source!BS379, 1) -> 34.51 | K41: =Source!R379 -> 0.35
C42: МР | F42: =Source!AL378 -> 1.29 | G42: =Source!DD378 | H42: =Source!AW379 -> 1 | I42: =Source!P378 -> 0.13 | J42: =IF(Source!BC379<> 0, Source!BC379, 1) -> 7.24 | K42: =Source!P379 -> 0.94
C43: НР от ЗП | D43: % | E43: =Source!DN379 -> 114 | I43: =SUM(Q37:Q42) -> 53.68 | J43: =Source!BZ379 -> 79 | K43: =SUM(R37:R42) -> 1283.81
C44: СП от ЗП | D44: % | E44: =Source!DO379 -> 67 | I44: =SUM(S37:S43) -> 31.55 | J44: =Source!CA379 -> 41 | K44: =SUM(T37:T43) -> 666.28
C45: НР и СП от ЗПМ | D45: % | E45: =175 -> 175 | I45: =SUM(U37:U44) -> 0.02 | J45: =160 -> 160 | K45: =SUM(V37:V44) -> 0.56
C46: ЗТР | D46: чел-ч | E46: =Source!AQ378 -> 29.96 | G46: =Source!DI378 | H46: =Source!AV379 -> 1 | I46: =Source!U378 -> 2.996
C47: ВСЕГО работ по позиции: | H47: =I39+I40+I42+I43+I44+I45+0-0-0 -> 132.58 | J47: =K39+K40+K42+K43+K44+K45+0-0-0 -> 3577.97
C48: ВСЕГО оборудование по позиции: | H48: =0+0 -> 0 | J48: =0+0 -> 0
C49: ВСЕГО по позиции: | H49: =I39+I40+I42+I43+I44+I45+0 -> 132.58 | J49: =K39+K40+K42+K43+K44+K45+0 -> 3577.97 | O49: =I39+I40+I42+I43+I44+I45+0 -> 132.58 | P49: =K39+K40+K42+K43+K44+K45+0 -> 3577.97
A51: 2 | B51: =Source!F380 -> УПД | C51: ОБОРУДОВАНИЕ:_x000D_ Модуль автоматики пожаротушения, МПТ-1 прот. R3 1 083,99 = [8 872,8 / 1,2 / 7,11] + 1,2% Трансп + 3% Заг.скл | D51: =Source!H380 -> шт. | E51: =Source!I380 -> 1 | F51: =Source!AL380 -> 1083.99 | G51: =Source!DD380 | H51: =Source!AW381 -> 1 | I51: =Source!P380 -> 1083.99 | J51: =IF(Source!BC381<> 0, Source!BC381, 1) -> 7.11 | K51: =Source!P381 -> 7707.17 | Q51: =Source!X380 -> 0 | R51: =Source!X381 -> 0 | S51: =Source!Y380 -> 0 | T51: =Source!Y381 -> 0 | U51: =ROUND((175/100)*ROUND(Source!R380, 2), 2) -> 0 | V51: =ROUND((160/100)*ROUND(Source!R381, 2), 2) -> 0 | AC51: 5
C52: ВСЕГО по позиции: | H52: =I51+0 -> 1083.99 | J52: =K51+0 -> 7707.17 | O52: =I51+0 -> 1083.99 | P52: =K51+0 -> 7707.17
A54: 3 | B54: =Source!F388 -> 4.8-240-4 | C54: Монтаж пультов и шкафов управления, шкафа (пульта) управления навесного, высотой, шириной, глубиной до 600х600х350 мм | D54: =Source!H388 -> 1 ШТ. | E54: =Source!I388 -> 1 | Q54: =Source!X388 -> 30.51 | R54: =Source!X389 -> 729.56 | S54: =Source!Y388 -> 17.93 | T54: =Source!Y389 -> 378.63 | U54: =ROUND((175/100)*ROUND(Source!R388, 2), 2) -> 5.53 | V54: =ROUND((160/100)*ROUND(Source!R389, 2), 2) -> 174.48 | AC54: 0
C55: ЗП | F55: =Source!AO388 -> 26.76 | G55: =Source!DG388 | H55: =Source!AV389 -> 1 | I55: =Source!S388 -> 26.76 | J55: =IF(Source!BA389<> 0, Source!BA389, 1) -> 34.51 | K55: =Source!S389 -> 923.49
C56: ЭМ | F56: =Source!AM388 -> 17.45 | G56: =Source!DE388 | H56: =Source!AV389 -> 1 | I56: =Source!Q388 -> 17.45 | J56: =IF(Source!BB389<> 0, Source!BB389, 1) -> 14.42 | K56: =Source!Q389 -> 251.63
C57: в т.ч. ЗПМ | F57: =Source!AN388 -> 3.16 | G57: =Source!DF388 | H57: =Source!AV389 -> 1 | I57: =Source!R388 -> 3.16 | J57: =IF(Source!BS389<> 0, Source!BS389, 1) -> 34.51 | K57: =Source!R389 -> 109.05
C58: МР | F58: =Source!AL388 -> 1.46 | G58: =Source!DD388 | H58: =Source!AW389 -> 1 | I58: =Source!P388 -> 1.46 | J58: =IF(Source!BC389<> 0, Source!BC389, 1) -> 11.99 | K58: =Source!P389 -> 17.51
C59: НР от ЗП | D59: % | E59: =Source!DN389 -> 114 | I59: =SUM(Q54:Q58) -> 30.51 | J59: =Source!BZ389 -> 79 | K59: =SUM(R54:R58) -> 729.56
C60: СП от ЗП | D60: % | E60: =Source!DO389 -> 67 | I60: =SUM(S54:S59) -> 17.93 | J60: =Source!CA389 -> 41 | K60: =SUM(T54:T59) -> 378.63
C61: НР и СП от ЗПМ | D61: % | E61: =175 -> 175 | I61: =SUM(U54:U60) -> 5.53 | J61: =160 -> 160 | K61: =SUM(V54:V60) -> 174.48
C62: ЗТР | D62: чел-ч | E62: =Source!AQ388 -> 2.06 | G62: =Source!DI388 | H62: =Source!AV389 -> 1 | I62: =Source!U388 -> 2.06
C63: ВСЕГО работ по позиции: | H63: =I55+I56+I58+I59+I60+I61+0-0-0 -> 99.64 | J63: =K55+K56+K58+K59+K60+K61+0-0-0 -> 2475.3
C64: ВСЕГО оборудование по позиции: | H64: =0+0 -> 0 | J64: =0+0 -> 0
C65: ВСЕГО по позиции: | H65: =I55+I56+I58+I59+I60+I61+0 -> 99.64 | J65: =K55+K56+K58+K59+K60+K61+0 -> 2475.3 | O65: =I55+I56+I58+I59+I60+I61+0 -> 99.64 | P65: =K55+K56+K58+K59+K60+K61+0 -> 2475.3
A67: 4 | B67: =Source!F390 -> УПД | C67: ОБОРУДОВАНИЕ:_x000D_ Пульт дистанционного управления, R3-Рубеж-ПДУ-ПТ 3 098,05 = [25 358,4 / 1,2 / 7,11] + 1,2% Трансп + 3% Заг.скл | D67: =Source!H390 -> шт. | E67: =Source!I390 -> 1 | F67: =Source!AL390 -> 3098.05 | G67: =Source!DD390 | H67: =Source!AW391 -> 1 | I67: =Source!P390 -> 3098.05 | J67: =IF(Source!BC391<> 0, Source!BC391, 1) -> 7.11 | K67: =Source!P391 -> 22027.14 | Q67: =Source!X390 -> 0 | R67: =Source!X391 -> 0 | S67: =Source!Y390 -> 0 | T67: =Source!Y391 -> 0 | U67: =ROUND((175/100)*ROUND(Source!R390, 2), 2) -> 0 | V67: =ROUND((160/100)*ROUND(Source!R391, 2), 2) -> 0 | AC67: 5
C68: ВСЕГО по позиции: | H68: =I67+0 -> 3098.05 | J68: =K67+0 -> 22027.14 | O68: =I67+0 -> 3098.05 | P68: =K67+0 -> 22027.14
A70: 5 | B70: =Source!F392 -> 4.10-145-14 | C70: Настройка синхронных цифровых систем передачи, настройка системы контроля и управления, установка операционной системы, программного обеспечения | D70: =Source!H392 -> 1 рабочая секция | E70: =Source!I392 -> 1 | Q70: =Source!X392 -> 3223.41 | R70: =Source!X393 -> 77087.21 | S70: =Source!Y392 -> 1894.46 | T70: =Source!Y393 -> 40007.29 | U70: =ROUND((175/100)*ROUND(Source!R392, 2), 2) -> 0 | V70: =ROUND((160/100)*ROUND(Source!R393, 2), 2) -> 0 | AC70: 0
C71: ЗП | F71: =Source!AO392 -> 2827.55 | G71: =Source!DG392 | H71: =Source!AV393 -> 1 | I71: =Source!S392 -> 2827.55 | J71: =IF(Source!BA393<> 0, Source!BA393, 1) -> 34.51 | K71: =Source!S393 -> 97578.75
C72: НР от ЗП | D72: % | E72: =Source!DN393 -> 114 | I72: =SUM(Q70:Q71) -> 3223.41 | J72: =Source!BZ393 -> 79 | K72: =SUM(R70:R71) -> 77087.21
C73: СП от ЗП | D73: % | E73: =Source!DO393 -> 67 | I73: =SUM(S70:S72) -> 1894.46 | J73: =Source!CA393 -> 41 | K73: =SUM(T70:T72) -> 40007.29
C74: ЗТР | D74: чел-ч | E74: =Source!AQ392 -> 145.6 | G74: =Source!DI392 | H74: =Source!AV393 -> 1 | I74: =Source!U392 -> 145.6
C75: ВСЕГО работ по позиции: | H75: =I71+I72+I73+0-0-0 -> 7945.42 | J75: =K71+K72+K73+0-0-0 -> 214673.25
C76: ВСЕГО оборудование по позиции: | H76: =0+0 -> 0 | J76: =0+0 -> 0
C77: ВСЕГО по позиции: | H77: =I71+I72+I73+0 -> 7945.42 | J77: =K71+K72+K73+0 -> 214673.25 | O77: =I71+I72+I73+0 -> 7945.42 | P77: =K71+K72+K73+0 -> 214673.25
A79: 6 | B79: =Source!F394 -> 4.10-80-2 | C79: Аппараты приемные, приборы ПС приемно-контрольные, пусковые, концентратор, блок базовый на 20 лучей | D79: =Source!H394 -> 1 ШТ. | E79: =Source!I394 -> 1 | Q79: =Source!X394 -> 176.06 | R79: =Source!X395 -> 4210.48 | S79: =Source!Y394 -> 103.47 | T79: =Source!Y395 -> 2185.19 | U79: =ROUND((175/100)*ROUND(Source!R394, 2), 2) -> 0.02 | V79: =ROUND((160/100)*ROUND(Source!R395, 2), 2) -> 0.56 | AC79: 0
C80: ЗП | F80: =Source!AO394 -> 154.44 | G80: =Source!DG394 | H80: =Source!AV395 -> 1 | I80: =Source!S394 -> 154.44 | J80: =IF(Source!BA395<> 0, Source!BA395, 1) -> 34.51 | K80: =Source!S395 -> 5329.72
C81: ЭМ | F81: =Source!AM394 -> 0.06 | G81: =Source!DE394 | H81: =Source!AV395 -> 1 | I81: =Source!Q394 -> 0.06 | J81: =IF(Source!BB395<> 0, Source!BB395, 1) -> 13.67 | K81: =Source!Q395 -> 0.82
C82: в т.ч. ЗПМ | F82: =Source!AN394 -> 0.01 | G82: =Source!DF394 | H82: =Source!AV395 -> 1 | I82: =Source!R394 -> 0.01 | J82: =IF(Source!BS395<> 0, Source!BS395, 1) -> 34.51 | K82: =Source!R395 -> 0.35
C83: МР | F83: =Source!AL394 -> 20.93 | G83: =Source!DD394 | H83: =Source!AW395 -> 1 | I83: =Source!P394 -> 20.93 | J83: =IF(Source!BC395<> 0, Source!BC395, 1) -> 9.74 | K83: =Source!P395 -> 203.86
C84: НР от ЗП | D84: % | E84: =Source!DN395 -> 114 | I84: =SUM(Q79:Q83) -> 176.06 | J84: =Source!BZ395 -> 79 | K84: =SUM(R79:R83) -> 4210.48
C85: СП от ЗП | D85: % | E85: =Source!DO395 -> 67 | I85: =SUM(S79:S84) -> 103.47 | J85: =Source!CA395 -> 41 | K85: =SUM(T79:T84) -> 2185.19
C86: НР и СП от ЗПМ | D86: % | E86: =175 -> 175 | I86: =SUM(U79:U85) -> 0.02 | J86: =160 -> 160 | K86: =SUM(V79:V85) -> 0.56
C87: ЗТР | D87: чел-ч | E87: =Source!AQ394 -> 11.7 | G87: =Source!DI394 | H87: =Source!AV395 -> 1 | I87: =Source!U394 -> 11.7
C88: ВСЕГО работ по позиции: | H88: =I80+I81+I83+I84+I85+I86+0-0-0 -> 454.98 | J88: =K80+K81+K83+K84+K85+K86+0-0-0 -> 11930.63
C89: ВСЕГО оборудование по позиции: | H89: =0+0 -> 0 | J89: =0+0 -> 0
C90: ВСЕГО по позиции: | H90: =I80+I81+I83+I84+I85+I86+0 -> 454.98 | J90: =K80+K81+K83+K84+K85+K86+0 -> 11930.63 | O90: =I80+I81+I83+I84+I85+I86+0 -> 454.98 | P90: =K80+K81+K83+K84+K85+K86+0 -> 11930.63
A92: 7 | B92: =Source!F396 -> УПД | C92: ОБОРУДОВАНИЕ:_x000D_ Прибор приемно-контрольный и управления, R3-Рубеж-2ОП 6 301,22 = [51 577,2 / 1,2 / 7,11] + 1,2% Трансп + 3% Заг.скл | D92: =Source!H396 -> шт. | E92: =Source!I396 -> 1 | F92: =Source!AL396 -> 6301.22 | G92: =Source!DD396 | H92: =Source!AW397 -> 1 | I92: =Source!P396 -> 6301.22 | J92: =IF(Source!BC397<> 0, Source!BC397, 1) -> 7.11 | K92: =Source!P397 -> 44801.67 | Q92: =Source!X396 -> 0 | R92: =Source!X397 -> 0 | S92: =Source!Y396 -> 0 | T92: =Source!Y397 -> 0 | U92: =ROUND((175/100)*ROUND(Source!R396, 2), 2) -> 0 | V92: =ROUND((160/100)*ROUND(Source!R397, 2), 2) -> 0 | AC92: 5
C93: ВСЕГО по позиции: | H93: =I92+0 -> 6301.22 | J93: =K92+0 -> 44801.67 | O93: =I92+0 -> 6301.22 | P93: =K92+0 -> 44801.67
A95: 8 | B95: =Source!F398 -> 4.10-19-6 | C95: Монтаж отдельно устанавливаемого преобразователя или блока питания | D95: =Source!H398 -> 1 ШТ. | E95: =Source!I398 -> 2 | Q95: =Source!X398 -> 308.3 | R95: =Source!X399 -> 7372.98 | S95: =Source!Y398 -> 181.19 | T95: =Source!Y399 -> 3826.48 | U95: =ROUND((175/100)*ROUND(Source!R398, 2), 2) -> 17.68 | V95: =ROUND((160/100)*ROUND(Source!R399, 2), 2) -> 557.68 | AC95: 0
C96: ЗП | F96: =Source!AO398 -> 135.22 | G96: =Source!DG398 | H96: =Source!AV399 -> 1 | I96: =Source!S398 -> 270.44 | J96: =IF(Source!BA399<> 0, Source!BA399, 1) -> 34.51 | K96: =Source!S399 -> 9332.88
C97: ЭМ | F97: =Source!AM398 -> 45.93 | G97: =Source!DE398 | H97: =Source!AV399 -> 1 | I97: =Source!Q398 -> 91.86 | J97: =IF(Source!BB399<> 0, Source!BB399, 1) -> 12.62 | K97: =Source!Q399 -> 1159.27
C98: в т.ч. ЗПМ | F98: =Source!AN398 -> 5.05 | G98: =Source!DF398 | H98: =Source!AV399 -> 1 | I98: =Source!R398 -> 10.1 | J98: =IF(Source!BS399<> 0, Source!BS399, 1) -> 34.51 | K98: =Source!R399 -> 348.55
C99: МР | F99: =Source!AL398 -> 55.8 | G99: =Source!DD398 | H99: =Source!AW399 -> 1 | I99: =Source!P398 -> 111.6 | J99: =IF(Source!BC399<> 0, Source!BC399, 1) -> 10.37 | K99: =Source!P399 -> 1157.29
C100: НР от ЗП | D100: % | E100: =Source!DN399 -> 114 | I100: =SUM(Q95:Q99) -> 308.3 | J100: =Source!BZ399 -> 79 | K100: =SUM(R95:R99) -> 7372.98
C101: СП от ЗП | D101: % | E101: =Source!DO399 -> 67 | I101: =SUM(S95:S100) -> 181.19 | J101: =Source!CA399 -> 41 | K101: =SUM(T95:T100) -> 3826.48
C102: НР и СП от ЗПМ | D102: % | E102: =175 -> 175 | I102: =SUM(U95:U101) -> 17.68 | J102: =160 -> 160 | K102: =SUM(V95:V101) -> 557.68
C103: ЗТР | D103: чел-ч | E103: =Source!AQ398 -> 9.3 | G103: =Source!DI398 | H103: =Source!AV399 -> 1 | I103: =Source!U398 -> 18.6
C104: ВСЕГО работ по позиции: | H104: =I96+I97+I99+I100+I101+I102+0-0-0 -> 981.07 | J104: =K96+K97+K99+K100+K101+K102+0-0-0 -> 23406.58
C105: ВСЕГО оборудование по позиции: | H105: =0+0 -> 0 | J105: =0+0 -> 0
C106: ВСЕГО по позиции: | H106: =I96+I97+I99+I100+I101+I102+0 -> 981.07 | J106: =K96+K97+K99+K100+K101+K102+0 -> 23406.58 | O106: =I96+I97+I99+I100+I101+I102+0 -> 981.07 | P106: =K96+K97+K99+K100+K101+K102+0 -> 23406.58
A108: 9 | B108: =Source!F400 -> УПД | C108: ОБОРУДОВАНИЕ:_x000D_ Источник вторичного электропитания резервированный, 12 В, 3,5 А, 17 Ач, ИВЭПР 12/3,5 RS-R3 исп. 2?17 1 397,59 = [11 439,6 / 1,2 / 7,11] + 1,2% Трансп + 3% Заг.скл | D108: =Source!H400 -> шт. | E108: =Source!I400 -> 1 | F108: =Source!AL400 -> 1397.59 | G108: =Source!DD400 | H108: =Source!AW401 -> 1 | I108: =Source!P400 -> 1397.59 | J108: =IF(Source!BC401<> 0, Source!BC401, 1) -> 7.11 | K108: =Source!P401 -> 9936.86 | Q108: =Source!X400 -> 0 | R108: =Source!X401 -> 0 | S108: =Source!Y400 -> 0 | T108: =Source!Y401 -> 0 | U108: =ROUND((175/100)*ROUND(Source!R400, 2), 2) -> 0 | V108: =ROUND((160/100)*ROUND(Source!R401, 2), 2) -> 0 | AC108: 5
C109: ВСЕГО по позиции: | H109: =I108+0 -> 1397.59 | J109: =K108+0 -> 9936.86 | O109: =I108+0 -> 1397.59 | P109: =K108+0 -> 9936.86
A111: 10 | B111: =Source!F402 -> УПД | C111: ОБОРУДОВАНИЕ:_x000D_ Источник вторичного электропитания резервированный, 12 В, 2 А, 7 Ач, ИВЭПР 12/2 RS-R3 исп. 2?7 БР 1 101,30 = [9 014,4 / 1,2 / 7,11] + 1,2% Трансп + 3% Заг.скл | D111: =Source!H402 -> шт. | E111: =Source!I402 -> 1 | F111: =Source!AL402 -> 1101.3 | G111: =Source!DD402 | H111: =Source!AW403 -> 1 | I111: =Source!P402 -> 1101.3 | J111: =IF(Source!BC403<> 0, Source!BC403, 1) -> 7.11 | K111: =Source!P403 -> 7830.24 | Q111: =Source!X402 -> 0 | R111: =Source!X403 -> 0 | S111: =Source!Y402 -> 0 | T111: =Source!Y403 -> 0 | U111: =ROUND((175/100)*ROUND(Source!R402, 2), 2) -> 0 | V111: =ROUND((160/100)*ROUND(Source!R403, 2), 2) -> 0 | AC111: 5
C112: ВСЕГО по позиции: | H112: =I111+0 -> 1101.3 | J112: =K111+0 -> 7830.24 | O112: =I111+0 -> 1101.3 | P112: =K111+0 -> 7830.24
A114: 11 | B114: =Source!F404 -> УПД | C114: Бокс резервного электропитания серии БР, БР12 исп. 2х17 578,18 = [6 625,2 / 1,2 / 9,74] + 2% Трансп | D114: =Source!H404 -> шт. | E114: =Source!I404 -> 1 | F114: =Source!AL404 -> 578.18 | G114: =Source!DD404 | H114: =Source!AW405 -> 1 | I114: =Source!P404 -> 578.18 | J114: =IF(Source!BC405<> 0, Source!BC405, 1) -> 9.74 | K114: =Source!P405 -> 5631.47 | Q114: =Source!X404 -> 0 | R114: =Source!X405 -> 0 | S114: =Source!Y404 -> 0 | T114: =Source!Y405 -> 0 | U114: =ROUND((175/100)*ROUND(Source!R404, 2), 2) -> 0 | V114: =ROUND((160/100)*ROUND(Source!R405, 2), 2) -> 0 | AC114: 3
C115: ВСЕГО по позиции: | H115: =I114+0 -> 578.18 | J115: =K114+0 -> 5631.47 | O115: =I114+0 -> 578.18 | P115: =K114+0 -> 5631.47
A117: 12 | B117: =Source!F410 -> УПД | C117: Аккумуляторная батарея, 12 В, 7 Ач, SF 1207 122,74 = [1 406,4 / 1,2 / 9,74] + 2% Трансп | D117: =Source!H410 -> шт. | E117: =Source!I410 -> 2 | F117: =Source!AL410 -> 122.74 | G117: =Source!DD410 | H117: =Source!AW411 -> 1 | I117: =Source!P410 -> 245.48 | J117: =IF(Source!BC411<> 0, Source!BC411, 1) -> 9.74 | K117: =Source!P411 -> 2390.98 | Q117: =Source!X410 -> 0 | R117: =Source!X411 -> 0 | S117: =Source!Y410 -> 0 | T117: =Source!Y411 -> 0 | U117: =ROUND((175/100)*ROUND(Source!R410, 2), 2) -> 0 | V117: =ROUND((160/100)*ROUND(Source!R411, 2), 2) -> 0 | AC117: 3
C118: ВСЕГО по позиции: | H118: =I117+0 -> 245.48 | J118: =K117+0 -> 2390.98 | O118: =I117+0 -> 245.48 | P118: =K117+0 -> 2390.98
A120: 13 | B120: =Source!F412 -> УПД | C120: Аккумуляторная батарея, 12 В, 17 Ач, SF 1217 375,43 = [4 302 / 1,2 / 9,74] + 2% Трансп | D120: =Source!H412 -> шт. | E120: =Source!I412 -> 4 | F120: =Source!AL412 -> 375.43 | G120: =Source!DD412 | H120: =Source!AW413 -> 1 | I120: =Source!P412 -> 1501.72 | J120: =IF(Source!BC413<> 0, Source!BC413, 1) -> 9.74 | K120: =Source!P413 -> 14626.75 | Q120: =Source!X412 -> 0 | R120: =Source!X413 -> 0 | S120: =Source!Y412 -> 0 | T120: =Source!Y413 -> 0 | U120: =ROUND((175/100)*ROUND(Source!R412, 2), 2) -> 0 | V120: =ROUND((160/100)*ROUND(Source!R413, 2), 2) -> 0 | AC120: 3
C121: ВСЕГО по позиции: | H121: =I120+0 -> 1501.72 | J121: =K120+0 -> 14626.75 | O121: =I120+0 -> 1501.72 | P121: =K120+0 -> 14626.75
A123: 14 | B123: =Source!F414 -> 4.10-81-6 | C123: Конструкция для установки извещателя | D123: =Source!H414 -> 1 ШТ. | E123: =Source!I414 -> 7 | Q123: =Source!X414 -> 35.27 | R123: =Source!X415 -> 843.51 | S123: =Source!Y414 -> 20.73 | T123: =Source!Y415 -> 437.77 | U123: =ROUND((175/100)*ROUND(Source!R414, 2), 2) -> 3.43 | V123: =ROUND((160/100)*ROUND(Source!R415, 2), 2) -> 108.22 | AC123: 0
...

Sheet 4. Пусконаладочные работы
A1: =Source!B1 -> Smeta.RU (495) 974-1589
J2: Форма № 4б
B3: "СОГЛАСОВАНО" | G3: "УТВЕРЖДАЮ"
B6: =CONCATENATE("______________________ ", IF(Source!AL12<>"", Source!AL12, "")) -> ______________________ | G6: =CONCATENATE("______________________ ", IF(Source!AH12<>"", Source!AH12, "")) -> ______________________
B7: "_____"________________ 2024 г. | G7: "_____"________________ 2024 г.
A10: на выполнение работ по замене СПС, СОУЭ и АГПТ
A11: (наименование стройки и/или объекта)
A13: =CONCATENATE( "ЛОКАЛЬНАЯ СМЕТА № ",IF(Source!F580<>"Новая локальная смета", Source!F580, "")) -> ЛОКАЛЬНАЯ СМЕТА № 4.
A15: =IF(Source!G580<>"Новая локальная смета", Source!G580, "") -> Пусконаладочные работы
A16: (наименование работ и затрат)
A18: =CONCATENATE( "Основание: чертежи № ", Source!J580) -> Основание: чертежи №
I20: В базисном уровне цен | J20: В текущем уровне цен
E21: Сметная стоимость | I21: =I22+I23+I24+I25 -> 22677.77 | J21: =J22+J23+J24+J25 -> 674001.85 | K21: руб.
E22: Строительные работы | I22: =ROUND((Source!F758), 2) -> 0 | J22: =ROUND((Source!P758), 2) -> 0 | K22: руб.
E23: Работы по монтажу оборудования | I23: =ROUND((Source!F759), 2) -> 0 | J23: =ROUND((Source!P759), 2) -> 0 | K23: руб.
E24: Оборудование | I24: =ROUND((Source!F750), 2) -> 0 | J24: =ROUND((Source!P750), 2) -> 0 | K24: руб.
E25: Прочие работы и затраты | I25: =ROUND((Source!F760+Source!F761), 2) -> 22677.77 | J25: =ROUND((Source!P760+Source!P761), 2) -> 674001.85 | K25: руб.
E26: Средства на оплату труда | I26: =(Source!F756+ Source!F755) -> 9256.22 | J26: =((Source!P756 + Source!P755)) -> 319432.16 | K26: руб.
E27: Затраты труда | I27: =Source!F763 -> 554.472 | K27: чел.-ч.
E28: Кроме того:
E29: Возврат материалов | I29: =SUM(Y35:Y143) -> 0 | J29: =SUM(Z35:Z143) -> 0 | K29: руб.
A31: Составлен(а) по ТСН-2001 с учетом Дополнения №: 72
A32: № и период сборника коэффициентов (индексов) пересчета: Индексы ТСН-2001 МГЭ ремонт №212 июль 2024 года | AP32: № и период сборника коэффициентов (индексов) пересчета: Индексы ТСН-2001 МГЭ ремонт №212 июль 2024 года
A33: № п/п | B33: Шифр расценки и коды ресурсов | C33: Наименование работ и затрат | D33: Ед. изм. | E33: Кол-во единиц | F33: Цена на ед. изм., руб. | G33: Попра- вочные коэффи- циенты | H33: Коэффи- циенты зимних удорожа- ний | I33: Всего в ценах на январь 2000 года, руб. | J33: Коэффи- циенты (индек- сы) пере- счета, нормы НР и СП | K33: ВСЕГО затрат в текущем уровне цен, руб.
A34: 1 | B34: 2 | C34: 3 | D34: 4 | E34: 5 | F34: 6 | G34: 7 | H34: 8 | I34: 9 | J34: 10 | K34: 11
A36: =CONCATENATE("Раздел: ",IF(Source!G584<>"Новый раздел", Source!G584, "")) -> Раздел: 1. ПНР
A38: =CONCATENATE("Подраздел: ",IF(Source!G588<>"Новый подраздел", Source!G588, "")) -> Подраздел: 1. АПС
A39: 1 | B39: 5.2-35-1 Поправка: Гл.5.Прил.2.2.п.2.2.23_05.00.01.37.001 | C39: Комплексная пусконаладка системы | D39: =Source!H592 -> 1 ШТ. | E39: =Source!I592 -> 1 | Q39: =Source!X592 -> 18.47 | R39: =Source!X593 -> 594.75 | S39: =Source!Y592 -> 17.23 | T39: =Source!Y593 -> 348.35 | U39: =ROUND((175/100)*ROUND(Source!R592, 2), 2) -> 0 | V39: =ROUND((160/100)*ROUND(Source!R593, 2), 2) -> 0 | AC39: 0
C40: ЗП | F40: =Source!AO592 -> 30.78 | G40: =Source!DG592 -> )*0,8 | H40: =Source!AV593 -> 1 | I40: =Source!S592 -> 24.62 | J40: =IF(Source!BA593<> 0, Source!BA593, 1) -> 34.51 | K40: =Source!S593 -> 849.64
C41: НР от ЗП | D41: % | E41: =Source!DN593 -> 75 | I41: =SUM(Q39:Q40) -> 18.47 | J41: =Source!BZ593 -> 70 | K41: =SUM(R39:R40) -> 594.75
C42: СП от ЗП | D42: % | E42: =Source!DO593 -> 70 | I42: =SUM(S39:S41) -> 17.23 | J42: =Source!CA593 -> 41 | K42: =SUM(T39:T41) -> 348.35
C43: ЗТР | D43: чел-ч | E43: =Source!AQ592 -> 1.66 | G43: =Source!DI592 -> )*0,8 | H43: =Source!AV593 -> 1 | I43: =Source!U592 -> 1.328
C44: ВСЕГО работ по позиции: | H44: =I40+I41+I42+0-0-0 -> 60.32 | J44: =K40+K41+K42+0-0-0 -> 1792.74
C45: ВСЕГО оборудование по позиции: | H45: =0+0 -> 0 | J45: =0+0 -> 0
C46: ВСЕГО по позиции: | H46: =I40+I41+I42+0 -> 60.32 | J46: =K40+K41+K42+0 -> 1792.74 | O46: =I40+I41+I42+0 -> 60.32 | P46: =K40+K41+K42+0 -> 1792.74
A48: 2 | B48: 5.2-35-2 Поправка: Гл.5.Прил.2.2.п.2.2.23_05.00.01.37.001 | C48: Комплексная пусконаладка системы, добавлять к позиции 5.2-35-1 на каждое адресное устройство | D48: =Source!H594 -> 1 ШТ. | E48: =Source!I594 -> 263 | Q48: =Source!X594 -> 2920.88 | R48: =Source!X595 -> 94079.44 | S48: =Source!Y594 -> 2726.15 | T48: =Source!Y595 -> 55103.67 | U48: =ROUND((175/100)*ROUND(Source!R594, 2), 2) -> 0 | V48: =ROUND((160/100)*ROUND(Source!R595, 2), 2) -> 0 | AC48: 0
C49: ЗП | F49: =Source!AO594 -> 18.51 | G49: =Source!DG594 -> )*0,8 | H49: =Source!AV595 -> 1 | I49: =Source!S594 -> 3894.5 | J49: =IF(Source!BA595<> 0, Source!BA595, 1) -> 34.51 | K49: =Source!S595 -> 134399.2
C50: НР от ЗП | D50: % | E50: =Source!DN595 -> 75 | I50: =SUM(Q48:Q49) -> 2920.88 | J50: =Source!BZ595 -> 70 | K50: =SUM(R48:R49) -> 94079.44
C51: СП от ЗП | D51: % | E51: =Source!DO595 -> 70 | I51: =SUM(S48:S50) -> 2726.15 | J51: =Source!CA595 -> 41 | K51: =SUM(T48:T50) -> 55103.67
C52: ЗТР | D52: чел-ч | E52: =Source!AQ594 -> 1.27 | G52: =Source!DI594 -> )*0,8 | H52: =Source!AV595 -> 1 | I52: =Source!U594 -> 267.208
C53: ВСЕГО работ по позиции: | H53: =I49+I50+I51+0-0-0 -> 9541.53 | J53: =K49+K50+K51+0-0-0 -> 283582.31
C54: ВСЕГО оборудование по позиции: | H54: =0+0 -> 0 | J54: =0+0 -> 0
C55: ВСЕГО по позиции: | H55: =I49+I50+I51+0 -> 9541.53 | J55: =K49+K50+K51+0 -> 283582.31 | O55: =I49+I50+I51+0 -> 9541.53 | P55: =K49+K50+K51+0 -> 283582.31
A57: 3 | B57: 5.2-32-1 Поправка: Гл.5.Прил.2.2.п.2.2.23_05.00.01.37.001 | C57: Проверка всего технологического комплекса в режимах работы и контроля, сдача в эксплуатацию | D57: =Source!H596 -> 1 комплекс | E57: =Source!I596 -> 1 | Q57: =Source!X596 -> 651.98 | R57: =Source!X597 -> 20999.68 | S57: =Source!Y596 -> 608.51 | T57: =Source!Y597 -> 12299.81 | U57: =ROUND((175/100)*ROUND(Source!R596, 2), 2) -> 0 | V57: =ROUND((160/100)*ROUND(Source!R597, 2), 2) -> 0 | AC57: 0
C58: ЗП | F58: =Source!AO596 -> 1086.62 | G58: =Source!DG596 -> )*0,8 | H58: =Source!AV597 -> 1 | I58: =Source!S596 -> 869.3 | J58: =IF(Source!BA597<> 0, Source!BA597, 1) -> 34.51 | K58: =Source!S597 -> 29999.54
C59: НР от ЗП | D59: % | E59: =Source!DN597 -> 75 | I59: =SUM(Q57:Q58) -> 651.98 | J59: =Source!BZ597 -> 70 | K59: =SUM(R57:R58) -> 20999.68
C60: СП от ЗП | D60: % | E60: =Source!DO597 -> 70 | I60: =SUM(S57:S59) -> 608.51 | J60: =Source!CA597 -> 41 | K60: =SUM(T57:T59) -> 12299.81
C61: ЗТР | D61: чел-ч | E61: =Source!AQ596 -> 56 | G61: =Source!DI596 -> )*0,8 | H61: =Source!AV597 -> 1 | I61: =Source!U596 -> 44.8
C62: ВСЕГО работ по позиции: | H62: =I58+I59+I60+0-0-0 -> 2129.79 | J62: =K58+K59+K60+0-0-0 -> 63299.03
C63: ВСЕГО оборудование по позиции: | H63: =0+0 -> 0 | J63: =0+0 -> 0
C64: ВСЕГО по позиции: | H64: =I58+I59+I60+0 -> 2129.79 | J64: =K58+K59+K60+0 -> 63299.03 | O64: =I58+I59+I60+0 -> 2129.79 | P64: =K58+K59+K60+0 -> 63299.03
A67: =CONCATENATE("Итого по подразделу: ",IF(Source!G599<>"Новый подраздел", Source!G599, "")) -> Итого по подразделу: 1. АПС | H67: =SUM(O38:O66) -> 11731.64 | J67: =SUM(P38:P66) -> 348674.08
A68: Итого по ТСН-2001.16 | I68: =SUM(W38:W67) -> 0 | J68: =SUM(X38:X67) -> 0
A69: Итого возвратных сумм | I69: =SUM(Y38:Y68) -> 0 | J69: =SUM(Z38:Z68) -> 0
A71: =CONCATENATE("Подраздел: ",IF(Source!G629<>"Новый подраздел", Source!G629, "")) -> Подраздел: 2. СОУЭ
A72: 4 | B72: 5.2-21-1 Поправка: Гл.5.Прил.2.2.п.2.2.23_05.00.01.37.001 | C72: Комплексная наладка систем, реализующих функции: контроля технологического объекта с двумя параметрами (точками) контроля, вычислительных или логических операций информационного характера технологического объекта с двумя обрабатываемыми параметрами; программной или логической операции управления технологическим объектом с двумя обрабатываемыми сигналами управления | D72: =Source!H633 -> 1 комплекс систем | E72: =Source!I633 -> 1 | Q72: =Source!X633 -> 54.33 | R72: =Source!X634 -> 1749.93 | S72: =Source!Y633 -> 50.71 | T72: =Source!Y634 -> 1024.96 | U72: =ROUND((175/100)*ROUND(Source!R633, 2), 2) -> 0 | V72: =ROUND((160/100)*ROUND(Source!R634, 2), 2) -> 0 | AC72: 0
C73: ЗП | F73: =Source!AO633 -> 90.55 | G73: =Source!DG633 -> )*0,8 | H73: =Source!AV634 -> 1 | I73: =Source!S633 -> 72.44 | J73: =IF(Source!BA634<> 0, Source!BA634, 1) -> 34.51 | K73: =Source!S634 -> 2499.9
C74: НР от ЗП | D74: % | E74: =Source!DN634 -> 75 | I74: =SUM(Q72:Q73) -> 54.33 | J74: =Source!BZ634 -> 70 | K74: =SUM(R72:R73) -> 1749.93
C75: СП от ЗП | D75: % | E75: =Source!DO634 -> 70 | I75: =SUM(S72:S74) -> 50.71 | J75: =Source!CA634 -> 41 | K75: =SUM(T72:T74) -> 1024.96
C76: ЗТР | D76: чел-ч | E76: =Source!AQ633 -> 4.9 | G76: =Source!DI633 -> )*0,8 | H76: =Source!AV634 -> 1 | I76: =Source!U633 -> 3.92
C77: ВСЕГО работ по позиции: | H77: =I73+I74+I75+0-0-0 -> 177.48 | J77: =K73+K74+K75+0-0-0 -> 5274.79
C78: ВСЕГО оборудование по позиции: | H78: =0+0 -> 0 | J78: =0+0 -> 0
C79: ВСЕГО по позиции: | H79: =I73+I74+I75+0 -> 177.48 | J79: =K73+K74+K75+0 -> 5274.79 | O79: =I73+I74+I75+0 -> 177.48 | P79: =K73+K74+K75+0 -> 5274.79
A81: 5 | B81: 5.2-21-2 Поправка: Гл.5.Прил.2.2.п.2.2.23_05.00.01.37.001 | C81: За каждый последующий параметр или сигнал управления добавлять к позиции 5.2-21-1 | D81: =Source!H635 -> 1 сигнал | E81: =Source!I635 -> 100 | Q81: =Source!X635 -> 1774.2 | R81: =Source!X636 -> 57145.8 | S81: =Source!Y635 -> 1655.92 | T81: =Source!Y636 -> 33471.11 | U81: =ROUND((175/100)*ROUND(Source!R635, 2), 2) -> 0 | V81: =ROUND((160/100)*ROUND(Source!R636, 2), 2) -> 0 | AC81: 0
C82: ЗП | F82: =Source!AO635 -> 29.57 | G82: =Source!DG635 -> )*0,8 | H82: =Source!AV636 -> 1 | I82: =Source!S635 -> 2365.6 | J82: =IF(Source!BA636<> 0, Source!BA636, 1) -> 34.51 | K82: =Source!S636 -> 81636.86
C83: НР от ЗП | D83: % | E83: =Source!DN636 -> 75 | I83: =SUM(Q81:Q82) -> 1774.2 | J83: =Source!BZ636 -> 70 | K83: =SUM(R81:R82) -> 57145.8
C84: СП от ЗП | D84: % | E84: =Source!DO636 -> 70 | I84: =SUM(S81:S83) -> 1655.92 | J84: =Source!CA636 -> 41 | K84: =SUM(T81:T83) -> 33471.11
C85: ЗТР | D85: чел-ч | E85: =Source!AQ635 -> 1.6 | G85: =Source!DI635 -> )*0,8 | H85: =Source!AV636 -> 1 | I85: =Source!U635 -> 128
C86: ВСЕГО работ по позиции: | H86: =I82+I83+I84+0-0-0 -> 5795.72 | J86: =K82+K83+K84+0-0-0 -> 172253.77
C87: ВСЕГО оборудование по позиции: | H87: =0+0 -> 0 | J87: =0+0 -> 0
C88: ВСЕГО по позиции: | H88: =I82+I83+I84+0 -> 5795.72 | J88: =K82+K83+K84+0 -> 172253.77 | O88: =I82+I83+I84+0 -> 5795.72 | P88: =K82+K83+K84+0 -> 172253.77
A90: 6 | B90: 5.2-32-1 Поправка: Гл.5.Прил.2.2.п.2.2.23_05.00.01.37.001 | C90: Проверка всего технологического комплекса в режимах работы и контроля, сдача в эксплуатацию | D90: =Source!H637 -> 1 комплекс | E90: =Source!I637 -> 1 | Q90: =Source!X637 -> 651.98 | R90: =Source!X638 -> 20999.68 | S90: =Source!Y637 -> 608.51 | T90: =Source!Y638 -> 12299.81 | U90: =ROUND((175/100)*ROUND(Source!R637, 2), 2) -> 0 | V90: =ROUND((160/100)*ROUND(Source!R638, 2), 2) -> 0 | AC90: 0
C91: ЗП | F91: =Source!AO637 -> 1086.62 | G91: =Source!DG637 -> )*0,8 | H91: =Source!AV638 -> 1 | I91: =Source!S637 -> 869.3 | J91: =IF(Source!BA638<> 0, Source!BA638, 1) -> 34.51 | K91: =Source!S638 -> 29999.54
C92: НР от ЗП | D92: % | E92: =Source!DN638 -> 75 | I92: =SUM(Q90:Q91) -> 651.98 | J92: =Source!BZ638 -> 70 | K92: =SUM(R90:R91) -> 20999.68
C93: СП от ЗП | D93: % | E93: =Source!DO638 -> 70 | I93: =SUM(S90:S92) -> 608.51 | J93: =Source!CA638 -> 41 | K93: =SUM(T90:T92) -> 12299.81
C94: ЗТР | D94: чел-ч | E94: =Source!AQ637 -> 56 | G94: =Source!DI637 -> )*0,8 | H94: =Source!AV638 -> 1 | I94: =Source!U637 -> 44.8
C95: ВСЕГО работ по позиции: | H95: =I91+I92+I93+0-0-0 -> 2129.79 | J95: =K91+K92+K93+0-0-0 -> 63299.03
C96: ВСЕГО оборудование по позиции: | H96: =0+0 -> 0 | J96: =0+0 -> 0
C97: ВСЕГО по позиции: | H97: =I91+I92+I93+0 -> 2129.79 | J97: =K91+K92+K93+0 -> 63299.03 | O97: =I91+I92+I93+0 -> 2129.79 | P97: =K91+K92+K93+0 -> 63299.03
A100: =CONCATENATE("Итого по подразделу: ",IF(Source!G640<>"Новый подраздел", Source!G640, "")) -> Итого по подразделу: 2. СОУЭ | H100: =SUM(O71:O99) -> 8102.99 | J100: =SUM(P71:P99) -> 240827.59
A101: Итого по ТСН-2001.16 | I101: =SUM(W71:W100) -> 0 | J101: =SUM(X71:X100) -> 0
A102: Итого возвратных сумм | I102: =SUM(Y71:Y101) -> 0 | J102: =SUM(Z71:Z101) -> 0
A104: =CONCATENATE("Подраздел: ",IF(Source!G670<>"Новый подраздел", Source!G670, "")) -> Подраздел: 3. АПТ
A105: 7 | B105: 5.2-35-1 Поправка: Гл.5.Прил.2.2.п.2.2.23_05.00.01.37.001 | C105: Комплексная пусконаладка системы | D105: =Source!H674 -> 1 ШТ. | E105: =Source!I674 -> 1 | Q105: =Source!X674 -> 18.47 | R105: =Source!X675 -> 594.75 | S105: =Source!Y674 -> 17.23 | T105: =Source!Y675 -> 348.35 | U105: =ROUND((175/100)*ROUND(Source!R674, 2), 2) -> 0 | V105: =ROUND((160/100)*ROUND(Source!R675, 2), 2) -> 0 | AC105: 0
C106: ЗП | F106: =Source!AO674 -> 30.78 | G106: =Source!DG674 -> )*0,8 | H106: =Source!AV675 -> 1 | I106: =Source!S674 -> 24.62 | J106: =IF(Source!BA675<> 0, Source!BA675, 1) -> 34.51 | K106: =Source!S675 -> 849.64
C107: НР от ЗП | D107: % | E107: =Source!DN675 -> 75 | I107: =SUM(Q105:Q106) -> 18.47 | J107: =Source!BZ675 -> 70 | K107: =SUM(R105:R106) -> 594.75
C108: СП от ЗП | D108: % | E108: =Source!DO675 -> 70 | I108: =SUM(S105:S107) -> 17.23 | J108: =Source!CA675 -> 41 | K108: =SUM(T105:T107) -> 348.35
C109: ЗТР | D109: чел-ч | E109: =Source!AQ674 -> 1.66 | G109: =Source!DI674 -> )*0,8 | H109: =Source!AV675 -> 1 | I109: =Source!U674 -> 1.328
C110: ВСЕГО работ по позиции: | H110: =I106+I107+I108+0-0-0 -> 60.32 | J110: =K106+K107+K108+0-0-0 -> 1792.74
C111: ВСЕГО оборудование по позиции: | H111: =0+0 -> 0 | J111: =0+0 -> 0
C112: ВСЕГО по позиции: | H112: =I106+I107+I108+0 -> 60.32 | J112: =K106+K107+K108+0 -> 1792.74 | O112: =I106+I107+I108+0 -> 60.32 | P112: =K106+K107+K108+0 -> 1792.74
A114: 8 | B114: 5.2-35-2 Поправка: Гл.5.Прил.2.2.п.2.2.23_05.00.01.37.001 | C114: Комплексная пусконаладка системы, добавлять к позиции 5.2-35-1 на каждое адресное устройство | D114: =Source!H676 -> 1 ШТ. | E114: =Source!I676 -> 18 | Q114: =Source!X676 -> 199.91 | R114: =Source!X677 -> 6438.81 | S114: =Source!Y676 -> 186.58 | T114: =Source!Y677 -> 3771.3 | U114: =ROUND((175/100)*ROUND(Source!R676, 2), 2) -> 0 | V114: =ROUND((160/100)*ROUND(Source!R677, 2), 2) -> 0 | AC114: 0
C115: ЗП | F115: =Source!AO676 -> 18.51 | G115: =Source!DG676 -> )*0,8 | H115: =Source!AV677 -> 1 | I115: =Source!S676 -> 266.54 | J115: =IF(Source!BA677<> 0, Source!BA677, 1) -> 34.51 | K115: =Source!S677 -> 9198.3
C116: НР от ЗП | D116: % | E116: =Source!DN677 -> 75 | I116: =SUM(Q114:Q115) -> 199.91 | J116: =Source!BZ677 -> 70 | K116: =SUM(R114:R115) -> 6438.81
C117: СП от ЗП | D117: % | E117: =Source!DO677 -> 70 | I117: =SUM(S114:S116) -> 186.58 | J117: =Source!CA677 -> 41 | K117: =SUM(T114:T116) -> 3771.3
C118: ЗТР | D118: чел-ч | E118: =Source!AQ676 -> 1.27 | G118: =Source!DI676 -> )*0,8 | H118: =Source!AV677 -> 1 | I118: =Source!U676 -> 18.288
C119: ВСЕГО работ по позиции: | H119: =I115+I116+I117+0-0-0 -> 653.03 | J119: =K115+K116+K117+0-0-0 -> 19408.41
C120: ВСЕГО оборудование по позиции: | H120: =0+0 -> 0 | J120: =0+0 -> 0
C121: ВСЕГО по позиции: | H121: =I115+I116+I117+0 -> 653.03 | J121: =K115+K116+K117+0 -> 19408.41 | O121: =I115+I116+I117+0 -> 653.03 | P121: =K115+K116+K117+0 -> 19408.41
A123: 9 | B123: 5.2-32-1 Поправка: Гл.5.Прил.2.2.п.2.2.23_05.00.01.37.001 | C123: Проверка всего технологического комплекса в режимах работы и контроля, сдача в эксплуатацию | D123: =Source!H678 -> 1 комплекс | E123: =Source!I678 -> 1 | Q123: =Source!X678 -> 651.98 | R123: =Source!X679 -> 20999.68 | S123: =Source!Y678 -> 608.51 | T123: =Source!Y679 -> 12299.81 | U123: =ROUND((175/100)*ROUND(Source!R678, 2), 2) -> 0 | V123: =ROUND((160/100)*ROUND(Source!R679, 2), 2) -> 0 | AC123: 0
...

Sheet Дефектная ведомость
A1: =Source!B1 -> Smeta.RU (495) 974-1589
D3: "УТВЕРЖДАЮ"
C5: ___________________________
C7: ___________________________
C9: " ___ " ___________ 20 ___ г.
A11: =CONCATENATE("Дефектный акт ", IF(Source!AN15<>"", Source!AN15," ")) -> Дефектный акт
A12: =CONCATENATE("На капитальный ремонт ", Source!G12) -> На капитальный ремонт на выполнение работ по замене СПС, СОУЭ и АГПТ
B14: Мы, нижеподписавшиеся, произвели осмотр объекта
B15: и постановили произвести ремонт объекта в
B16: следующем объеме:
A17: № п/п | B17: Наименование работ и затрат | C17: Единица измерения | D17: Количество | E17: Примечание
A18: 1 | B18: 2 | C18: 3 | D18: 4 | E18: 5
A19: =CONCATENATE("Локальная смета: ", Source!G20) -> Локальная смета: СПС
A20: =CONCATENATE("Раздел: ", Source!G24) -> Раздел: 1. СПС
A21: 1 | B21: =Source!G28 -> Монтаж пульта служебной связи и контроля | C21: =Source!H28 -> 1 ПУЛЬТ | D21: =Source!I28 -> 1
A22: 2 | B22: =Source!G30 -> Центральный прибор индикации и управления ЦПИУ «Рубеж», ЦПИУ "Рубеж" исп.1 | C22: =Source!H30 -> шт. | D22: =Source!I30 -> 1
A23: 3 | B23: =Source!G32 -> Настройка синхронных цифровых систем передачи, настройка системы контроля и управления, установка операционной системы, программного обеспечения | C23: =Source!H32 -> 1 рабочая секция | D23: =Source!I32 -> 1
A24: 4 | B24: =Source!G34 -> Монтаж отдельно устанавливаемого преобразователя или блока питания | C24: =Source!H34 -> 1 ШТ. | D24: =Source!I34 -> 1
A25: 5 | B25: =Source!G36 -> Источник бесперебойного питания, SKAT-UPS 1000/600 | C25: =Source!H36 -> шт. | D25: =Source!I36 -> 1
A26: 6 | B26: =Source!G38 -> Аппараты приемные, приборы ПС приемно-контрольные, пусковые, концентратор, блок базовый на 20 лучей | C26: =Source!H38 -> 1 ШТ. | D26: =Source!I38 -> 1
A27: 7 | B27: =Source!G40 -> Прибор приемно-контрольный и управления охранно-пожар-ный адресный, R3-Рубеж-2ОП | C27: =Source!H40 -> шт. | D27: =Source!I40 -> 1
A28: 8 | B28: =Source!G44 -> Аппараты приемные, устройства промежуточные на 1 луч | C28: =Source!H44 -> 1 ШТ. | D28: =Source!I44 -> 1
A29: 9 | B29: =Source!G46 -> Блок индикации и управления, R3-Рубеж-БИУ | C29: =Source!H46 -> шт. | D29: =Source!I46 -> 1
A30: 10 | B30: =Source!G50 -> Монтаж отдельно устанавливаемого преобразователя или блока питания | C30: =Source!H50 -> 1 ШТ. | D30: =Source!I50 -> 2
A31: 11 | B31: =Source!G52 -> Бокс резервного питания "БР-12 исп. 2х40" | C31: =Source!H52 -> шт. | D31: =Source!I52 -> 1
A32: 12 | B32: =Source!G54 -> Источник бесперебойного питания, ИВЭПР 12/5 RS-R3 2x17 БР - R3 | C32: =Source!H54 -> шт. | D32: =Source!I54 -> 1
A33: 13 | B33: =Source!G58 -> Аккумулятор 12 В, 17 Ач, SF 1217 | C33: =Source!H58 -> шт. | D33: =Source!I58 -> 4
A34: 14 | B34: =Source!G60 -> Конструкция для установки извещателя | C34: =Source!H60 -> 1 ШТ. | D34: =Source!I60 -> 148
A35: 15 | B35: =Source!G62 -> Извещатели ПС автоматические, дымовой, фотоэлектрический, радиоизотопный, световой в нормальном исполнении | C35: =Source!H62 -> 1 ШТ. | D35: =Source!I62 -> 154
A36: 16 | B36: =Source!G64 -> Извещатель пожарный дымовой оптико-электронный адресно-аналоговый, ИП 212-64-R3 W1.02 | C36: =Source!H64 -> шт. | D36: =Source!I64 -> 146
A37: 17 | B37: =Source!G66 -> Извещатель пожарный ручной адресный со встроенным изо-лятором короткого замыкания, ИПР 513-11ИКЗ-А-R3 | C37: =Source!H66 -> шт. | D37: =Source!I66 -> 9
A38: 18 | B38: =Source!G68 -> Установка съемных и выдвижных блоков (модулей, ячеек, ТЭЗ) массой до 5 кг | C38: =Source!H68 -> 1 ШТ. | D38: =Source!I68 -> 46
A39: 19 | B39: =Source!G70 -> Изолятор шлейфа, ИЗ-1Б-R3 | C39: =Source!H70 -> шт. | D39: =Source!I70 -> 46
A40: 20 | B40: =Source!G72 -> Аппараты приемные, приборы приемно-контрольные объектовые на 1 луч | C40: =Source!H72 -> 1 ШТ. | D40: =Source!I72 -> 13
A41: 21 | B41: =Source!G74 -> Модуль автоматики дымоудаления, МДУ-1-R3 | C41: =Source!H74 -> шт. | D41: =Source!I74 -> 6
A42: 22 | B42: =Source!G76 -> Адресный релейный модуль, РМ-1-R3 | C42: =Source!H76 -> шт. | D42: =Source!I76 -> 7
A43: 23 | B43: =Source!G78 -> Затягивание провода в проложенные трубы и металлические рукава, первого одножильного или многожильного в общей оплетке, суммарное сечение до 2,5 мм2 | C43: =Source!H78 -> 100 м | D43: =Source!I78 -> 2.165
A44: 24 | B44: =Source!G80 -> Монтаж кабеля по установленным конструкциям и лоткам с установкой ответвительных коробок, 2-4-жильного, в помещениях с нормальной средой, сечением жилы до 10 мм2 | C44: =Source!H80 -> 100 М КАБЕЛЯ | D44: =Source!I80 -> 3.635
A45: 25 | B45: =Source!G82 -> Кабель огнестойкий для ОПС, СОУЭ и передачи данных с однопроволочными медными жилами, КПСЭнг(А)-FRLSLTx 1х2х0,75 | C45: =Source!H82 -> м | D45: =Source!I82 -> 591.6
A46: 26 | B46: =Source!G84 -> Прокладка металлического короба на конструкциях, кронштейнах, по фермам и колоннам, длина 2 м | C46: =Source!H84 -> 100 м | D46: =Source!I84 -> 3.63
A47: 27 | B47: =Source!G86 -> Кабель-канал металлический оцинкованный, ККМО 15х15 | C47: =Source!H86 -> м | D47: =Source!I86 -> 363
A48: 28 | B48: =Source!G88 -> Соединитель ККМО Угол 25 Т-образный металлический , УТ000023541 | C48: =Source!H88 -> шт. | D48: =Source!I88 -> 28
A49: 29 | B49: =Source!G90 -> Соединитель ККМО Угол 25 L-образный металлический, УТ000023538 | C49: =Source!H90 -> шт. | D49: =Source!I90 -> 34
A50: 30 | B50: =Source!G92 -> Трубы гофрированные поливинилхлоридные наружным диаметром 16 мм открыто по стенам и потолкам с установкой соединительных коробок | C50: =Source!H92 -> 100 м | D50: =Source!I92 -> 2.165
A51: 31 | B51: =Source!G94 -> Труба гофр. с зондом , FRHF 16 мм | C51: =Source!H94 -> м | D51: =Source!I94 -> 216.5
A52: 32 | B52: =Source!G96 -> Скоба металлическая однолапковая 16-17мм (100шт/уп) , 850-004 | C52: =Source!H96 -> шт. | D52: =Source!I96 -> 560
A53: 33 | B53: =Source!G104 -> Коробка монтажная металлическая КМ-О (4к) с керамическими клеммами, КМ-О (4к) | C53: =Source!H104 -> шт. | D53: =Source!I104 -> 12
A54: 34 | B54: =Source!G106 -> Бирка маркировочная для кабелей и проводов, типа У134 У3,5 | C54: =Source!H106 -> 1000 шт. | D54: =Source!I106 -> 1.6
A55: 35 | B55: =Source!G108 -> Хомут (стяжка) кабельный из полиамида, размеры 3,6х200 мм | C55: =Source!H108 -> 100 шт. | D55: =Source!I108 -> 16
A56: 36 | B56: =Source!G110 -> Пена полиуретановая двухкомпонентная, терморасширяющаяся, противопожарная, окрашиваемая, диапазон температур применения от +10 до +30°С, диапазон температур эксплуатации от -30 до +110°С, для герметичной противопожарной заделки мест проходок инженерных коммуникаций внутри помещений, туба 300 мл | C56: =Source!H110 -> шт. | D56: =Source!I110 -> 5
A57: 37 | B57: =Source!G112 -> Прокладка по установленным конструкциям, по стенам с креплением скобами стальной трубы диаметром до 25 мм | C57: =Source!H112 -> 100 м | D57: =Source!I112 -> 0.158
A58: 38 | B58: =Source!G114 -> Труба металлическая 22х1,5 мм | C58: =Source!H114 -> м | D58: =Source!I114 -> 16.274
A59: 39 | B59: =Source!G116 -> Сверление электроперфоратором сквозных отверстий в кирпичных стенах толщиной в 2 кирпича, диаметр отверстий, мм, до 30 | C59: =Source!H116 -> 100 отверстий | D59: =Source!I116 -> 0.51
A60: 40 | B60: =Source!G120 -> Заделка отверстий в кирпичных стенах в местах прохода трубопроводов | C60: =Source!H120 -> 100 отверстий | D60: =Source!I120 -> 0.51
A61: 40.1 | B61: =Source!G122 -> Смесь бетонная тяжелого бетона БСТ на гранитном щебне, крупность заполнителя от 5 до 20 мм, класс прочности В25 (М350), П3, F150, W6 | C61: =Source!H122 -> м3 | D61: =Source!I122 -> 0.15912
A62: 41 | B62: =Source!G128 -> Проверка всего технологического комплекса в режимах работы и контроля, сдача в эксплуатацию | C62: =Source!H128 -> 1 комплекс | D62: =Source!I128 -> 1
A63: =CONCATENATE("Локальная смета: ", Source!G194) -> Локальная смета: СОУЭ
A64: =CONCATENATE("Раздел: ", Source!G198) -> Раздел: 1. СОУЭ
A65: 1 | B65: =Source!G202 -> Монтаж громкоговорителя или звуковой колонки в помещении | C65: =Source!H202 -> 1 ШТ. | D65: =Source!I202 -> 70
A66: 2 | B66: =Source!G204 -> Динамик, Sonar SWS-103W | C66: =Source!H204 -> шт. | D66: =Source!I204 -> 70
A67: 3 | B67: =Source!G208 -> Монтаж блока контроля датчиков (контроллер) | C67: =Source!H208 -> 10 шт. | D67: =Source!I208 -> 0.1
A68: 4 | B68: =Source!G210 -> Прибор управления оповещением пожарный, SPM-B10025-AW | C68: =Source!H210 -> шт. | D68: =Source!I210 -> 1
A69: 5 | B69: =Source!G212 -> Настройка синхронных цифровых систем передачи, настройка системы контроля и управления, установка операционной системы, программного обеспечения | C69: =Source!H212 -> 1 рабочая секция | D69: =Source!I212 -> 1
A70: 6 | B70: =Source!G214 -> Установка съемных и выдвижных блоков (модулей, ячеек, ТЭЗ) массой до 5 кг | C70: =Source!H214 -> 1 ШТ. | D70: =Source!I214 -> 3
A71: 7 | B71: =Source!G216 -> Микрофонная панель, SRM-7010 | C71: =Source!H216 -> шт. | D71: =Source!I216 -> 1
A72: 8 | B72: =Source!G218 -> Бокс резервного питания, Sonar SPM-Box | C72: =Source!H218 -> шт. | D72: =Source!I218 -> 1
A73: 9 | B73: =Source!G220 -> Защитный кожух для SPM, SPM-Cover | C73: =Source!H220 -> шт. | D73: =Source!I220 -> 1
A74: 10 | B74: =Source!G224 -> Аккумулятор 12 В, 40 Ач, | C74: =Source!H224 -> шт. | D74: =Source!I224 -> 2
A75: 11 | B75: =Source!G226 -> Монтаж транспаранта светового (табло) | C75: =Source!H226 -> 1 ШТ. | D75: =Source!I226 -> 24
A76: 12 | B76: =Source!G228 -> Оповещатель световой адресный, ОПОП 1-R3 | C76: =Source!H228 -> шт. | D76: =Source!I228 -> 24
A77: 13 | B77: =Source!G232 -> Аппараты приемные, устройства промежуточные на 5 лучей | C77: =Source!H232 -> 1 ШТ. | D77: =Source!I232 -> 1
A78: 14 | B78: =Source!G234 -> Рубеж R3-МС Link | C78: =Source!H234 -> шт. | D78: =Source!I234 -> 1
A79: 15 | B79: =Source!G236 -> Аппараты приемные, приборы ПС приемно-контрольные, пусковые, концентратор, блок базовый на 20 лучей | C79: =Source!H236 -> 1 ШТ. | D79: =Source!I236 -> 2
A80: 16 | B80: =Source!G238 -> Рубеж ППКОПУ "R3-Рубеж-2ОП" Link | C80: =Source!H238 -> шт. | D80: =Source!I238 -> 1
A81: 17 | B81: =Source!G240 -> Рубеж R3-Рубеж-БИУ Link | C81: =Source!H240 -> шт. | D81: =Source!I240 -> 1
A82: 18 | B82: =Source!G244 -> Монтаж отдельно устанавливаемого преобразователя или блока питания | C82: =Source!H244 -> 1 ШТ. | D82: =Source!I244 -> 1
A83: 19 | B83: =Source!G246 -> Источник бесперебойного питания, ИВЭПР 12/5 RS-R3 2x17 БР - R3 | C83: =Source!H246 -> шт. | D83: =Source!I246 -> 1
A84: 20 | B84: =Source!G252 -> Аккумулятор 12 В, 17 Ач, SF 1217 для БР | C84: =Source!H252 -> шт. | D84: =Source!I252 -> 2
A85: 21 | B85: =Source!G254 -> Затягивание провода в проложенные трубы и металлические рукава, первого одножильного или многожильного в общей оплетке, суммарное сечение до 6 мм2 | C85: =Source!H254 -> 100 м | D85: =Source!I254 -> 4.027
A86: 22 | B86: =Source!G256 -> Кабель сети оповещения, КСРВнг(А)-FRLSLTx 1х2х1,38 | C86: =Source!H256 -> м | D86: =Source!I256 -> 410.754
A87: 23 | B87: =Source!G258 -> Затягивание провода в проложенные трубы и металлические рукава, первого одножильного или многожильного в общей оплетке, суммарное сечение до 2,5 мм2 | C87: =Source!H258 -> 100 м | D87: =Source!I258 -> 1.78
A88: 24 | B88: =Source!G260 -> Кабель сети оповещения, КПСЭнг(А)-FRLSLTx 1х2х0,75 | C88: =Source!H260 -> м | D88: =Source!I260 -> 181.56
A89: 25 | B89: =Source!G262 -> Прокладка металлического короба на конструкциях, кронштейнах, по фермам и колоннам, длина 2 м | C89: =Source!H262 -> 100 м | D89: =Source!I262 -> 2.564
A90: 26 | B90: =Source!G264 -> Кабель-канал металлический оцинкованный, ККМО 15х15 | C90: =Source!H264 -> м | D90: =Source!I264 -> 258.964
A91: 27 | B91: =Source!G266 -> Соединитель ККМО Угол 25 L-образный металлический, УТ000023538 | C91: =Source!H266 -> шт. | D91: =Source!I266 -> 20
A92: 28 | B92: =Source!G268 -> Трубы гофрированные поливинилхлоридные наружным диаметром 16 мм открыто по стенам и потолкам с установкой соединительных коробок | C92: =Source!H268 -> 100 м | D92: =Source!I268 -> 3.245
A93: 29 | B93: =Source!G270 -> Труба гофр. с зондом , FRHF 16 мм | C93: =Source!H270 -> м | D93: =Source!I270 -> 324.5
A94: 30 | B94: =Source!G272 -> Скоба металлическая однолапковая 16-17мм (100шт/уп) , 850-004 | C94: =Source!H272 -> шт. | D94: =Source!I272 -> 815
A95: 31 | B95: =Source!G278 -> Соединитель ККМО Угол 25 Т-образный металлический , УТ000023541 | C95: =Source!H278 -> шт. | D95: =Source!I278 -> 20
A96: 32 | B96: =Source!G280 -> Хомут пластиковый | C96: =Source!H280 -> шт. | D96: =Source!I280 -> 200
A97: 33 | B97: =Source!G282 -> Бирка кабельная | C97: =Source!H282 -> шт. | D97: =Source!I282 -> 200
A98: 34 | B98: =Source!G288 -> Коробка монтажная металлическая КМ-О (4к) с керамическими клеммами, КМ-О (4к) | C98: =Source!H288 -> шт. | D98: =Source!I288 -> 78
A99: 35 | B99: =Source!G290 -> Прокладка по установленным конструкциям, по стенам с креплением скобами стальной трубы диаметром до 25 мм | C99: =Source!H290 -> 100 м | D99: =Source!I290 -> 0.245
A100: 36 | B100: =Source!G292 -> Труба металлическая 22х1,5 мм | C100: =Source!H292 -> м | D100: =Source!I292 -> 25.235
A101: 37 | B101: =Source!G294 -> Разные работы, герметизация занятого канала кабельной канализации | C101: =Source!H294 -> 1 канал | D101: =Source!I294 -> 12
A102: 38 | B102: =Source!G296 -> Пена полиуретановая двухкомпонентная, терморасширяющаяся, противопожарная, окрашиваемая, диапазон температур применения от +10 до +30°С, диапазон температур эксплуатации от -30 до +110°С, для герметичной противопожарной заделки мест проходок инженерных коммуникаций внутри помещений, туба 300 мл | C102: =Source!H296 -> шт. | D102: =Source!I296 -> 5
A103: 39 | B103: =Source!G298 -> Сверление электроперфоратором сквозных отверстий в кирпичных стенах толщиной в 2 кирпича, диаметр отверстий, мм, до 30 | C103: =Source!H298 -> 100 отверстий | D103: =Source!I298 -> 0.78
A104: 40 | B104: =Source!G300 -> Заделка отверстий в кирпичных стенах в местах прохода трубопроводов | C104: =Source!H300 -> 100 отверстий | D104: =Source!I300 -> 0.78
A105: 40.1 | B105: =Source!G302 -> Смесь бетонная тяжелого бетона БСТ на гранитном щебне, крупность заполнителя от 5 до 20 мм, класс прочности В25 (М350), П3, F150, W6 | C105: =Source!H302 -> м3 | D105: =Source!I302 -> 0.24336
A106: 41 | B106: =Source!G304 -> Проверка всего технологического комплекса в режимах работы и контроля, сдача в эксплуатацию | C106: =Source!H304 -> 1 комплекс | D106: =Source!I304 -> 1
...

Sheet RV_DATA
A1: BuildingFinished | B1: Trud | C1: Mash | D1: Mat | E1: MatZak | F1: Oborud | G1: OborudZak | H1: ZeroStoim | I1: NegativeKoll | J1: ReUnionKollResurcy | K1: UnionOneUchRes | L1: IdLevel | M1: ViewCodes | N1: UnionCodes | O1: PEREVOZKA
A2: 1 | B2: 1 | C2: 1 | D2: 1 | E2: 1 | F2: 1 | G2: 1 | H2: 1 | I2: 1 | J2: 0 | K2: 1 | L2: 151751235 | M2: 0 | N2: 0 | O2: 0
A4: TYPE | B4: SOURCE_LINK | C4: RABMAT_EX | D4: TIP_RAB | E4: TYPE_TRUD | F4: TAB | G4: NAME | H4: EDIZM | I4: KOLL | J4: UCH | K4: PRICE_B | L4: PRICE_ED | M4: STOIM_B | N4: PRICE_C | O4: STOIM_C | P4: ZPM_B | Q4: ZPM_ED | R4: STOIM_ZPM_B | S4: ZPM_C | T4: STOIM_ZPM_C | U4: RABMAT | V4: WBS | W4: CBSI | X4: CBSII | Y4: TechSpecCVORPP | Z4: CRC_GR_RES | AA4: CRC_B | AB4: CRC_C
A6: =Source!A20 -> 3 | B6: 20 | G6: =Source!G20 -> СПС
A7: =Source!A24 -> 4 | B7: 24 | G7: =Source!G24 -> 1. СПС
A8: 20 | B8: 14 | C8: 3 | D8: 0 | E8: =SmtRes!AV14 -> 0 | F8: =SmtRes!I14 -> 9999990002 | G8: =SmtRes!K14 -> Масса оборудования | H8: =SmtRes!O14 -> т | I8: =SmtRes!Y14*Source!I29 -> 0.5 | J8: =SmtRes!AO14 -> 1 | K8: =SmtRes!AE14 -> 0 | L8: =SmtRes!DB14 -> 0 | M8: =ROUND(ROUND(L8*Source!I29, 6)*1, 2) -> 0 | N8: =SmtRes!AA14 -> 0 | O8: =ROUND(ROUND(L8*Source!I29, 6)*SmtRes!DA14, 2) -> 0 | P8: =SmtRes!AG14 -> 0 | Q8: =SmtRes!DC14 -> 0 | R8: =ROUND(ROUND(Q8*Source!I29, 6)*1, 2) -> 0 | S8: =SmtRes!AC14 -> 0 | T8: =ROUND(ROUND(Q8*Source!I29, 6)*SmtRes!AK14, 2) -> 0 | U8: 3 | Z8: =SmtRes!X14 -> -783086922 | AA8: 711510557 | AB8: 711510557
A9: 20 | B9: 13 | C9: 3 | D9: 0 | E9: =SmtRes!AV13 -> 0 | F9: =SmtRes!I13 -> 1.21-5-1180 | G9: =SmtRes!K13 -> Бирка маркировочная для кабелей и проводов, типа У134 У3,5 | H9: =SmtRes!O13 -> 1000 шт. | I9: =SmtRes!Y13*Source!I29 -> 0.016 | J9: =SmtRes!AO13 -> 1 | K9: =SmtRes!AE13 -> 226.68 | L9: =SmtRes!DB13 -> 3.63 | M9: =ROUND(ROUND(L9*Source!I29, 6)*1, 2) -> 3.63 | N9: =SmtRes!AA13 -> 1360.08 | O9: =ROUND(ROUND(L9*Source!I29, 6)*SmtRes!DA13, 2) -> 21.78 | P9: =SmtRes!AG13 -> 0 | Q9: =SmtRes!DC13 -> 0 | R9: =ROUND(ROUND(Q9*Source!I29, 6)*1, 2) -> 0 | S9: =SmtRes!AC13 -> 0 | T9: =ROUND(ROUND(Q9*Source!I29, 6)*SmtRes!AK13, 2) -> 0 | U9: 3 | Z9: =SmtRes!X13 -> 833010814 | AA9: 1462361054 | AB9: -1573974870
A10: 20 | B10: 12 | C10: 3 | D10: 0 | E10: =SmtRes!AV12 -> 0 | F10: =SmtRes!I12 -> 1.1-2-63 | G10: =SmtRes!K12 -> Нитки суровые | H10: =SmtRes!O12 -> г | I10: =SmtRes!Y12*Source!I29 -> 1 | J10: =SmtRes!AO12 -> 1 | K10: =SmtRes!AE12 -> 0.07 | L10: =SmtRes!DB12 -> 0.07 | M10: =ROUND(ROUND(L10*Source!I29, 6)*1, 2) -> 0.07 | N10: =SmtRes!AA12 -> 0.37 | O10: =ROUND(ROUND(L10*Source!I29, 6)*SmtRes!DA12, 2) -> 0.37 | P10: =SmtRes!AG12 -> 0 | Q10: =SmtRes!DC12 -> 0 | R10: =ROUND(ROUND(Q10*Source!I29, 6)*1, 2) -> 0 | S10: =SmtRes!AC12 -> 0 | T10: =ROUND(ROUND(Q10*Source!I29, 6)*SmtRes!AK12, 2) -> 0 | U10: 3 | Z10: =SmtRes!X12 -> -710729592 | AA10: 1722689737 | AB10: 1300462346
A11: 20 | B11: 11 | C11: 3 | D11: 0 | E11: =SmtRes!AV11 -> 0 | F11: =SmtRes!I11 -> 1.1-1-944 | G11: =SmtRes!K11 -> Припой оловянно-свинцовый, в прутках, диаметр 8 мм, типа ПОС-30 | H11: =SmtRes!O11 -> т | I11: =SmtRes!Y11*Source!I29 -> 0.00016 | J11: =SmtRes!AO11 -> 1 | K11: =SmtRes!AE11 -> 60966 | L11: =SmtRes!DB11 -> 9.75 | M11: =ROUND(ROUND(L11*Source!I29, 6)*1, 2) -> 9.75 | N11: =SmtRes!AA11 -> 1496715.3 | O11: =ROUND(ROUND(L11*Source!I29, 6)*SmtRes!DA11, 2) -> 239.36 | P11: =SmtRes!AG11 -> 0 | Q11: =SmtRes!DC11 -> 0 | R11: =ROUND(ROUND(Q11*Source!I29, 6)*1, 2) -> 0 | S11: =SmtRes!AC11 -> 0 | T11: =ROUND(ROUND(Q11*Source!I29, 6)*SmtRes!AK11, 2) -> 0 | U11: 3 | Z11: =SmtRes!X11 -> 1488995423 | AA11: 909785373 | AB11: 1929592101
A12: 20 | B12: 10 | C12: 3 | D12: 0 | E12: =SmtRes!AV10 -> 0 | F12: =SmtRes!I10 -> 1.1-1-3648 | G12: =SmtRes!K10 -> Трубки резиновые, технические, типа ТМКЩ, диаметр от 6 до 40 мм, толщина стенки от 2 до 4 мм | H12: =SmtRes!O10 -> кг | I12: =SmtRes!Y10*Source!I29 -> 0.02 | J12: =SmtRes!AO10 -> 1 | K12: =SmtRes!AE10 -> 49.18 | L12: =SmtRes!DB10 -> 0.98 | M12: =ROUND(ROUND(L12*Source!I29, 6)*1, 2) -> 0.98 | N12: =SmtRes!AA10 -> 409.18 | O12: =ROUND(ROUND(L12*Source!I29, 6)*SmtRes!DA10, 2) -> 8.15 | P12: =SmtRes!AG10 -> 0 | Q12: =SmtRes!DC10 -> 0 | R12: =ROUND(ROUND(Q12*Source!I29, 6)*1, 2) -> 0 | S12: =SmtRes!AC10 -> 0 | T12: =ROUND(ROUND(Q12*Source!I29, 6)*SmtRes!AK10, 2) -> 0 | U12: 3 | Z12: =SmtRes!X10 -> 1726033629 | AA12: -1180003253 | AB12: -1269028055
A13: 20 | B13: 9 | C13: 2 | D13: 0 | E13: =SmtRes!AV9 -> 0 | F13: =SmtRes!I9 -> 2.1-4-12 | G13: =SmtRes!K9 -> Автопогрузчики вилочные, грузоподъемность до 5 т | H13: =SmtRes!O9 -> маш.-ч | I13: =SmtRes!Y9*Source!I29 -> 3.4 | J13: =SmtRes!AO9 -> 1 | K13: =SmtRes!AF9 -> 114.83 | L13: =SmtRes!DB9 -> 390.42 | M13: =ROUND(ROUND(L13*Source!I29, 6)*1, 2) -> 390.42 | N13: =SmtRes!AB9 -> 1517.26 | O13: =ROUND(ROUND(L13*Source!I29, 6)*SmtRes!DA9, 2) -> 4927.1 | P13: =SmtRes!AG9 -> 12.62 | Q13: =SmtRes!DC9 -> 42.91 | R13: =ROUND(ROUND(Q13*Source!I29, 6)*1, 2) -> 42.91 | S13: =SmtRes!AC9 -> 455.99 | T13: =ROUND(ROUND(Q13*Source!I29, 6)*SmtRes!AK9, 2) -> 1480.82 | U13: 2 | Z13: =SmtRes!X9 -> -32031357 | AA13: 777923228 | AB13: 846388292
A14: 20 | B14: 8 | C14: 1 | D14: 0 | E14: =SmtRes!AV8 -> 1 | F14: =SmtRes!I8 -> 9999990008 | G14: =SmtRes!K8 -> Трудозатраты рабочих | H14: =SmtRes!O8 -> чел.-ч. | I14: =SmtRes!Y8*Source!I29 -> 68 | J14: =SmtRes!AO8 -> 1 | K14: =SmtRes!AH8 -> 0 | L14: =SmtRes!DB8 -> 0 | M14: =ROUND(ROUND(L14*Source!I29, 6)*1, 2) -> 0 | N14: =SmtRes!AD8 -> 0 | O14: =ROUND(ROUND(L14*Source!I29, 6)*SmtRes!DA8, 2) -> 0 | P14: =SmtRes!AG8 -> 0 | Q14: =SmtRes!DC8 -> 0 | R14: =ROUND(ROUND(Q14*Source!I29, 6)*1, 2) -> 0 | S14: =SmtRes!AC8 -> 0 | T14: =ROUND(ROUND(Q14*Source!I29, 6)*SmtRes!AK8, 2) -> 0 | U14: 1 | Z14: =SmtRes!X8 -> 476480486 | AA14: -1751963544 | AB14: -1751963544
A15: =Source!A31 -> 17 | B15: 31 | C15: 5 | D15: =Source!BI31 -> 3 | E15: =Source!FS31 -> 0 | F15: =Source!F31 -> УПД | G15: =Source!G31 -> Центральный прибор индикации и управления ЦПИУ «Рубеж», ЦПИУ "Рубеж" исп.1 | H15: =Source!H31 -> шт. | I15: =Source!I31 -> 1 | J15: 1 | K15: =Source!AC31 -> 68667.78 | M15: =ROUND(K15*I15, 2) -> 68667.78 | N15: =Source!AC31*IF(Source!BC31<> 0, Source!BC31, 1) -> 488227.92 | O15: =ROUND(N15*I15, 2) -> 488227.92 | P15: =Source!AE31 -> 0 | R15: =ROUND(P15*I15, 2) -> 0 | S15: =Source!AE31*IF(Source!BS31<> 0, Source!BS31, 1) -> 0 | T15: =ROUND(S15*I15, 2) -> 0 | U15: 3 | Z15: =Source!GF31 -> 1274654728 | AA15: 182833959 | AB15: -1746039687
A16: 20 | B16: 16 | C16: 1 | D16: 0 | E16: =SmtRes!AV16 -> 1 | F16: =SmtRes!I16 -> 9999990008 | G16: =SmtRes!K16 -> Трудозатраты рабочих | H16: =SmtRes!O16 -> чел.-ч. | I16: =SmtRes!Y16*Source!I33 -> 145.6 | J16: =SmtRes!AO16 -> 1 | K16: =SmtRes!AH16 -> 0 | L16: =SmtRes!DB16 -> 0 | M16: =ROUND(ROUND(L16*Source!I33, 6)*1, 2) -> 0 | N16: =SmtRes!AD16 -> 0 | O16: =ROUND(ROUND(L16*Source!I33, 6)*SmtRes!DA16, 2) -> 0 | P16: =SmtRes!AG16 -> 0 | Q16: =SmtRes!DC16 -> 0 | R16: =ROUND(ROUND(Q16*Source!I33, 6)*1, 2) -> 0 | S16: =SmtRes!AC16 -> 0 | T16: =ROUND(ROUND(Q16*Source!I33, 6)*SmtRes!AK16, 2) -> 0 | U16: 1 | Z16: =SmtRes!X16 -> 476480486 | AA16: -1751963544 | AB16: -1751963544
A17: 20 | B17: 42 | C17: 3 | D17: 0 | E17: =SmtRes!AV42 -> 0 | F17: =SmtRes!I42 -> 9999990002 | G17: =SmtRes!K42 -> Масса оборудования | H17: =SmtRes!O42 -> т | I17: =SmtRes!Y42*Source!I35 -> 0.001 | J17: =SmtRes!AO42 -> 1 | K17: =SmtRes!AE42 -> 0 | L17: =SmtRes!DB42 -> 0 | M17: =ROUND(ROUND(L17*Source!I35, 6)*1, 2) -> 0 | N17: =SmtRes!AA42 -> 0 | O17: =ROUND(ROUND(L17*Source!I35, 6)*SmtRes!DA42, 2) -> 0 | P17: =SmtRes!AG42 -> 0 | Q17: =SmtRes!DC42 -> 0 | R17: =ROUND(ROUND(Q17*Source!I35, 6)*1, 2) -> 0 | S17: =SmtRes!AC42 -> 0 | T17: =ROUND(ROUND(Q17*Source!I35, 6)*SmtRes!AK42, 2) -> 0 | U17: 3 | Z17: =SmtRes!X42 -> -783086922 | AA17: 711510557 | AB17: 711510557
A18: 20 | B18: 41 | C18: 3 | D18: 0 | E18: =SmtRes!AV41 -> 0 | F18: =SmtRes!I41 -> 1.21-5-690 | G18: =SmtRes!K41 -> Скрепа для ленты, типа NC 10, CF 10 | H18: =SmtRes!O41 -> 100 шт. | I18: =SmtRes!Y41*Source!I35 -> 0.04 | J18: =SmtRes!AO41 -> 1 | K18: =SmtRes!AE41 -> 413.16 | L18: =SmtRes!DB41 -> 16.53 | M18: =ROUND(ROUND(L18*Source!I35, 6)*1, 2) -> 16.53 | N18: =SmtRes!AA41 -> 1958.38 | O18: =ROUND(ROUND(L18*Source!I35, 6)*SmtRes!DA41, 2) -> 78.35 | P18: =SmtRes!AG41 -> 0 | Q18: =SmtRes!DC41 -> 0 | R18: =ROUND(ROUND(Q18*Source!I35, 6)*1, 2) -> 0 | S18: =SmtRes!AC41 -> 0 | T18: =ROUND(ROUND(Q18*Source!I35, 6)*SmtRes!AK41, 2) -> 0 | U18: 3 | Z18: =SmtRes!X41 -> -1327613835 | AA18: 1978705020 | AB18: 606062180
A19: 20 | B19: 40 | C19: 3 | D19: 0 | E19: =SmtRes!AV40 -> 0 | F19: =SmtRes!I40 -> 1.21-5-1229 | G19: =SmtRes!K40 -> Лента электроизоляционная, термостойкая, ширина 26 мм, толщина от 0,5 до 0,8 мм, типа ЛЭТСАР | H19: =SmtRes!O40 -> кг | I19: =SmtRes!Y40*Source!I35 -> 0.02 | J19: =SmtRes!AO40 -> 1 | K19: =SmtRes!AE40 -> 493.08 | L19: =SmtRes!DB40 -> 9.86 | M19: =ROUND(ROUND(L19*Source!I35, 6)*1, 2) -> 9.86 | N19: =SmtRes!AA40 -> 3047.23 | O19: =ROUND(ROUND(L19*Source!I35, 6)*SmtRes!DA40, 2) -> 60.93 | P19: =SmtRes!AG40 -> 0 | Q19: =SmtRes!DC40 -> 0 | R19: =ROUND(ROUND(Q19*Source!I35, 6)*1, 2) -> 0 | S19: =SmtRes!AC40 -> 0 | T19: =ROUND(ROUND(Q19*Source!I35, 6)*SmtRes!AK40, 2) -> 0 | U19: 3 | Z19: =SmtRes!X40 -> 1313298043 | AA19: -1823750506 | AB19: 1282286202
A20: 20 | B20: 39 | C20: 3 | D20: 0 | E20: =SmtRes!AV39 -> 0 | F20: =SmtRes!I39 -> 1.21-5-1141 | G20: =SmtRes!K39 -> Трубка (кембрик) изоляционная из ПВХ пластиката, диаметр 5 мм | H20: =SmtRes!O39 -> м | I20: =SmtRes!Y39*Source!I35 -> 5.91 | J20: =SmtRes!AO39 -> 1 | K20: =SmtRes!AE39 -> 0.69 | L20: =SmtRes!DB39 -> 4.08 | M20: =ROUND(ROUND(L20*Source!I35, 6)*1, 2) -> 4.08 | N20: =SmtRes!AA39 -> 4.53 | O20: =ROUND(ROUND(L20*Source!I35, 6)*SmtRes!DA39, 2) -> 26.81 | P20: =SmtRes!AG39 -> 0 | Q20: =SmtRes!DC39 -> 0 | R20: =ROUND(ROUND(Q20*Source!I35, 6)*1, 2) -> 0 | S20: =SmtRes!AC39 -> 0 | T20: =ROUND(ROUND(Q20*Source!I35, 6)*SmtRes!AK39, 2) -> 0 | U20: 3 | Z20: =SmtRes!X39 -> 660143704 | AA20: 680570959 | AB20: 1812635077
A21: 20 | B21: 38 | C21: 3 | D21: 0 | E21: =SmtRes!AV38 -> 0 | F21: =SmtRes!I38 -> 1.1-1-953 | G21: =SmtRes!K38 -> Проволока медная, толщина от 1,0 до 1,5 мм | H21: =SmtRes!O38 -> т | I21: =SmtRes!Y38*Source!I35 -> 0.0001 | J21: =SmtRes!AO38 -> 1 | K21: =SmtRes!AE38 -> 81246.4 | L21: =SmtRes!DB38 -> 8.12 | M21: =ROUND(ROUND(L21*Source!I35, 6)*1, 2) -> 8.12 | N21: =SmtRes!AA38 -> 1198384.4 | O21: =ROUND(ROUND(L21*Source!I35, 6)*SmtRes!DA38, 2) -> 119.77 | P21: =SmtRes!AG38 -> 0 | Q21: =SmtRes!DC38 -> 0 | R21: =ROUND(ROUND(Q21*Source!I35, 6)*1, 2) -> 0 | S21: =SmtRes!AC38 -> 0 | T21: =ROUND(ROUND(Q21*Source!I35, 6)*SmtRes!AK38, 2) -> 0 | U21: 3 | Z21: =SmtRes!X38 -> 1034648933 | AA21: 1839804255 | AB21: 22278637
A22: 20 | B22: 37 | C22: 3 | D22: 0 | E22: =SmtRes!AV37 -> 0 | F22: =SmtRes!I37 -> 1.1-1-945 | G22: =SmtRes!K37 -> Припой оловянно-свинцовый, в прутках, диаметр 8 мм, типа ПОС-40 | H22: =SmtRes!O37 -> т | I22: =SmtRes!Y37*Source!I35 -> 6e-05 | J22: =SmtRes!AO37 -> 1 | K22: =SmtRes!AE37 -> 64128.62 | L22: =SmtRes!DB37 -> 3.85 | M22: =ROUND(ROUND(L22*Source!I35, 6)*1, 2) -> 3.85 | N22: =SmtRes!AA37 -> 1930271.5 | O22: =ROUND(ROUND(L22*Source!I35, 6)*SmtRes!DA37, 2) -> 115.89 | P22: =SmtRes!AG37 -> 0 | Q22: =SmtRes!DC37 -> 0 | R22: =ROUND(ROUND(Q22*Source!I35, 6)*1, 2) -> 0 | S22: =SmtRes!AC37 -> 0 | T22: =ROUND(ROUND(Q22*Source!I35, 6)*SmtRes!AK37, 2) -> 0 | U22: 3 | Z22: =SmtRes!X37 -> 403804236 | AA22: 818563243 | AB22: -78630505
A23: 20 | B23: 36 | C23: 3 | D23: 0 | E23: =SmtRes!AV36 -> 0 | F23: =SmtRes!I36 -> 1.1-1-8007 | G23: =SmtRes!K36 -> Дюбель пластмассовый с шурупом, диаметр 12 мм, длина 70 мм, диаметр шурупа 8 мм, длина шурупа 70 мм | H23: =SmtRes!O36 -> 100 шт. | I23: =SmtRes!Y36*Source!I35 -> 0.1 | J23: =SmtRes!AO36 -> 1 | K23: =SmtRes!AE36 -> 120.2 | L23: =SmtRes!DB36 -> 12.02 | M23: =ROUND(ROUND(L23*Source!I35, 6)*1, 2) -> 12.02 | N23: =SmtRes!AA36 -> 1615.49 | O23: =ROUND(ROUND(L23*Source!I35, 6)*SmtRes!DA36, 2) -> 161.55 | P23: =SmtRes!AG36 -> 0 | Q23: =SmtRes!DC36 -> 0 | R23: =ROUND(ROUND(Q23*Source!I35, 6)*1, 2) -> 0 | S23: =SmtRes!AC36 -> 0 | T23: =ROUND(ROUND(Q23*Source!I35, 6)*SmtRes!AK36, 2) -> 0 | U23: 3 | Z23: =SmtRes!X36 -> 57643539 | AA23: -2024754912 | AB23: 290239521
A24: 20 | B24: 35 | C24: 3 | D24: 0 | E24: =SmtRes!AV35 -> 0 | F24: =SmtRes!I35 -> 1.1-1-440 | G24: =SmtRes!K35 -> Краска водно-дисперсионная, акриловая, типа ВДА | H24: =SmtRes!O35 -> т | I24: =SmtRes!Y35*Source!I35 -> 2e-05 | J24: =SmtRes!AO35 -> 1 | K24: =SmtRes!AE35 -> 17729.79 | L24: =SmtRes!DB35 -> 0.35 | M24: =ROUND(ROUND(L24*Source!I35, 6)*1, 2) -> 0.35 | N24: =SmtRes!AA35 -> 127122.59 | O24: =ROUND(ROUND(L24*Source!I35, 6)*SmtRes!DA35, 2) -> 2.51 | P24: =SmtRes!AG35 -> 0 | Q24: =SmtRes!DC35 -> 0 | R24: =ROUND(ROUND(Q24*Source!I35, 6)*1, 2) -> 0 | S24: =SmtRes!AC35 -> 0 | T24: =ROUND(ROUND(Q24*Source!I35, 6)*SmtRes!AK35, 2) -> 0 | U24: 3 | Z24: =SmtRes!X35 -> -1917880410 | AA24: 476628198 | AB24: 1909860070
A25: 20 | B25: 34 | C25: 3 | D25: 0 | E25: =SmtRes!AV34 -> 0 | F25: =SmtRes!I34 -> 1.1-1-330 | G25: =SmtRes!K34 -> Канифоль | H25: =SmtRes!O34 -> кг | I25: =SmtRes!Y34*Source!I35 -> 0.01 | J25: =SmtRes!AO34 -> 1 | K25: =SmtRes!AE34 -> 16.7 | L25: =SmtRes!DB34 -> 0.17 | M25: =ROUND(ROUND(L25*Source!I35, 6)*1, 2) -> 0.17 | N25: =SmtRes!AA34 -> 464.93 | O25: =ROUND(ROUND(L25*Source!I35, 6)*SmtRes!DA34, 2) -> 4.73 | P25: =SmtRes!AG34 -> 0 | Q25: =SmtRes!DC34 -> 0 | R25: =ROUND(ROUND(Q25*Source!I35, 6)*1, 2) -> 0 | S25: =SmtRes!AC34 -> 0 | T25: =ROUND(ROUND(Q25*Source!I35, 6)*SmtRes!AK34, 2) -> 0 | U25: 3 | Z25: =SmtRes!X34 -> -286966143 | AA25: -1418869673 | AB25: 1282226774
A26: 20 | B26: 33 | C26: 3 | D26: 0 | E26: =SmtRes!AV33 -> 0 | F26: =SmtRes!I33 -> 1.1-1-2911 | G26: =SmtRes!K33 -> Лак электроизоляционный меламиноалкидный, типа МЛ-92 | H26: =SmtRes!O33 -> кг | I26: =SmtRes!Y33*Source!I35 -> 0.03 | J26: =SmtRes!AO33 -> 1 | K26: =SmtRes!AE33 -> 15.11 | L26: =SmtRes!DB33 -> 0.45 | M26: =ROUND(ROUND(L26*Source!I35, 6)*1, 2) -> 0.45 | N26: =SmtRes!AA33 -> 194.77 | O26: =ROUND(ROUND(L26*Source!I35, 6)*SmtRes!DA33, 2) -> 5.8 | P26: =SmtRes!AG33 -> 0 | Q26: =SmtRes!DC33 -> 0 | R26: =ROUND(ROUND(Q26*Source!I35, 6)*1, 2) -> 0 | S26: =SmtRes!AC33 -> 0 | T26: =ROUND(ROUND(Q26*Source!I35, 6)*SmtRes!AK33, 2) -> 0 | U26: 3 | Z26: =SmtRes!X33 -> 946507008 | AA26: 1713543608 | AB26: -1113958799
A27: 20 | B27: 32 | C27: 3 | D27: 0 | E27: =SmtRes!AV32 -> 0 | F27: =SmtRes!I32 -> 1.1-1-146 | G27: =SmtRes!K32 -> Гипс строительный | H27: =SmtRes!O32 -> т | I27: =SmtRes!Y32*Source!I35 -> 0.0003 | J27: =SmtRes!AO32 -> 1 | K27: =SmtRes!AE32 -> 1227.38 | L27: =SmtRes!DB32 -> 0.37 | M27: =ROUND(ROUND(L27*Source!I35, 6)*1, 2) -> 0.37 | N27: =SmtRes!AA32 -> 6836.51 | O27: =ROUND(ROUND(L27*Source!I35, 6)*SmtRes!DA32, 2) -> 2.06 | P27: =SmtRes!AG32 -> 0 | Q27: =SmtRes!DC32 -> 0 | R27: =ROUND(ROUND(Q27*Source!I35, 6)*1, 2) -> 0 | S27: =SmtRes!AC32 -> 0 | T27: =ROUND(ROUND(Q27*Source!I35, 6)*SmtRes!AK32, 2) -> 0 | U27: 3 | Z27: =SmtRes!X32 -> 1238321560 | AA27: 1832985152 | AB27: -1557696929
A28: 20 | B28: 31 | C28: 2 | D28: 0 | E28: =SmtRes!AV31 -> 0 | F28: =SmtRes!I31 -> 2.1-4-12 | G28: =SmtRes!K31 -> Автопогрузчики вилочные, грузоподъемность до 5 т | H28: =SmtRes!O31 -> маш.-ч | I28: =SmtRes!Y31*Source!I35 -> 0.4 | J28: =SmtRes!AO31 -> 1 | K28: =SmtRes!AF31 -> 114.83 | L28: =SmtRes!DB31 -> 45.93 | M28: =ROUND(ROUND(L28*Source!I35, 6)*1, 2) -> 45.93 | N28: =SmtRes!AB31 -> 1517.26 | O28: =ROUND(ROUND(L28*Source!I35, 6)*SmtRes!DA31, 2) -> 579.64 | P28: =SmtRes!AG31 -> 12.62 | Q28: =SmtRes!DC31 -> 5.05 | R28: =ROUND(ROUND(Q28*Source!I35, 6)*1, 2) -> 5.05 | S28: =SmtRes!AC31 -> 455.99 | T28: =ROUND(ROUND(Q28*Source!I35, 6)*SmtRes!AK31, 2) -> 174.28 | U28: 2 | Z28: =SmtRes!X31 -> -32031357 | AA28: 777923228 | AB28: 846388292
A29: 20 | B29: 30 | C29: 1 | D29: 0 | E29: =SmtRes!AV30 -> 1 | F29: =SmtRes!I30 -> 9999990008 | G29: =SmtRes!K30 -> Трудозатраты рабочих | H29: =SmtRes!O30 -> чел.-ч. | I29: =SmtRes!Y30*Source!I35 -> 9.3 | J29: =SmtRes!AO30 -> 1 | K29: =SmtRes!AH30 -> 0 | L29: =SmtRes!DB30 -> 0 | M29: =ROUND(ROUND(L29*Source!I35, 6)*1, 2) -> 0 | N29: =SmtRes!AD30 -> 0 | O29: =ROUND(ROUND(L29*Source!I35, 6)*SmtRes!DA30, 2) -> 0 | P29: =SmtRes!AG30 -> 0 | Q29: =SmtRes!DC30 -> 0 | R29: =ROUND(ROUND(Q29*Source!I35, 6)*1, 2) -> 0 | S29: =SmtRes!AC30 -> 0 | T29: =ROUND(ROUND(Q29*Source!I35, 6)*SmtRes!AK30, 2) -> 0 | U29: 1 | Z29: =SmtRes!X30 -> 476480486 | AA29: -1751963544 | AB29: -1751963544
A30: =Source!A37 -> 17 | B30: 37 | C30: 5 | D30: =Source!BI37 -> 3 | E30: =Source!FS37 -> 0 | F30: =Source!F37 -> УПД | G30: =Source!G37 -> Источник бесперебойного питания, SKAT-UPS 1000/600 | H30: =Source!H37 -> шт. | I30: =Source!I37 -> 1 | J30: 1 | K30: =Source!AC37 -> 4137.19 | M30: =ROUND(K30*I30, 2) -> 4137.19 | N30: =Source!AC37*IF(Source!BC37<> 0, Source!BC37, 1) -> 29415.421 | O30: =ROUND(N30*I30, 2) -> 29415.42 | P30: =Source!AE37 -> 0 | R30: =ROUND(P30*I30, 2) -> 0 | S30: =Source!AE37*IF(Source!BS37<> 0, Source!BS37, 1) -> 0 | T30: =ROUND(S30*I30, 2) -> 0 | U30: 3 | Z30: =Source!GF37 -> -769494491 | AA30: -1221198309 | AB30: 84026592
A31: 20 | B31: 44 | C31: 1 | D31: 0 | E31: =SmtRes!AV44 -> 1 | F31: =SmtRes!I44 -> 9999990008 | G31: =SmtRes!K44 -> Трудозатраты рабочих | H31: =SmtRes!O44 -> чел.-ч. | I31: =SmtRes!Y44*Source!I39 -> 11.7 | J31: =SmtRes!AO44 -> 1 | K31: =SmtRes!AH44 -> 0 | L31: =SmtRes!DB44 -> 0 | M31: =ROUND(ROUND(L31*Source!I39, 6)*1, 2) -> 0 | N31: =SmtRes!AD44 -> 0 | O31: =ROUND(ROUND(L31*Source!I39, 6)*SmtRes!DA44, 2) -> 0 | P31: =SmtRes!AG44 -> 0 | Q31: =SmtRes!DC44 -> 0 | R31: =ROUND(ROUND(Q31*Source!I39, 6)*1, 2) -> 0 | S31: =SmtRes!AC44 -> 0 | T31: =ROUND(ROUND(Q31*Source!I39, 6)*SmtRes!AK44, 2) -> 0 | U31: 1 | Z31: =SmtRes!X44 -> 476480486 | AA31: -1751963544 | AB31: -1751963544
A32: =Source!A41 -> 17 | B32: 41 | C32: 5 | D32: =Source!BI41 -> 3 | E32: =Source!FS41 -> 0 | F32: =Source!F41 -> УПД | G32: =Source!G41 -> Прибор приемно-контрольный и управления охранно-пожар-ный адресный, R3-Рубеж-2ОП | H32: =Source!H41 -> шт. | I32: =Source!I41 -> 1 | J32: 1 | K32: =Source!AC41 -> 6301.22 | M32: =ROUND(K32*I32, 2) -> 6301.22 | N32: =Source!AC41*IF(Source!BC41<> 0, Source!BC41, 1) -> 44801.674 | O32: =ROUND(N32*I32, 2) -> 44801.67 | P32: =Source!AE41 -> 0 | R32: =ROUND(P32*I32, 2) -> 0 | S32: =Source!AE41*IF(Source!BS41<> 0, Source!BS41, 1) -> 0 | T32: =ROUND(S32*I32, 2) -> 0 | U32: 3 | Z32: =Source!GF41 -> 1755136305 | AA32: 1417338398 | AB32: -289966871
A33: 20 | B33: 54 | C33: 1 | D33: 0 | E33: =SmtRes!AV54 -> 1 | F33: =SmtRes!I54 -> 9999990008 | G33: =SmtRes!K54 -> Трудозатраты рабочих | H33: =SmtRes!O54 -> чел.-ч. | I33: =SmtRes!Y54*Source!I45 -> 1.2 | J33: =SmtRes!AO54 -> 1 | K33: =SmtRes!AH54 -> 0 | L33: =SmtRes!DB54 -> 0 | M33: =ROUND(ROUND(L33*Source!I45, 6)*1, 2) -> 0 | N33: =SmtRes!AD54 -> 0 | O33: =ROUND(ROUND(L33*Source!I45, 6)*SmtRes!DA54, 2) -> 0 | P33: =SmtRes!AG54 -> 0 | Q33: =SmtRes!DC54 -> 0 | R33: =ROUND(ROUND(Q33*Source!I45, 6)*1, 2) -> 0 | S33: =SmtRes!AC54 -> 0 | T33: =ROUND(ROUND(Q33*Source!I45, 6)*SmtRes!AK54, 2) -> 0 | U33: 1 | Z33: =SmtRes!X54 -> 476480486 | AA33: -1751963544 | AB33: -1751963544
A34: =Source!A47 -> 17 | B34: 47 | C34: 5 | D34: =Source!BI47 -> 3 | E34: =Source!FS47 -> 0 | F34: =Source!F47 -> УПД | G34: =Source!G47 -> Блок индикации и управления, R3-Рубеж-БИУ | H34: =Source!H47 -> шт. | I34: =Source!I47 -> 1 | J34: 1 | K34: =Source!AC47 -> 3259.91 | M34: =ROUND(K34*I34, 2) -> 3259.91 | N34: =Source!AC47*IF(Source!BC47<> 0, Source!BC47, 1) -> 23177.96 | O34: =ROUND(N34*I34, 2) -> 23177.96 | P34: =Source!AE47 -> 0 | R34: =ROUND(P34*I34, 2) -> 0 | S34: =Source!AE47*IF(Source!BS47<> 0, Source!BS47, 1) -> 0 | T34: =ROUND(S34*I34, 2) -> 0 | U34: 3 | Z34: =Source!GF47 -> 6704842 | AA34: -648390725 | AB34: -837166025
A35: 20 | B35: 82 | C35: 3 | D35: 0 | E35: =SmtRes!AV82 -> 0 | F35: =SmtRes!I82 -> 9999990002 | G35: =SmtRes!K82 -> Масса оборудования | H35: =SmtRes!O82 -> т | I35: =SmtRes!Y82*Source!I51 -> 0.002 | J35: =SmtRes!AO82 -> 1 | K35: =SmtRes!AE82 -> 0 | L35: =SmtRes!DB82 -> 0 | M35: =ROUND(ROUND(L35*Source!I51, 6)*1, 2) -> 0 | N35: =SmtRes!AA82 -> 0 | O35: =ROUND(ROUND(L35*Source!I51, 6)*SmtRes!DA82, 2) -> 0 | P35: =SmtRes!AG82 -> 0 | Q35: =SmtRes!DC82 -> 0 | R35: =ROUND(ROUND(Q35*Source!I51, 6)*1, 2) -> 0 | S35: =SmtRes!AC82 -> 0 | T35: =ROUND(ROUND(Q35*Source!I51, 6)*SmtRes!AK82, 2) -> 0 | U35: 3 | Z35: =SmtRes!X82 -> -783086922 | AA35: 711510557 | AB35: 711510557
A36: 20 | B36: 81 | C36: 3 | D36: 0 | E36: =SmtRes!AV81 -> 0 | F36: =SmtRes!I81 -> 1.21-5-690 | G36: =SmtRes!K81 -> Скрепа для ленты, типа NC 10, CF 10 | H36: =SmtRes!O81 -> 100 шт. | I36: =SmtRes!Y81*Source!I51 -> 0.08 | J36: =SmtRes!AO81 -> 1 | K36: =SmtRes!AE81 -> 413.16 | L36: =SmtRes!DB81 -> 16.53 | M36: =ROUND(ROUND(L36*Source!I51, 6)*1, 2) -> 33.06 | N36: =SmtRes!AA81 -> 1958.38 | O36: =ROUND(ROUND(L36*Source!I51, 6)*SmtRes!DA81, 2) -> 156.7 | P36: =SmtRes!AG81 -> 0 | Q36: =SmtRes!DC81 -> 0 | R36: =ROUND(ROUND(Q36*Source!I51, 6)*1, 2) -> 0 | S36: =SmtRes!AC81 -> 0 | T36: =ROUND(ROUND(Q36*Source!I51, 6)*SmtRes!AK81, 2) -> 0 | U36: 3 | Z36: =SmtRes!X81 -> -1327613835 | AA36: 1978705020 | AB36: 606062180
A37: 20 | B37: 80 | C37: 3 | D37: 0 | E37: =SmtRes!AV80 -> 0 | F37: =SmtRes!I80 -> 1.21-5-1229 | G37: =SmtRes!K80 -> Лента электроизоляционная, термостойкая, ширина 26 мм, толщина от 0,5 до 0,8 мм, типа ЛЭТСАР | H37: =SmtRes!O80 -> кг | I37: =SmtRes!Y80*Source!I51 -> 0.04 | J37: =SmtRes!AO80 -> 1 | K37: =SmtRes!AE80 -> 493.08 | L37: =SmtRes!DB80 -> 9.86 | M37: =ROUND(ROUND(L37*Source!I51, 6)*1, 2) -> 19.72 | N37: =SmtRes!AA80 -> 3047.23 | O37: =ROUND(ROUND(L37*Source!I51, 6)*SmtRes!DA80, 2) -> 121.87 | P37: =SmtRes!AG80 -> 0 | Q37: =SmtRes!DC80 -> 0 | R37: =ROUND(ROUND(Q37*Source!I51, 6)*1, 2) -> 0 | S37: =SmtRes!AC80 -> 0 | T37: =ROUND(ROUND(Q37*Source!I51, 6)*SmtRes!AK80, 2) -> 0 | U37: 3 | Z37: =SmtRes!X80 -> 1313298043 | AA37: -1823750506 | AB37: 1282286202
A38: 20 | B38: 79 | C38: 3 | D38: 0 | E38: =SmtRes!AV79 -> 0 | F38: =SmtRes!I79 -> 1.21-5-1141 | G38: =SmtRes!K79 -> Трубка (кембрик) изоляционная из ПВХ пластиката, диаметр 5 мм | H38: =SmtRes!O79 -> м | I38: =SmtRes!Y79*Source!I51 -> 11.82 | J38: =SmtRes!AO79 -> 1 | K38: =SmtRes!AE79 -> 0.69 | L38: =SmtRes!DB79 -> 4.08 | M38: =ROUND(ROUND(L38*Source!I51, 6)*1, 2) -> 8.16 | N38: =SmtRes!AA79 -> 4.53 | O38: =ROUND(ROUND(L38*Source!I51, 6)*SmtRes!DA79, 2) -> 53.61 | P38: =SmtRes!AG79 -> 0 | Q38: =SmtRes!DC79 -> 0 | R38: =ROUND(ROUND(Q38*Source!I51, 6)*1, 2) -> 0 | S38: =SmtRes!AC79 -> 0 | T38: =ROUND(ROUND(Q38*Source!I51, 6)*SmtRes!AK79, 2) -> 0 | U38: 3 | Z38: =SmtRes!X79 -> 660143704 | AA38: 680570959 | AB38: 1812635077
A39: 20 | B39: 78 | C39: 3 | D39: 0 | E39: =SmtRes!AV78 -> 0 | F39: =SmtRes!I78 -> 1.1-1-953 | G39: =SmtRes!K78 -> Проволока медная, толщина от 1,0 до 1,5 мм | H39: =SmtRes!O78 -> т | I39: =SmtRes!Y78*Source!I51 -> 0.0002 | J39: =SmtRes!AO78 -> 1 | K39: =SmtRes!AE78 -> 81246.4 | L39: =SmtRes!DB78 -> 8.12 | M39: =ROUND(ROUND(L39*Source!I51, 6)*1, 2) -> 16.24 | N39: =SmtRes!AA78 -> 1198384.4 | O39: =ROUND(ROUND(L39*Source!I51, 6)*SmtRes!DA78, 2) -> 239.54 | P39: =SmtRes!AG78 -> 0 | Q39: =SmtRes!DC78 -> 0 | R39: =ROUND(ROUND(Q39*Source!I51, 6)*1, 2) -> 0 | S39: =SmtRes!AC78 -> 0 | T39: =ROUND(ROUND(Q39*Source!I51, 6)*SmtRes!AK78, 2) -> 0 | U39: 3 | Z39: =SmtRes!X78 -> 1034648933 | AA39: 1839804255 | AB39: 22278637
A40: 20 | B40: 77 | C40: 3 | D40: 0 | E40: =SmtRes!AV77 -> 0 | F40: =SmtRes!I77 -> 1.1-1-945 | G40: =SmtRes!K77 -> Припой оловянно-свинцовый, в прутках, диаметр 8 мм, типа ПОС-40 | H40: =SmtRes!O77 -> т | I40: =SmtRes!Y77*Source!I51 -> 0.00012 | J40: =SmtRes!AO77 -> 1 | K40: =SmtRes!AE77 -> 64128.62 | L40: =SmtRes!DB77 -> 3.85 | M40: =ROUND(ROUND(L40*Source!I51, 6)*1, 2) -> 7.7 | N40: =SmtRes!AA77 -> 1930271.5 | O40: =ROUND(ROUND(L40*Source!I51, 6)*SmtRes!DA77, 2) -> 231.77 | P40: =SmtRes!AG77 -> 0 | Q40: =SmtRes!DC77 -> 0 | R40: =ROUND(ROUND(Q40*Source!I51, 6)*1, 2) -> 0 | S40: =SmtRes!AC77 -> 0 | T40: =ROUND(ROUND(Q40*Source!I51, 6)*SmtRes!AK77, 2) -> 0 | U40: 3 | Z40: =SmtRes!X77 -> 403804236 | AA40: 818563243 | AB40: -78630505
A41: 20 | B41: 76 | C41: 3 | D41: 0 | E41: =SmtRes!AV76 -> 0 | F41: =SmtRes!I76 -> 1.1-1-8007 | G41: =SmtRes!K76 -> Дюбель пластмассовый с шурупом, диаметр 12 мм, длина 70 мм, диаметр шурупа 8 мм, длина шурупа 70 мм | H41: =SmtRes!O76 -> 100 шт. | I41: =SmtRes!Y76*Source!I51 -> 0.2 | J41: =SmtRes!AO76 -> 1 | K41: =SmtRes!AE76 -> 120.2 | L41: =SmtRes!DB76 -> 12.02 | M41: =ROUND(ROUND(L41*Source!I51, 6)*1, 2) -> 24.04 | N41: =SmtRes!AA76 -> 1615.49 | O41: =ROUND(ROUND(L41*Source!I51, 6)*SmtRes!DA76, 2) -> 323.1 | P41: =SmtRes!AG76 -> 0 | Q41: =SmtRes!DC76 -> 0 | R41: =ROUND(ROUND(Q41*Source!I51, 6)*1, 2) -> 0 | S41: =SmtRes!AC76 -> 0 | T41: =ROUND(ROUND(Q41*Source!I51, 6)*SmtRes!AK76, 2) -> 0 | U41: 3 | Z41: =SmtRes!X76 -> 57643539 | AA41: -2024754912 | AB41: 290239521
A42: 20 | B42: 75 | C42: 3 | D42: 0 | E42: =SmtRes!AV75 -> 0 | F42: =SmtRes!I75 -> 1.1-1-440 | G42: =SmtRes!K75 -> Краска водно-дисперсионная, акриловая, типа ВДА | H42: =SmtRes!O75 -> т | I42: =SmtRes!Y75*Source!I51 -> 4e-05 | J42: =SmtRes!AO75 -> 1 | K42: =SmtRes!AE75 -> 17729.79 | L42: =SmtRes!DB75 -> 0.35 | M42: =ROUND(ROUND(L42*Source!I51, 6)*1, 2) -> 0.7 | N42: =SmtRes!AA75 -> 127122.59 | O42: =ROUND(ROUND(L42*Source!I51, 6)*SmtRes!DA75, 2) -> 5.02 | P42: =SmtRes!AG75 -> 0 | Q42: =SmtRes!DC75 -> 0 | R42: =ROUND(ROUND(Q42*Source!I51, 6)*1, 2) -> 0 | S42: =SmtRes!AC75 -> 0 | T42: =ROUND(ROUND(Q42*Source!I51, 6)*SmtRes!AK75, 2) -> 0 | U42: 3 | Z42: =SmtRes!X75 -> -1917880410 | AA42: 476628198 | AB42: 1909860070
A43: 20 | B43: 74 | C43: 3 | D43: 0 | E43: =SmtRes!AV74 -> 0 | F43: =SmtRes!I74 -> 1.1-1-330 | G43: =SmtRes!K74 -> Канифоль | H43: =SmtRes!O74 -> кг | I43: =SmtRes!Y74*Source!I51 -> 0.02 | J43: =SmtRes!AO74 -> 1 | K43: =SmtRes!AE74 -> 16.7 | L43: =SmtRes!DB74 -> 0.17 | M43: =ROUND(ROUND(L43*Source!I51, 6)*1, 2) -> 0.34 | N43: =SmtRes!AA74 -> 464.93 | O43: =ROUND(ROUND(L43*Source!I51, 6)*SmtRes!DA74, 2) -> 9.47 | P43: =SmtRes!AG74 -> 0 | Q43: =SmtRes!DC74 -> 0 | R43: =ROUND(ROUND(Q43*Source!I51, 6)*1, 2) -> 0 | S43: =SmtRes!AC74 -> 0 | T43: =ROUND(ROUND(Q43*Source!I51, 6)*SmtRes!AK74, 2) -> 0 | U43: 3 | Z43: =SmtRes!X74 -> -286966143 | AA43: -1418869673 | AB43: 1282226774
A44: 20 | B44: 73 | C44: 3 | D44: 0 | E44: =SmtRes!AV73 -> 0 | F44: =SmtRes!I73 -> 1.1-1-2911 | G44: =SmtRes!K73 -> Лак электроизоляционный меламиноалкидный, типа МЛ-92 | H44: =SmtRes!O73 -> кг | I44: =SmtRes!Y73*Source!I51 -> 0.06 | J44: =SmtRes!AO73 -> 1 | K44: =SmtRes!AE73 -> 15.11 | L44: =SmtRes!DB73 -> 0.45 | M44: =ROUND(ROUND(L44*Source!I51, 6)*1, 2) -> 0.9 | N44: =SmtRes!AA73 -> 194.77 | O44: =ROUND(ROUND(L44*Source!I51, 6)*SmtRes!DA73, 2) -> 11.6 | P44: =SmtRes!AG73 -> 0 | Q44: =SmtRes!DC73 -> 0 | R44: =ROUND(ROUND(Q44*Source!I51, 6)*1, 2) -> 0 | S44: =SmtRes!AC73 -> 0 | T44: =ROUND(ROUND(Q44*Source!I51, 6)*SmtRes!AK73, 2) -> 0 | U44: 3 | Z44: =SmtRes!X73 -> 946507008 | AA44: 1713543608 | AB44: -1113958799
A45: 20 | B45: 72 | C45: 3 | D45: 0 | E45: =SmtRes!AV72 -> 0 | F45: =SmtRes!I72 -> 1.1-1-146 | G45: =SmtRes!K72 -> Гипс строительный | H45: =SmtRes!O72 -> т | I45: =SmtRes!Y72*Source!I51 -> 0.0006 | J45: =SmtRes!AO72 -> 1 | K45: =SmtRes!AE72 -> 1227.38 | L45: =SmtRes!DB72 -> 0.37 | M45: =ROUND(ROUND(L45*Source!I51, 6)*1, 2) -> 0.74 | N45: =SmtRes!AA72 -> 6836.51 | O45: =ROUND(ROUND(L45*Source!I51, 6)*SmtRes!DA72, 2) -> 4.12 | P45: =SmtRes!AG72 -> 0 | Q45: =SmtRes!DC72 -> 0 | R45: =ROUND(ROUND(Q45*Source!I51, 6)*1, 2) -> 0 | S45: =SmtRes!AC72 -> 0 | T45: =ROUND(ROUND(Q45*Source!I51, 6)*SmtRes!AK72, 2) -> 0 | U45: 3 | Z45: =SmtRes!X72 -> 1238321560 | AA45: 1832985152 | AB45: -1557696929
A46: 20 | B46: 71 | C46: 2 | D46: 0 | E46: =SmtRes!AV71 -> 0 | F46: =SmtRes!I71 -> 2.1-4-12 | G46: =SmtRes!K71 -> Автопогрузчики вилочные, грузоподъемность до 5 т | H46: =SmtRes!O71 -> маш.-ч | I46: =SmtRes!Y71*Source!I51 -> 0.8 | J46: =SmtRes!AO71 -> 1 | K46: =SmtRes!AF71 -> 114.83 | L46: =SmtRes!DB71 -> 45.93 | M46: =ROUND(ROUND(L46*Source!I51, 6)*1, 2) -> 91.86 | N46: =SmtRes!AB71 -> 1517.26 | O46: =ROUND(ROUND(L46*Source!I51, 6)*SmtRes!DA71, 2) -> 1159.27 | P46: =SmtRes!AG71 -> 12.62 | Q46: =SmtRes!DC71 -> 5.05 | R46: =ROUND(ROUND(Q46*Source!I51, 6)*1, 2) -> 10.1 | S46: =SmtRes!AC71 -> 455.99 | T46: =ROUND(ROUND(Q46*Source!I51, 6)*SmtRes!AK71, 2) -> 348.55 | U46: 2 | Z46: =SmtRes!X71 -> -32031357 | AA46: 777923228 | AB46: 846388292
A47: 20 | B47: 70 | C47: 1 | D47: 0 | E47: =SmtRes!AV70 -> 1 | F47: =SmtRes!I70 -> 9999990008 | G47: =SmtRes!K70 -> Трудозатраты рабочих | H47: =SmtRes!O70 -> чел.-ч. | I47: =SmtRes!Y70*Source!I51 -> 18.6 | J47: =SmtRes!AO70 -> 1 | K47: =SmtRes!AH70 -> 0 | L47: =SmtRes!DB70 -> 0 | M47: =ROUND(ROUND(L47*Source!I51, 6)*1, 2) -> 0 | N47: =SmtRes!AD70 -> 0 | O47: =ROUND(ROUND(L47*Source!I51, 6)*SmtRes!DA70, 2) -> 0 | P47: =SmtRes!AG70 -> 0 | Q47: =SmtRes!DC70 -> 0 | R47: =ROUND(ROUND(Q47*Source!I51, 6)*1, 2) -> 0 | S47: =SmtRes!AC70 -> 0 | T47: =ROUND(ROUND(Q47*Source!I51, 6)*SmtRes!AK70, 2) -> 0 | U47: 1 | Z47: =SmtRes!X70 -> 476480486 | AA47: -1751963544 | AB47: -1751963544
A48: =Source!A53 -> 17 | B48: 53 | C48: 3 | D48: =Source!BI53 -> 2 | E48: =Source!FS53 -> 0 | F48: =Source!F53 -> УПД | G48: =Source!G53 -> Бокс резервного питания "БР-12 исп. 2х40" | H48: =Source!H53 -> шт. | I48: =Source!I53 -> 1 | J48: 1 | K48: =Source!AC53 -> 812.54 | M48: =ROUND(K48*I48, 2) -> 812.54 | N48: =Source!AC53*IF(Source!BC53<> 0, Source!BC53, 1) -> 7914.1396 | O48: =ROUND(N48*I48, 2) -> 7914.14 | P48: =Source!AE53 -> 0 | R48: =ROUND(P48*I48, 2) -> 0 | S48: =Source!AE53*IF(Source!BS53<> 0, Source!BS53, 1) -> 0 | T48: =ROUND(S48*I48, 2) -> 0 | U48: 3 | Z48: =Source!GF53 -> -1097217638 | AA48: -427308714 | AB48: -1852245674
A49: =Source!A55 -> 17 | B49: 55 | C49: 5 | D49: =Source!BI55 -> 3 | E49: =Source!FS55 -> 0 | F49: =Source!F55 -> УПД | G49: =Source!G55 -> Источник бесперебойного питания, ИВЭПР 12/5 RS-R3 2x17 БР - R3 | H49: =Source!H55 -> шт. | I49: =Source!I55 -> 1 | J49: 1 | K49: =Source!AC55 -> 1675.84 | M49: =ROUND(K49*I49, 2) -> 1675.84 | N49: =Source!AC55*IF(Source!BC55<> 0, Source!BC55, 1) -> 11915.222 | O49: =ROUND(N49*I49, 2) -> 11915.22 | P49: =Source!AE55 -> 0 | R49: =ROUND(P49*I49, 2) -> 0 | S49: =Source!AE55*IF(Source!BS55<> 0, Source!BS55, 1) -> 0 | T49: =ROUND(S49*I49, 2) -> 0 | U49: 3 | Z49: =Source!GF55 -> -1447420557 | AA49: -1481387347 | AB49: 903521586
A50: =Source!A59 -> 17 | B50: 59 | C50: 3 | D50: =Source!BI59 -> 2 | E50: =Source!FS59 -> 0 | F50: =Source!F59 -> УПД | G50: =Source!G59 -> Аккумулятор 12 В, 17 Ач, SF 1217 | H50: =Source!H59 -> шт. | I50: =Source!I59 -> 4 | J50: 1 | K50: =Source!AC59 -> 375.43 | M50: =ROUND(K50*I50, 2) -> 1501.72 | N50: =Source!AC59*IF(Source!BC59<> 0, Source!BC59, 1) -> 3656.6882 | O50: =ROUND(N50*I50, 2) -> 14626.75 | P50: =Source!AE59 -> 0 | R50: =ROUND(P50*I50, 2) -> 0 | S50: =Source!AE59*IF(Source!BS59<> 0, Source!BS59, 1) -> 0 | T50: =ROUND(S50*I50, 2) -> 0 | U50: 3 | Z50: =Source!GF59 -> -544551361 | AA50: -960823589 | AB50: 596623845
A51: 20 | B51: 94 | C51: 1 | D51: 0 | E51: =SmtRes!AV94 -> 1 | F51: =SmtRes!I94 -> 9999990008 | G51: =SmtRes!K94 -> Трудозатраты рабочих | H51: =SmtRes!O94 -> чел.-ч. | I51: =SmtRes!Y94*Source!I61 -> 51.8 | J51: =SmtRes!AO94 -> 1 | K51: =SmtRes!AH94 -> 0 | L51: =SmtRes!DB94 -> 0 | M51: =ROUND(ROUND(L51*Source!I61, 6)*1, 2) -> 0 | N51: =SmtRes!AD94 -> 0 | O51: =ROUND(ROUND(L51*Source!I61, 6)*SmtRes!DA94, 2) -> 0 | P51: =SmtRes!AG94 -> 0 | Q51: =SmtRes!DC94 -> 0 | R51: =ROUND(ROUND(Q51*Source!I61, 6)*1, 2) -> 0 | S51: =SmtRes!AC94 -> 0 | T51: =ROUND(ROUND(Q51*Source!I61, 6)*SmtRes!AK94, 2) -> 0 | U51: 1 | Z51: =SmtRes!X94 -> 476480486 | AA51: -1751963544 | AB51: -1751963544
A52: 20 | B52: 96 | C52: 1 | D52: 0 | E52: =SmtRes!AV96 -> 1 | F52: =SmtRes!I96 -> 9999990008 | G52: =SmtRes!K96 -> Трудозатраты рабочих | H52: =SmtRes!O96 -> чел.-ч. | I52: =SmtRes!Y96*Source!I63 -> 258.72 | J52: =SmtRes!AO96 -> 1 | K52: =SmtRes!AH96 -> 0 | L52: =SmtRes!DB96 -> 0 | M52: =ROUND(ROUND(L52*Source!I63, 6)*1, 2) -> 0 | N52: =SmtRes!AD96 -> 0 | O52: =ROUND(ROUND(L52*Source!I63, 6)*SmtRes!DA96, 2) -> 0 | P52: =SmtRes!AG96 -> 0 | Q52: =SmtRes!DC96 -> 0 | R52: =ROUND(ROUND(Q52*Source!I63, 6)*1, 2) -> 0 | S52: =SmtRes!AC96 -> 0 | T52: =ROUND(ROUND(Q52*Source!I63, 6)*SmtRes!AK96, 2) -> 0 | U52: 1 | Z52: =SmtRes!X96 -> 476480486 | AA52: -1751963544 | AB52: -1751963544
A53: =Source!A65 -> 17 | B53: 65 | C53: 3 | D53: =Source!BI65 -> 2 | E53: =Source!FS65 -> 0 | F53: =Source!F65 -> УПД | G53: =Source!G65 -> Извещатель пожарный дымовой оптико-электронный адресно-аналоговый, ИП 212-64-R3 W1.02 | H53: =Source!H65 -> шт. | I53: =Source!I65 -> 146 | J53: 1 | K53: =Source!AC65 -> 159.92 | M53: =ROUND(K53*I53, 2) -> 23348.32 | N53: =Source!AC65*IF(Source!BC65<> 0, Source!BC65, 1) -> 1557.6208 | O53: =ROUND(N53*I53, 2) -> 227412.64 | P53: =Source!AE65 -> 0 | R53: =ROUND(P53*I53, 2) -> 0 | S53: =Source!AE65*IF(Source!BS65<> 0, Source!BS65, 1) -> 0 | T53: =ROUND(S53*I53, 2) -> 0 | U53: 3 | Z53: =Source!GF65 -> -2099849404 | AA53: -209717933 | AB53: 1639094343
A54: =Source!A67 -> 17 | B54: 67 | C54: 3 | D54: =Source!BI67 -> 2 | E54: =Source!FS67 -> 0 | F54: =Source!F67 -> УПД | G54: =Source!G67 -> Извещатель пожарный ручной адресный со встроенным изо-лятором короткого замыкания, ИПР 513-11ИКЗ-А-R3 | H54: =Source!H67 -> шт. | I54: =Source!I67 -> 9 | J54: 1 | K54: =Source!AC67 -> 130.17 | M54: =ROUND(K54*I54, 2) -> 1171.53 | N54: =Source!AC67*IF(Source!BC67<> 0, Source!BC67, 1) -> 1267.8558 | O54: =ROUND(N54*I54, 2) -> 11410.7 | P54: =Source!AE67 -> 0 | R54: =ROUND(P54*I54, 2) -> 0 | S54: =Source!AE67*IF(Source!BS67<> 0, Source!BS67, 1) -> 0 | T54: =ROUND(S54*I54, 2) -> 0 | U54: 3 | Z54: =Source!GF67 -> 242010185 | AA54: -1787706542 | AB54: -112771148
A55: 20 | B55: 100 | C55: 2 | D55: 0 | E55: =SmtRes!AV100 -> 0 | F55: =SmtRes!I100 -> 2.1-18-7 | G55: =SmtRes!K100 -> Автомобили грузовые бортовые, грузоподъемность до 5 т | H55: =SmtRes!O100 -> маш.-ч | I55: =SmtRes!Y100*Source!I69 -> 0.276 | J55: =SmtRes!AO100 -> 1 | K55: =SmtRes!AF100 -> 83.1 | L55: =SmtRes!DB100 -> 0.5 | M55: =ROUND(ROUND(L55*Source!I69, 6)*1, 2) -> 23 | N55: =SmtRes!AB100 -> 1118.89 | O55: =ROUND(ROUND(L55*Source!I69, 6)*SmtRes!DA100, 2) -> 295.78 | P55: =SmtRes!AG100 -> 12.62 | Q55: =SmtRes!DC100 -> 0.08 | R55: =ROUND(ROUND(Q55*Source!I69, 6)*1, 2) -> 3.68 | S55: =SmtRes!AC100 -> 455.99 | T55: =ROUND(ROUND(Q55*Source!I69, 6)*SmtRes!AK100, 2) -> 127 | U55: 2 | Z55: =SmtRes!X100 -> -1440889904 | AA55: -727753397 | AB55: -1462868675
A56: 20 | B56: 99 | C56: 1 | D56: 0 | E56: =SmtRes!AV99 -> 1 | F56: =SmtRes!I99 -> 9999990008 | G56: =SmtRes!K99 -> Трудозатраты рабочих | H56: =SmtRes!O99 -> чел.-ч. | I56: =SmtRes!Y99*Source!I69 -> 47.38 | J56: =SmtRes!AO99 -> 1 | K56: =SmtRes!AH99 -> 0 | L56: =SmtRes!DB99 -> 0 | M56: =ROUND(ROUND(L56*Source!I69, 6)*1, 2) -> 0 | N56: =SmtRes!AD99 -> 0 | O56: =ROUND(ROUND(L56*Source!I69, 6)*SmtRes!DA99, 2) -> 0 | P56: =SmtRes!AG99 -> 0 | Q56: =SmtRes!DC99 -> 0 | R56: =ROUND(ROUND(Q56*Source!I69, 6)*1, 2) -> 0 | S56: =SmtRes!AC99 -> 0 | T56: =ROUND(ROUND(Q56*Source!I69, 6)*SmtRes!AK99, 2) -> 0 | U56: 1 | Z56: =SmtRes!X99 -> 476480486 | AA56: -1751963544 | AB56: -1751963544
A57: =Source!A71 -> 17 | B57: 71 | C57: 3 | D57: =Source!BI71 -> 2 | E57: =Source!FS71 -> 0 | F57: =Source!F71 -> УПД | G57: =Source!G71 -> Изолятор шлейфа, ИЗ-1Б-R3 | H57: =Source!H71 -> шт. | I57: =Source!I71 -> 46 | J57: 1 | K57: =Source!AC71 -> 103.47 | M57: =ROUND(K57*I57, 2) -> 4759.62 | N57: =Source!AC71*IF(Source!BC71<> 0, Source!BC71, 1) -> 1007.7978 | O57: =ROUND(N57*I57, 2) -> 46358.7 | P57: =Source!AE71 -> 0 | R57: =ROUND(P57*I57, 2) -> 0 | S57: =Source!AE71*IF(Source!BS71<> 0, Source!BS71, 1) -> 0 | T57: =ROUND(S57*I57, 2) -> 0 | U57: 3 | Z57: =Source!GF71 -> -876468358 | AA57: 1070485261 | AB57: 1735525424
A58: 20 | B58: 102 | C58: 1 | D58: 0 | E58: =SmtRes!AV102 -> 1 | F58: =SmtRes!I102 -> 9999990008 | G58: =SmtRes!K102 -> Трудозатраты рабочих | H58: =SmtRes!O102 -> чел.-ч. | I58: =SmtRes!Y102*Source!I73 -> 42.9 | J58: =SmtRes!AO102 -> 1 | K58: =SmtRes!AH102 -> 0 | L58: =SmtRes!DB102 -> 0 | M58: =ROUND(ROUND(L58*Source!I73, 6)*1, 2) -> 0 | N58: =SmtRes!AD102 -> 0 | O58: =ROUND(ROUND(L58*Source!I73, 6)*SmtRes!DA102, 2) -> 0 | P58: =SmtRes!AG102 -> 0 | Q58: =SmtRes!DC102 -> 0 | R58: =ROUND(ROUND(Q58*Source!I73, 6)*1, 2) -> 0 | S58: =SmtRes!AC102 -> 0 | T58: =ROUND(ROUND(Q58*Source!I73, 6)*SmtRes!AK102, 2) -> 0 | U58: 1 | Z58: =SmtRes!X102 -> 476480486 | AA58: -1751963544 | AB58: -1751963544
A59: =Source!A75 -> 17 | B59: 75 | C59: 3 | D59: =Source!BI75 -> 2 | E59: =Source!FS75 -> 0 | F59: =Source!F75 -> УПД | G59: =Source!G75 -> Модуль автоматики дымоудаления, МДУ-1-R3 | H59: =Source!H75 -> шт. | I59: =Source!I75 -> 6 | J59: 1 | K59: =Source!AC75 -> 506.23 | M59: =ROUND(K59*I59, 2) -> 3037.38 | N59: =Source!AC75*IF(Source!BC75<> 0, Source!BC75, 1) -> 4930.6802 | O59: =ROUND(N59*I59, 2) -> 29584.08 | P59: =Source!AE75 -> 0 | R59: =ROUND(P59*I59, 2) -> 0 | S59: =Source!AE75*IF(Source!BS75<> 0, Source!BS75, 1) -> 0 | T59: =ROUND(S59*I59, 2) -> 0 | U59: 3 | Z59: =Source!GF75 -> 1427211820 | AA59: 62424317 | AB59: 603436998
A60: =Source!A77 -> 17 | B60: 77 | C60: 3 | D60: =Source!BI77 -> 2 | E60: =Source!FS77 -> 0 | F60: =Source!F77 -> УПД | G60: =Source!G77 -> Адресный релейный модуль, РМ-1-R3 | H60: =Source!H77 -> шт. | I60: =Source!I77 -> 7 | J60: 1 | K60: =Source!AC77 -> 157.4 | M60: =ROUND(K60*I60, 2) -> 1101.8 | N60: =Source!AC77*IF(Source!BC77<> 0, Source!BC77, 1) -> 1533.076 | O60: =ROUND(N60*I60, 2) -> 10731.53 | P60: =Source!AE77 -> 0 | R60: =ROUND(P60*I60, 2) -> 0 | S60: =Source!AE77*IF(Source!BS77<> 0, Source!BS77, 1) -> 0 | T60: =ROUND(S60*I60, 2) -> 0 | U60: 3 | Z60: =Source!GF77 -> 198276944 | AA60: -378217817 | AB60: -1735137370
A61: 20 | B61: 120 | C61: 3 | D61: 0 | E61: =SmtRes!AV120 -> 0 | F61: =SmtRes!I120 -> 1.21-5-757 | G61: =SmtRes!K120 -> Зажим соединительно-изолирующий, типа СИЗ-2 | H61: =SmtRes!O120 -> 1000 шт. | I61: =SmtRes!Y120*Source!I79 -> 0.01732 | J61: =SmtRes!AO120 -> 1 | K61: =SmtRes!AE120 -> 614.09 | L61: =SmtRes!DB120 -> 4.91 | M61: =ROUND(ROUND(L61*Source!I79, 6)*1, 2) -> 10.63 | N61: =SmtRes!AA120 -> 669.36 | O61: =ROUND(ROUND(L61*Source!I79, 6)*SmtRes!DA120, 2) -> 11.59 | P61: =SmtRes!AG120 -> 0 | Q61: =SmtRes!DC120 -> 0 | R61: =ROUND(ROUND(Q61*Source!I79, 6)*1, 2) -> 0 | S61: =SmtRes!AC120 -> 0 | T61: =ROUND(ROUND(Q61*Source!I79, 6)*SmtRes!AK120, 2) -> 0 | U61: 3 | Z61: =SmtRes!X120 -> -2134074556 | AA61: -252345791 | AB61: 187549918
A62: 20 | B62: 119 | C62: 3 | D62: 0 | E62: =SmtRes!AV119 -> 0 | F62: =SmtRes!I119 -> 1.21-5-750 | G62: =SmtRes!K119 -> Сжим, типа У 739М для проводников магистральных сечением от 4 до 10 мм2 и ответвительных сечением от 1,5 до 2,5 мм2 | H62: =SmtRes!O119 -> шт. | I62: =SmtRes!Y119*Source!I79 -> 6.7115 | J62: =SmtRes!AO119 -> 1 | K62: =SmtRes!AE119 -> 6.94 | L62: =SmtRes!DB119 -> 21.51 | M62: =ROUND(ROUND(L62*Source!I79, 6)*1, 2) -> 46.57 | N62: =SmtRes!AA119 -> 24.78 | O62: =ROUND(ROUND(L62*Source!I79, 6)*SmtRes!DA119, 2) -> 166.25 | P62: =SmtRes!AG119 -> 0 | Q62: =SmtRes!DC119 -> 0 | R62: =ROUND(ROUND(Q62*Source!I79, 6)*1, 2) -> 0 | S62: =SmtRes!AC119 -> 0 | T62: =ROUND(ROUND(Q62*Source!I79, 6)*SmtRes!AK119, 2) -> 0 | U62: 3 | Z62: =SmtRes!X119 -> 1920044476 | AA62: -169449918 | AB62: 868907553
A63: 20 | B63: 118 | C63: 3 | D63: 0 | E63: =SmtRes!AV118 -> 0 | F63: =SmtRes!I118 -> 1.21-5-1554 | G63: =SmtRes!K118 -> Втулка трубная, полипропиленовая, диаметр 17 мм | H63: =SmtRes!O118 -> 1000 шт. | I63: =SmtRes!Y118*Source!I79 -> 0.026413 | J63: =SmtRes!AO118 -> 1 | K63: =SmtRes!AE118 -> 183.4 | L63: =SmtRes!DB118 -> 2.24 | M63: =ROUND(ROUND(L63*Source!I79, 6)*1, 2) -> 4.85 | N63: =SmtRes!AA118 -> 1250.79 | O63: =ROUND(ROUND(L63*Source!I79, 6)*SmtRes!DA118, 2) -> 33.07 | P63: =SmtRes!AG118 -> 0 | Q63: =SmtRes!DC118 -> 0 | R63: =ROUND(ROUND(Q63*Source!I79, 6)*1, 2) -> 0 | S63: =SmtRes!AC118 -> 0 | T63: =ROUND(ROUND(Q63*Source!I79, 6)*SmtRes!AK118, 2) -> 0 | U63: 3 | Z63: =SmtRes!X118 -> -1101602209 | AA63: -1079292997 | AB63: 1321575978
A64: 20 | B64: 117 | C64: 3 | D64: 0 | E64: =SmtRes!AV117 -> 0 | F64: =SmtRes!I117 -> 1.21-5-1543 | G64: =SmtRes!K117 -> Гильзы кабельные медные типа ГМ 2,5 | H64: =SmtRes!O117 -> 100 шт. | I64: =SmtRes!Y117*Source!I79 -> 0.10825 | J64: =SmtRes!AO117 -> 1 | K64: =SmtRes!AE117 -> 68.82 | L64: =SmtRes!DB117 -> 3.44 | M64: =ROUND(ROUND(L64*Source!I79, 6)*1, 2) -> 7.45 | N64: =SmtRes!AA117 -> 939.39 | O64: =ROUND(ROUND(L64*Source!I79, 6)*SmtRes!DA117, 2) -> 101.66 | P64: =SmtRes!AG117 -> 0 | Q64: =SmtRes!DC117 -> 0 | R64: =ROUND(ROUND(Q64*Source!I79, 6)*1, 2) -> 0 | S64: =SmtRes!AC117 -> 0 | T64: =ROUND(ROUND(Q64*Source!I79, 6)*SmtRes!AK117, 2) -> 0 | U64: 3 | Z64: =SmtRes!X117 -> 812954682 | AA64: -1075993679 | AB64: -760535112
A65: 20 | B65: 116 | C65: 3 | D65: 0 | E65: =SmtRes!AV116 -> 0 | F65: =SmtRes!I116 -> 1.1-1-1723 | G65: =SmtRes!K116 -> Лента изоляционная, прорезиненная, односторонняя | H65: =SmtRes!O116 -> кг | I65: =SmtRes!Y116*Source!I79 -> 0.3464 | J65: =SmtRes!AO116 -> 1 | K65: =SmtRes!AE116 -> 159.07 | L65: =SmtRes!DB116 -> 25.45 | M65: =ROUND(ROUND(L65*Source!I79, 6)*1, 2) -> 55.1 | N65: =SmtRes!AA116 -> 270.42 | O65: =ROUND(ROUND(L65*Source!I79, 6)*SmtRes!DA116, 2) -> 93.67 | P65: =SmtRes!AG116 -> 0 | Q65: =SmtRes!DC116 -> 0 | R65: =ROUND(ROUND(Q65*Source!I79, 6)*1, 2) -> 0 | S65: =SmtRes!AC116 -> 0 | T65: =ROUND(ROUND(Q65*Source!I79, 6)*SmtRes!AK116, 2) -> 0 | U65: 3 | Z65: =SmtRes!X116 -> 100288402 | AA65: 1101553657 | AB65: -722337738
A66: 20 | B66: 115 | C66: 3 | D66: 0 | E66: =SmtRes!AV115 -> 0 | F66: =SmtRes!I115 -> 1.1-1-1257 | G66: =SmtRes!K115 -> Тальк молотый | H66: =SmtRes!O115 -> кг | I66: =SmtRes!Y115*Source!I79 -> 0.93095 | J66: =SmtRes!AO115 -> 1 | K66: =SmtRes!AE115 -> 1.39 | L66: =SmtRes!DB115 -> 0.6 | M66: =ROUND(ROUND(L66*Source!I79, 6)*1, 2) -> 1.3 | N66: =SmtRes!AA115 -> 12.58 | O66: =ROUND(ROUND(L66*Source!I79, 6)*SmtRes!DA115, 2) -> 11.76 | P66: =SmtRes!AG115 -> 0 | Q66: =SmtRes!DC115 -> 0 | R66: =ROUND(ROUND(Q66*Source!I79, 6)*1, 2) -> 0 | S66: =SmtRes!AC115 -> 0 | T66: =ROUND(ROUND(Q66*Source!I79, 6)*SmtRes!AK115, 2) -> 0 | U66: 3 | Z66: =SmtRes!X115 -> 1946441422 | AA66: 1333920755 | AB66: -705495717
A67: 20 | B67: 114 | C67: 2 | D67: 0 | E67: =SmtRes!AV114 -> 0 | F67: =SmtRes!I114 -> 2.1-3-38 | G67: =SmtRes!K114 -> Краны на автомобильном ходу, грузоподъемность до 16 т | H67: =SmtRes!O114 -> маш.-ч | I67: =SmtRes!Y114*Source!I79 -> 0.02165 | J67: =SmtRes!AO114 -> 1 | K67: =SmtRes!AF114 -> 179.17 | L67: =SmtRes!DB114 -> 1.79 | M67: =ROUND(ROUND(L67*Source!I79, 6)*1, 2) -> 3.88 | N67: =SmtRes!AB114 -> 2149.79 | O67: =ROUND(ROUND(L67*Source!I79, 6)*SmtRes!DA114, 2) -> 44.41 | P67: =SmtRes!AG114 -> 16.93 | Q67: =SmtRes!DC114 -> 0.17 | R67: =ROUND(ROUND(Q67*Source!I79, 6)*1, 2) -> 0.37 | S67: =SmtRes!AC114 -> 611.71 | T67: =ROUND(ROUND(Q67*Source!I79, 6)*SmtRes!AK114, 2) -> 12.7 | U67: 2 | Z67: =SmtRes!X114 -> 1668154095 | AA67: -414289559 | AB67: -711566665
A68: 20 | B68: 113 | C68: 2 | D68: 0 | E68: =SmtRes!AV113 -> 0 | F68: =SmtRes!I113 -> 2.1-18-7 | G68: =SmtRes!K113 -> Автомобили грузовые бортовые, грузоподъемность до 5 т | H68: =SmtRes!O113 -> маш.-ч | I68: =SmtRes!Y113*Source!I79 -> 0.02165 | J68: =SmtRes!AO113 -> 1 | K68: =SmtRes!AF113 -> 83.1 | L68: =SmtRes!DB113 -> 0.83 | M68: =ROUND(ROUND(L68*Source!I79, 6)*1, 2) -> 1.8 | N68: =SmtRes!AB113 -> 1118.89 | O68: =ROUND(ROUND(L68*Source!I79, 6)*SmtRes!DA113, 2) -> 23.11 | P68: =SmtRes!AG113 -> 12.62 | Q68: =SmtRes!DC113 -> 0.13 | R68: =ROUND(ROUND(Q68*Source!I79, 6)*1, 2) -> 0.28 | S68: =SmtRes!AC113 -> 455.99 | T68: =ROUND(ROUND(Q68*Source!I79, 6)*SmtRes!AK113, 2) -> 9.71 | U68: 2 | Z68: =SmtRes!X113 -> -1440889904 | AA68: -727753397 | AB68: -1462868675
A69: 20 | B69: 112 | C69: 1 | D69: 0 | E69: =SmtRes!AV112 -> 1 | F69: =SmtRes!I112 -> 9999990008 | G69: =SmtRes!K112 -> Трудозатраты рабочих | H69: =SmtRes!O112 -> чел.-ч. | I69: =SmtRes!Y112*Source!I79 -> 9.72085 | J69: =SmtRes!AO112 -> 1 | K69: =SmtRes!AH112 -> 0 | L69: =SmtRes!DB112 -> 0 | M69: =ROUND(ROUND(L69*Source!I79, 6)*1, 2) -> 0 | N69: =SmtRes!AD112 -> 0 | O69: =ROUND(ROUND(L69*Source!I79, 6)*SmtRes!DA112, 2) -> 0 | P69: =SmtRes!AG112 -> 0 | Q69: =SmtRes!DC112 -> 0 | R69: =ROUND(ROUND(Q69*Source!I79, 6)*1, 2) -> 0 | S69: =SmtRes!AC112 -> 0 | T69: =ROUND(ROUND(Q69*Source!I79, 6)*SmtRes!AK112, 2) -> 0 | U69: 1 | Z69: =SmtRes!X112 -> 476480486 | AA69: -1751963544 | AB69: -1751963544
A70: 20 | B70: 140 | C70: 3 | D70: 0 | E70: =SmtRes!AV140 -> 0 | F70: =SmtRes!I140 -> 1.21-5-800 | G70: =SmtRes!K140 -> Кнопка для ленты ЛМ, типа 3,5 | H70: =SmtRes!O140 -> 1000 шт. | I70: =SmtRes!Y140*Source!I81 -> 0.0727 | J70: =SmtRes!AO140 -> 1 | K70: =SmtRes!AE140 -> 6.44 | L70: =SmtRes!DB140 -> 0.13 | M70: =ROUND(ROUND(L70*Source!I81, 6)*1, 2) -> 0.47 | N70: =SmtRes!AA140 -> 212.58 | O70: =ROUND(ROUND(L70*Source!I81, 6)*SmtRes!DA140, 2) -> 15.6 | P70: =SmtRes!AG140 -> 0 | Q70: =SmtRes!DC140 -> 0 | R70: =ROUND(ROUND(Q70*Source!I81, 6)*1, 2) -> 0 | S70: =SmtRes!AC140 -> 0 | T70: =ROUND(ROUND(Q70*Source!I81, 6)*SmtRes!AK140, 2) -> 0 | U70: 3 | Z70: =SmtRes!X140 -> -402432771 | AA70: 1415531327 | AB70: 1183134365
A71: 20 | B71: 139 | C71: 3 | D71: 0 | E71: =SmtRes!AV139 -> 0 | F71: =SmtRes!I139 -> 1.21-5-798 | G71: =SmtRes!K139 -> Лента монтажная, типа ЛМ-5 | H71: =SmtRes!O139 -> м | I71: =SmtRes!Y139*Source!I81 -> 19.9925 | J71: =SmtRes!AO139 -> 1 | K71: =SmtRes!AE139 -> 0.7 | L71: =SmtRes!DB139 -> 3.85 | M71: =ROUND(ROUND(L71*Source!I81, 6)*1, 2) -> 13.99 | N71: =SmtRes!AA139 -> 4.72 | O71: =ROUND(ROUND(L71*Source!I81, 6)*SmtRes!DA139, 2) -> 94.32 | P71: =SmtRes!AG139 -> 0 | Q71: =SmtRes!DC139 -> 0 | R71: =ROUND(ROUND(Q71*Source!I81, 6)*1, 2) -> 0 | S71: =SmtRes!AC139 -> 0 | T71: =ROUND(ROUND(Q71*Source!I81, 6)*SmtRes!AK139, 2) -> 0 | U71: 3 | Z71: =SmtRes!X139 -> -823101399 | AA71: -1124789344 | AB71: 1138589601
A72: 20 | B72: 138 | C72: 3 | D72: 0 | E72: =SmtRes!AV138 -> 0 | F72: =SmtRes!I138 -> 1.21-5-705 | G72: =SmtRes!K138 -> Сжим, типа У731М для проводников магистральных сечением от 4 до 10 мм2 и ответвительных от 1,5 до 10 мм2 | H72: =SmtRes!O138 -> шт. | I72: =SmtRes!Y138*Source!I81 -> 58.16 | J72: =SmtRes!AO138 -> 1 | K72: =SmtRes!AE138 -> 6.94 | L72: =SmtRes!DB138 -> 111.04 | M72: =ROUND(ROUND(L72*Source!I81, 6)*1, 2) -> 403.63 | N72: =SmtRes!AA138 -> 22 | O72: =ROUND(ROUND(L72*Source!I81, 6)*SmtRes!DA138, 2) -> 1279.51 | P72: =SmtRes!AG138 -> 0 | Q72: =SmtRes!DC138 -> 0 | R72: =ROUND(ROUND(Q72*Source!I81, 6)*1, 2) -> 0 | S72: =SmtRes!AC138 -> 0 | T72: =ROUND(ROUND(Q72*Source!I81, 6)*SmtRes!AK138, 2) -> 0 | U72: 3 | Z72: =SmtRes!X138 -> -1397426939 | AA72: -550035051 | AB72: 1566779205
A73: 20 | B73: 137 | C73: 3 | D73: 0 | E73: =SmtRes!AV137 -> 0 | F73: =SmtRes!I137 -> 1.21-5-1652 | G73: =SmtRes!K137 -> Полоска типа К-405 с пряжкой типа К-407, стальные, для крепления проводов | H73: =SmtRes!O137 -> 100 шт. | I73: =SmtRes!Y137*Source!I81 -> 1.0905 | J73: =SmtRes!AO137 -> 1 | K73: =SmtRes!AE137 -> 323.76 | L73: =SmtRes!DB137 -> 97.13 | M73: =ROUND(ROUND(L73*Source!I81, 6)*1, 2) -> 353.07 | N73: =SmtRes!AA137 -> 2340.78 | O73: =ROUND(ROUND(L73*Source!I81, 6)*SmtRes!DA137, 2) -> 2552.68 | P73: =SmtRes!AG137 -> 0 | Q73: =SmtRes!DC137 -> 0 | R73: =ROUND(ROUND(Q73*Source!I81, 6)*1, 2) -> 0 | S73: =SmtRes!AC137 -> 0 | T73: =ROUND(ROUND(Q73*Source!I81, 6)*SmtRes!AK137, 2) -> 0 | U73: 3 | Z73: =SmtRes!X137 -> -2067787439 | AA73: 1288513628 | AB73: 1413289490
A74: 20 | B74: 136 | C74: 3 | D74: 0 | E74: =SmtRes!AV136 -> 0 | F74: =SmtRes!I136 -> 1.1-1-1723 | G74: =SmtRes!K136 -> Лента изоляционная, прорезиненная, односторонняя | H74: =SmtRes!O136 -> кг | I74: =SmtRes!Y136*Source!I81 -> 0.5816 | J74: =SmtRes!AO136 -> 1 | K74: =SmtRes!AE136 -> 159.07 | L74: =SmtRes!DB136 -> 25.45 | M74: =ROUND(ROUND(L74*Source!I81, 6)*1, 2) -> 92.51 | N74: =SmtRes!AA136 -> 270.42 | O74: =ROUND(ROUND(L74*Source!I81, 6)*SmtRes!DA136, 2) -> 157.27 | P74: =SmtRes!AG136 -> 0 | Q74: =SmtRes!DC136 -> 0 | R74: =ROUND(ROUND(Q74*Source!I81, 6)*1, 2) -> 0 | S74: =SmtRes!AC136 -> 0 | T74: =ROUND(ROUND(Q74*Source!I81, 6)*SmtRes!AK136, 2) -> 0 | U74: 3 | Z74: =SmtRes!X136 -> 100288402 | AA74: 1101553657 | AB74: -722337738
A75: 20 | B75: 135 | C75: 3 | D75: 0 | E75: =SmtRes!AV135 -> 0 | F75: =SmtRes!I135 -> 1.1-1-1669 | G75: =SmtRes!K135 -> Электроды, типа Э-42А, диаметр от 4 до 6 мм | H75: =SmtRes!O135 -> т | I75: =SmtRes!Y135*Source!I81 -> 0.0069065 | J75: =SmtRes!AO135 -> 1 | K75: =SmtRes!AE135 -> 8596.85 | L75: =SmtRes!DB135 -> 16.33 | M75: =ROUND(ROUND(L75*Source!I81, 6)*1, 2) -> 59.36 | N75: =SmtRes!AA135 -> 157580.26 | O75: =ROUND(ROUND(L75*Source!I81, 6)*SmtRes!DA135, 2) -> 1088.06 | P75: =SmtRes!AG135 -> 0 | Q75: =SmtRes!DC135 -> 0 | R75: =ROUND(ROUND(Q75*Source!I81, 6)*1, 2) -> 0 | S75: =SmtRes!AC135 -> 0 | T75: =ROUND(ROUND(Q75*Source!I81, 6)*SmtRes!AK135, 2) -> 0 | U75: 3 | Z75: =SmtRes!X135 -> 1534553938 | AA75: 73241424 | AB75: -1987742182
A76: 20 | B76: 134 | C76: 2 | D76: 0 | E76: =SmtRes!AV134 -> 0 | F76: =SmtRes!I134 -> 2.1-30-10 | G76: =SmtRes!K134 -> Перфораторы, мощность до 800 Вт | H76: =SmtRes!O134 -> маш.-ч | I76: =SmtRes!Y134*Source!I81 -> 10.79595 | J76: =SmtRes!AO134 -> 1 | K76: =SmtRes!AF134 -> 0.77 | L76: =SmtRes!DB134 -> 2.29 | M76: =ROUND(ROUND(L76*Source!I81, 6)*1, 2) -> 8.32 | N76: =SmtRes!AB134 -> 6.84 | O76: =ROUND(ROUND(L76*Source!I81, 6)*SmtRes!DA134, 2) -> 70.59 | P76: =SmtRes!AG134 -> 0 | Q76: =SmtRes!DC134 -> 0 | R76: =ROUND(ROUND(Q76*Source!I81, 6)*1, 2) -> 0 | S76: =SmtRes!AC134 -> 0 | T76: =ROUND(ROUND(Q76*Source!I81, 6)*SmtRes!AK134, 2) -> 0 | U76: 2 | Z76: =SmtRes!X134 -> 1944310998 | AA76: 292932093 | AB76: 714070868
A77: 20 | B77: 133 | C77: 2 | D77: 0 | E77: =SmtRes!AV133 -> 0 | F77: =SmtRes!I133 -> 2.1-18-7 | G77: =SmtRes!K133 -> Автомобили грузовые бортовые, грузоподъемность до 5 т | H77: =SmtRes!O133 -> маш.-ч | I77: =SmtRes!Y133*Source!I81 -> 6.28855 | J77: =SmtRes!AO133 -> 1 | K77: =SmtRes!AF133 -> 83.1 | L77: =SmtRes!DB133 -> 143.76 | M77: =ROUND(ROUND(L77*Source!I81, 6)*1, 2) -> 522.57 | N77: =SmtRes!AB133 -> 1118.89 | O77: =ROUND(ROUND(L77*Source!I81, 6)*SmtRes!DA133, 2) -> 6720.22 | P77: =SmtRes!AG133 -> 12.62 | Q77: =SmtRes!DC133 -> 21.83 | R77: =ROUND(ROUND(Q77*Source!I81, 6)*1, 2) -> 79.35 | S77: =SmtRes!AC133 -> 455.99 | T77: =ROUND(ROUND(Q77*Source!I81, 6)*SmtRes!AK133, 2) -> 2738.44 | U77: 2 | Z77: =SmtRes!X133 -> -1440889904 | AA77: -727753397 | AB77: -1462868675
A78: 20 | B78: 132 | C78: 2 | D78: 0 | E78: =SmtRes!AV132 -> 0 | F78: =SmtRes!I132 -> 2.1-13-14 | G78: =SmtRes!K132 -> Аппараты сварочные постоянного тока (выпрямители) для ручной дуговой сварки, сварочный ток до 500 А | H78: =SmtRes!O132 -> маш.-ч | I78: =SmtRes!Y132*Source!I81 -> 8.46955 | J78: =SmtRes!AO132 -> 1 | K78: =SmtRes!AF132 -> 7.11 | L78: =SmtRes!DB132 -> 16.57 | M78: =ROUND(ROUND(L78*Source!I81, 6)*1, 2) -> 60.23 | N78: =SmtRes!AB132 -> 79.5 | O78: =ROUND(ROUND(L78*Source!I81, 6)*SmtRes!DA132, 2) -> 643.28 | P78: =SmtRes!AG132 -> 0 | Q78: =SmtRes!DC132 -> 0 | R78: =ROUND(ROUND(Q78*Source!I81, 6)*1, 2) -> 0 | S78: =SmtRes!AC132 -> 0 | T78: =ROUND(ROUND(Q78*Source!I81, 6)*SmtRes!AK132, 2) -> 0 | U78: 2 | Z78: =SmtRes!X132 -> -1515164169 | AA78: 1878243921 | AB78: -1927318577
A79: 20 | B79: 131 | C79: 1 | D79: 0 | E79: =SmtRes!AV131 -> 1 | F79: =SmtRes!I131 -> 9999990008 | G79: =SmtRes!K131 -> Трудозатраты рабочих | H79: =SmtRes!O131 -> чел.-ч. | I79: =SmtRes!Y131*Source!I81 -> 73.7905 | J79: =SmtRes!AO131 -> 1 | K79: =SmtRes!AH131 -> 0 | L79: =SmtRes!DB131 -> 0 | M79: =ROUND(ROUND(L79*Source!I81, 6)*1, 2) -> 0 | N79: =SmtRes!AD131 -> 0 | O79: =ROUND(ROUND(L79*Source!I81, 6)*SmtRes!DA131, 2) -> 0 | P79: =SmtRes!AG131 -> 0 | Q79: =SmtRes!DC131 -> 0 | R79: =ROUND(ROUND(Q79*Source!I81, 6)*1, 2) -> 0 | S79: =SmtRes!AC131 -> 0 | T79: =ROUND(ROUND(Q79*Source!I81, 6)*SmtRes!AK131, 2) -> 0 | U79: 1 | Z79: =SmtRes!X131 -> 476480486 | AA79: -1751963544 | AB79: -1751963544
A80: =Source!A83 -> 17 | B80: 83 | C80: 3 | D80: =Source!BI83 -> 1 | E80: =Source!FS83 -> 0 | F80: =Source!F83 -> УПД | G80: =Source!G83 -> Кабель огнестойкий для ОПС, СОУЭ и передачи данных с однопроволочными медными жилами, КПСЭнг(А)-FRLSLTx 1х2х0,75 | H80: =Source!H83 -> м | I80: =Source!I83 -> 591.6 | J80: 1 | K80: =Source!AC83 -> 2.97 | M80: =ROUND(K80*I80, 2) -> 1757.05 | N80: =Source!AC83*IF(Source!BC83<> 0, Source!BC83, 1) -> 28.9278 | O80: =ROUND(N80*I80, 2) -> 17113.69 | P80: =Source!AE83 -> 0 | R80: =ROUND(P80*I80, 2) -> 0 | S80: =Source!AE83*IF(Source!BS83<> 0, Source!BS83, 1) -> 0 | T80: =ROUND(S80*I80, 2) -> 0 | U80: 3 | Z80: =Source!GF83 -> -856292191 | AA80: 894934408 | AB80: 1861592327
A81: 20 | B81: 160 | C81: 3 | D81: 0 | E81: =SmtRes!AV160 -> 0 | F81: =SmtRes!I160 -> 1.1-1-3607 | G81: =SmtRes!K160 -> Шурупы с полукруглой головкой, диаметр 4 мм, длина 40 мм | H81: =SmtRes!O160 -> т | I81: =SmtRes!Y160*Source!I85 -> 0.37026 | J81: =SmtRes!AO160 -> 1 | K81: =SmtRes!AE160 -> 10651.81 | L81: =SmtRes!DB160 -> 1086.48 | M81: =ROUND(ROUND(L81*Source!I85, 6)*1, 2) -> 3943.92 | N81: =SmtRes!AA160 -> 141029.96 | O81: =ROUND(ROUND(L81*Source!I85, 6)*SmtRes!DA160, 2) -> 52217.53 | P81: =SmtRes!AG160 -> 0 | Q81: =SmtRes!DC160 -> 0 | R81: =ROUND(ROUND(Q81*Source!I85, 6)*1, 2) -> 0 | S81: =SmtRes!AC160 -> 0 | T81: =ROUND(ROUND(Q81*Source!I85, 6)*SmtRes!AK160, 2) -> 0 | U81: 3 | Z81: =SmtRes!X160 -> 1892350289 | AA81: 615965587 | AB81: -1775504617
A82: 20 | B82: 159 | C82: 3 | D82: 0 | E82: =SmtRes!AV159 -> 0 | F82: =SmtRes!I159 -> 1.1-1-2381 | G82: =SmtRes!K159 -> Винты с полукруглой головкой, М6х10 | H82: =SmtRes!O159 -> т | I82: =SmtRes!Y159*Source!I85 -> 0.0002904 | J82: =SmtRes!AO159 -> 1 | K82: =SmtRes!AE159 -> 14336.14 | L82: =SmtRes!DB159 -> 1.15 | M82: =ROUND(ROUND(L82*Source!I85, 6)*1, 2) -> 4.17 | N82: =SmtRes!AA159 -> 103793.65 | O82: =ROUND(ROUND(L82*Source!I85, 6)*SmtRes!DA159, 2) -> 30.22 | P82: =SmtRes!AG159 -> 0 | Q82: =SmtRes!DC159 -> 0 | R82: =ROUND(ROUND(Q82*Source!I85, 6)*1, 2) -> 0 | S82: =SmtRes!AC159 -> 0 | T82: =ROUND(ROUND(Q82*Source!I85, 6)*SmtRes!AK159, 2) -> 0 | U82: 3 | Z82: =SmtRes!X159 -> 163503827 | AA82: -1248696552 | AB82: 609349578
A83: 20 | B83: 158 | C83: 3 | D83: 0 | E83: =SmtRes!AV158 -> 0 | F83: =SmtRes!I158 -> 1.1-1-238 | G83: =SmtRes!K158 -> Дюбель пластмассовый | H83: =SmtRes!O158 -> шт. | I83: =SmtRes!Y158*Source!I85 -> 14.52 | J83: =SmtRes!AO158 -> 1 | K83: =SmtRes!AE158 -> 0.89 | L83: =SmtRes!DB158 -> 3.56 | M83: =ROUND(ROUND(L83*Source!I85, 6)*1, 2) -> 12.92 | N83: =SmtRes!AA158 -> 0.82 | O83: =ROUND(ROUND(L83*Source!I85, 6)*SmtRes!DA158, 2) -> 11.89 | P83: =SmtRes!AG158 -> 0 | Q83: =SmtRes!DC158 -> 0 | R83: =ROUND(ROUND(Q83*Source!I85, 6)*1, 2) -> 0 | S83: =SmtRes!AC158 -> 0 | T83: =ROUND(ROUND(Q83*Source!I85, 6)*SmtRes!AK158, 2) -> 0 | U83: 3 | Z83: =SmtRes!X158 -> 1309094709 | AA83: -853776204 | AB83: 1523495228
A84: 20 | B84: 157 | C84: 3 | D84: 0 | E84: =SmtRes!AV157 -> 0 | F84: =SmtRes!I157 -> 1.1-1-237 | G84: =SmtRes!K157 -> Дюбель с патроном | H84: =SmtRes!O157 -> шт. | I84: =SmtRes!Y157*Source!I85 -> 451.935 | J84: =SmtRes!AO157 -> 1 | K84: =SmtRes!AE157 -> 3.86 | L84: =SmtRes!DB157 -> 480.57 | M84: =ROUND(ROUND(L84*Source!I85, 6)*1, 2) -> 1744.47 | N84: =SmtRes!AA157 -> 8.45 | O84: =ROUND(ROUND(L84*Source!I85, 6)*SmtRes!DA157, 2) -> 3820.39 | P84: =SmtRes!AG157 -> 0 | Q84: =SmtRes!DC157 -> 0 | R84: =ROUND(ROUND(Q84*Source!I85, 6)*1, 2) -> 0 | S84: =SmtRes!AC157 -> 0 | T84: =ROUND(ROUND(Q84*Source!I85, 6)*SmtRes!AK157, 2) -> 0 | U84: 3 | Z84: =SmtRes!X157 -> -1689119193 | AA84: 971350868 | AB84: -614974749
A85: 20 | B85: 156 | C85: 3 | D85: 0 | E85: =SmtRes!AV156 -> 0 | F85: =SmtRes!I156 -> 1.1-1-1669 | G85: =SmtRes!K156 -> Электроды, типа Э-42А, диаметр от 4 до 6 мм | H85: =SmtRes!O156 -> т | I85: =SmtRes!Y156*Source!I85 -> 0.0248292 | J85: =SmtRes!AO156 -> 1 | K85: =SmtRes!AE156 -> 8596.85 | L85: =SmtRes!DB156 -> 58.8 | M85: =ROUND(ROUND(L85*Source!I85, 6)*1, 2) -> 213.44 | N85: =SmtRes!AA156 -> 157580.26 | O85: =ROUND(ROUND(L85*Source!I85, 6)*SmtRes!DA156, 2) -> 3912.43 | P85: =SmtRes!AG156 -> 0 | Q85: =SmtRes!DC156 -> 0 | R85: =ROUND(ROUND(Q85*Source!I85, 6)*1, 2) -> 0 | S85: =SmtRes!AC156 -> 0 | T85: =ROUND(ROUND(Q85*Source!I85, 6)*SmtRes!AK156, 2) -> 0 | U85: 3 | Z85: =SmtRes!X156 -> 1534553938 | AA85: 73241424 | AB85: -1987742182
A86: 20 | B86: 155 | C86: 2 | D86: 0 | E86: =SmtRes!AV155 -> 0 | F86: =SmtRes!I155 -> 2.1-4-109 | G86: =SmtRes!K155 -> Подъемники ножничные несамоходные, высота подъема до 10 м | H86: =SmtRes!O155 -> маш.-ч | I86: =SmtRes!Y155*Source!I85 -> 36.663 | J86: =SmtRes!AO155 -> 1 | K86: =SmtRes!AF155 -> 24.13 | L86: =SmtRes!DB155 -> 243.71 | M86: =ROUND(ROUND(L86*Source!I85, 6)*1, 2) -> 884.67 | N86: =SmtRes!AB155 -> 557.83 | O86: =ROUND(ROUND(L86*Source!I85, 6)*SmtRes!DA155, 2) -> 19533.45 | P86: =SmtRes!AG155 -> 12.62 | Q86: =SmtRes!DC155 -> 127.46 | R86: =ROUND(ROUND(Q86*Source!I85, 6)*1, 2) -> 462.68 | S86: =SmtRes!AC155 -> 455.99 | T86: =ROUND(ROUND(Q86*Source!I85, 6)*SmtRes!AK155, 2) -> 15967.08 | U86: 2 | Z86: =SmtRes!X155 -> 744253593 | AA86: 347393903 | AB86: -524523805
A87: 20 | B87: 154 | C87: 2 | D87: 0 | E87: =SmtRes!AV154 -> 0 | F87: =SmtRes!I154 -> 2.1-30-10 | G87: =SmtRes!K154 -> Перфораторы, мощность до 800 Вт | H87: =SmtRes!O154 -> маш.-ч | I87: =SmtRes!Y154*Source!I85 -> 7.7319 | J87: =SmtRes!AO154 -> 1 | K87: =SmtRes!AF154 -> 0.77 | L87: =SmtRes!DB154 -> 1.64 | M87: =ROUND(ROUND(L87*Source!I85, 6)*1, 2) -> 5.95 | N87: =SmtRes!AB154 -> 6.84 | O87: =ROUND(ROUND(L87*Source!I85, 6)*SmtRes!DA154, 2) -> 50.48 | P87: =SmtRes!AG154 -> 0 | Q87: =SmtRes!DC154 -> 0 | R87: =ROUND(ROUND(Q87*Source!I85, 6)*1, 2) -> 0 | S87: =SmtRes!AC154 -> 0 | T87: =ROUND(ROUND(Q87*Source!I85, 6)*SmtRes!AK154, 2) -> 0 | U87: 2 | Z87: =SmtRes!X154 -> 1944310998 | AA87: 292932093 | AB87: 714070868
A88: 20 | B88: 153 | C88: 2 | D88: 0 | E88: =SmtRes!AV153 -> 0 | F88: =SmtRes!I153 -> 2.1-18-7 | G88: =SmtRes!K153 -> Автомобили грузовые бортовые, грузоподъемность до 5 т | H88: =SmtRes!O153 -> маш.-ч | I88: =SmtRes!Y153*Source!I85 -> 5.808 | J88: =SmtRes!AO153 -> 1 | K88: =SmtRes!AF153 -> 83.1 | L88: =SmtRes!DB153 -> 132.96 | M88: =ROUND(ROUND(L88*Source!I85, 6)*1, 2) -> 482.64 | N88: =SmtRes!AB153 -> 1118.89 | O88: =ROUND(ROUND(L88*Source!I85, 6)*SmtRes!DA153, 2) -> 6206.81 | P88: =SmtRes!AG153 -> 12.62 | Q88: =SmtRes!DC153 -> 20.19 | R88: =ROUND(ROUND(Q88*Source!I85, 6)*1, 2) -> 73.29 | S88: =SmtRes!AC153 -> 455.99 | T88: =ROUND(ROUND(Q88*Source!I85, 6)*SmtRes!AK153, 2) -> 2529.23 | U88: 2 | Z88: =SmtRes!X153 -> -1440889904 | AA88: -727753397 | AB88: -1462868675
A89: 20 | B89: 152 | C89: 2 | D89: 0 | E89: =SmtRes!AV152 -> 0 | F89: =SmtRes!I152 -> 2.1-13-14 | G89: =SmtRes!K152 -> Аппараты сварочные постоянного тока (выпрямители) для ручной дуговой сварки, сварочный ток до 500 А | H89: =SmtRes!O152 -> маш.-ч | I89: =SmtRes!Y152*Source!I85 -> 9.9099 | J89: =SmtRes!AO152 -> 1 | K89: =SmtRes!AF152 -> 7.11 | L89: =SmtRes!DB152 -> 19.41 | M89: =ROUND(ROUND(L89*Source!I85, 6)*1, 2) -> 70.46 | N89: =SmtRes!AB152 -> 79.5 | O89: =ROUND(ROUND(L89*Source!I85, 6)*SmtRes!DA152, 2) -> 752.49 | P89: =SmtRes!AG152 -> 0 | Q89: =SmtRes!DC152 -> 0 | R89: =ROUND(ROUND(Q89*Source!I85, 6)*1, 2) -> 0 | S89: =SmtRes!AC152 -> 0 | T89: =ROUND(ROUND(Q89*Source!I85, 6)*SmtRes!AK152, 2) -> 0 | U89: 2 | Z89: =SmtRes!X152 -> -1515164169 | AA89: 1878243921 | AB89: -1927318577
A90: 20 | B90: 151 | C90: 1 | D90: 0 | E90: =SmtRes!AV151 -> 1 | F90: =SmtRes!I151 -> 9999990008 | G90: =SmtRes!K151 -> Трудозатраты рабочих | H90: =SmtRes!O151 -> чел.-ч. | I90: =SmtRes!Y151*Source!I85 -> 119.79 | J90: =SmtRes!AO151 -> 1 | K90: =SmtRes!AH151 -> 0 | L90: =SmtRes!DB151 -> 0 | M90: =ROUND(ROUND(L90*Source!I85, 6)*1, 2) -> 0 | N90: =SmtRes!AD151 -> 0 | O90: =ROUND(ROUND(L90*Source!I85, 6)*SmtRes!DA151, 2) -> 0 | P90: =SmtRes!AG151 -> 0 | Q90: =SmtRes!DC151 -> 0 | R90: =ROUND(ROUND(Q90*Source!I85, 6)*1, 2) -> 0 | S90: =SmtRes!AC151 -> 0 | T90: =ROUND(ROUND(Q90*Source!I85, 6)*SmtRes!AK151, 2) -> 0 | U90: 1 | Z90: =SmtRes!X151 -> 476480486 | AA90: -1751963544 | AB90: -1751963544
A91: =Source!A87 -> 17 | B91: 87 | C91: 3 | D91: =Source!BI87 -> 2 | E91: =Source!FS87 -> 0 | F91: =Source!F87 -> УПД | G91: =Source!G87 -> Кабель-канал металлический оцинкованный, ККМО 15х15 | H91: =Source!H87 -> м | I91: =Source!I87 -> 363 | J91: 1 | K91: =Source!AC87 -> 13.93 | M91: =ROUND(K91*I91, 2) -> 5056.59 | N91: =Source!AC87*IF(Source!BC87<> 0, Source!BC87, 1) -> 135.6782 | O91: =ROUND(N91*I91, 2) -> 49251.19 | P91: =Source!AE87 -> 0 | R91: =ROUND(P91*I91, 2) -> 0 | S91: =Source!AE87*IF(Source!BS87<> 0, Source!BS87, 1) -> 0 | T91: =ROUND(S91*I91, 2) -> 0 | U91: 3 | Z91: =Source!GF87 -> -1293258077 | AA91: -1668286292 | AB91: -886428301
A92: =Source!A89 -> 17 | B92: 89 | C92: 3 | D92: =Source!BI89 -> 2 | E92: =Source!FS89 -> 0 | F92: =Source!F89 -> УПД | G92: =Source!G89 -> Соединитель ККМО Угол 25 Т-образный металлический , УТ000023541 | H92: =Source!H89 -> шт. | I92: =Source!I89 -> 28 | J92: 1 | K92: =Source!AC89 -> 15.5 | M92: =ROUND(K92*I92, 2) -> 434 | N92: =Source!AC89*IF(Source!BC89<> 0, Source!BC89, 1) -> 150.97 | O92: =ROUND(N92*I92, 2) -> 4227.16 | P92: =Source!AE89 -> 0 | R92: =ROUND(P92*I92, 2) -> 0 | S92: =Source!AE89*IF(Source!BS89<> 0, Source!BS89, 1) -> 0 | T92: =ROUND(S92*I92, 2) -> 0 | U92: 3 | Z92: =Source!GF89 -> -1842591398 | AA92: 2092036993 | AB92: -118211441
A93: =Source!A91 -> 17 | B93: 91 | C93: 3 | D93: =Source!BI91 -> 2 | E93: =Source!FS91 -> 0 | F93: =Source!F91 -> УПД | G93: =Source!G91 -> Соединитель ККМО Угол 25 L-образный металлический, УТ000023538 | H93: =Source!H91 -> шт. | I93: =Source!I91 -> 34 | J93: 1 | K93: =Source!AC91 -> 15.5 | M93: =ROUND(K93*I93, 2) -> 527 | N93: =Source!AC91*IF(Source!BC91<> 0, Source!BC91, 1) -> 150.97 | O93: =ROUND(N93*I93, 2) -> 5132.98 | P93: =Source!AE91 -> 0 | R93: =ROUND(P93*I93, 2) -> 0 | S93: =Source!AE91*IF(Source!BS91<> 0, Source!BS91, 1) -> 0 | T93: =ROUND(S93*I93, 2) -> 0 | U93: 3 | Z93: =Source!GF91 -> 1397592155 | AA93: -135268267 | AB93: -1972212158
A94: 20 | B94: 162 | C94: 1 | D94: 0 | E94: =SmtRes!AV162 -> 1 | F94: =SmtRes!I162 -> 9999990008 | G94: =SmtRes!K162 -> Трудозатраты рабочих | H94: =SmtRes!O162 -> чел.-ч. | I94: =SmtRes!Y162*Source!I93 -> 31.11105 | J94: =SmtRes!AO162 -> 1 | K94: =SmtRes!AH162 -> 0 | L94: =SmtRes!DB162 -> 0 | M94: =ROUND(ROUND(L94*Source!I93, 6)*1, 2) -> 0 | N94: =SmtRes!AD162 -> 0 | O94: =ROUND(ROUND(L94*Source!I93, 6)*SmtRes!DA162, 2) -> 0 | P94: =SmtRes!AG162 -> 0 | Q94: =SmtRes!DC162 -> 0 | R94: =ROUND(ROUND(Q94*Source!I93, 6)*1, 2) -> 0 | S94: =SmtRes!AC162 -> 0 | T94: =ROUND(ROUND(Q94*Source!I93, 6)*SmtRes!AK162, 2) -> 0 | U94: 1 | Z94: =SmtRes!X162 -> 476480486 | AA94: -1751963544 | AB94: -1751963544
A95: =Source!A95 -> 17 | B95: 95 | C95: 3 | D95: =Source!BI95 -> 2 | E95: =Source!FS95 -> 0 | F95: =Source!F95 -> УПД | G95: =Source!G95 -> Труба гофр. с зондом , FRHF 16 мм | H95: =Source!H95 -> м | I95: =Source!I95 -> 216.5 | J95: 1 | K95: =Source!AC95 -> 7.13 | M95: =ROUND(K95*I95, 2) -> 1543.65 | N95: =Source!AC95*IF(Source!BC95<> 0, Source!BC95, 1) -> 69.4462 | O95: =ROUND(N95*I95, 2) -> 15035.1 | P95: =Source!AE95 -> 0 | R95: =ROUND(P95*I95, 2) -> 0 | S95: =Source!AE95*IF(Source!BS95<> 0, Source!BS95, 1) -> 0 | T95: =ROUND(S95*I95, 2) -> 0 | U95: 3 | Z95: =Source!GF95 -> -397864848 | AA95: 1984004849 | AB95: -783600157
A96: =Source!A97 -> 17 | B96: 97 | C96: 3 | D96: =Source!BI97 -> 2 | E96: =Source!FS97 -> 0 | F96: =Source!F97 -> УПД | G96: =Source!G97 -> Скоба металлическая однолапковая 16-17мм (100шт/уп) , 850-004 | H96: =Source!H97 -> шт. | I96: =Source!I97 -> 560 | J96: 1 | K96: =Source!AC97 -> 0.45 | M96: =ROUND(K96*I96, 2) -> 252 | N96: =Source!AC97*IF(Source!BC97<> 0, Source!BC97, 1) -> 4.383 | O96: =ROUND(N96*I96, 2) -> 2454.48 | P96: =Source!AE97 -> 0 | R96: =ROUND(P96*I96, 2) -> 0 | S96: =Source!AE97*IF(Source!BS97<> 0, Source!BS97, 1) -> 0 | T96: =ROUND(S96*I96, 2) -> 0 | U96: 3 | Z96: =Source!GF97 -> -1744385024 | AA96: 1496096973 | AB96: -851455426
A97: =Source!A105 -> 17 | B97: 105 | C97: 3 | D97: =Source!BI105 -> 2 | E97: =Source!FS105 -> 0 | F97: =Source!F105 -> УПД | G97: =Source!G105 -> Коробка монтажная металлическая КМ-О (4к) с керамическими клеммами, КМ-О (4к) | H97: =Source!H105 -> шт. | I97: =Source!I105 -> 12 | J97: 1 | K97: =Source!AC105 -> 32.52 | M97: =ROUND(K97*I97, 2) -> 390.24 | N97: =Source!AC105*IF(Source!BC105<> 0, Source!BC105, 1) -> 316.7448 | O97: =ROUND(N97*I97, 2) -> 3800.94 | P97: =Source!AE105 -> 0 | R97: =ROUND(P97*I97, 2) -> 0 | S97: =Source!AE105*IF(Source!BS105<> 0, Source!BS105, 1) -> 0 | T97: =ROUND(S97*I97, 2) -> 0 | U97: 3 | Z97: =Source!GF105 -> 1294754647 | AA97: 2070914021 | AB97: 1905156165
A98: =Source!A107 -> 17 | B98: 107 | C98: 3 | D98: =Source!BI107 -> 2 | E98: =Source!FS107 -> 0 | F98: =Source!F107 -> 1.21-5-1180 | G98: =Source!G107 -> Бирка маркировочная для кабелей и проводов, типа У134 У3,5 | H98: =Source!H107 -> 1000 шт. | I98: =Source!I107 -> 1.6 | J98: 1 | K98: =Source!AC107 -> 226.68 | M98: =ROUND(K98*I98, 2) -> 362.69 | N98: =Source!AC107*IF(Source!BC107<> 0, Source!BC107, 1) -> 1360.08 | O98: =ROUND(N98*I98, 2) -> 2176.13 | P98: =Source!AE107 -> 0 | R98: =ROUND(P98*I98, 2) -> 0 | S98: =Source!AE107*IF(Source!BS107<> 0, Source!BS107, 1) -> 0 | T98: =ROUND(S98*I98, 2) -> 0 | U98: 3 | Z98: =Source!GF107 -> 833010814 | AA98: 1462361054 | AB98: -1573974870
A99: =Source!A109 -> 17 | B99: 109 | C99: 3 | D99: =Source!BI109 -> 2 | E99: =Source!FS109 -> 0 | F99: =Source!F109 -> 1.21-5-926 | G99: =Source!G109 -> Хомут (стяжка) кабельный из полиамида, размеры 3,6х200 мм | H99: =Source!H109 -> 100 шт. | I99: =Source!I109 -> 16 | J99: 1 | K99: =Source!AC109 -> 26.71 | M99: =ROUND(K99*I99, 2) -> 427.36 | N99: =Source!AC109*IF(Source!BC109<> 0, Source!BC109, 1) -> 95.8889 | O99: =ROUND(N99*I99, 2) -> 1534.22 | P99: =Source!AE109 -> 0 | R99: =ROUND(P99*I99, 2) -> 0 | S99: =Source!AE109*IF(Source!BS109<> 0, Source!BS109, 1) -> 0 | T99: =ROUND(S99*I99, 2) -> 0 | U99: 3 | Z99: =Source!GF109 -> 668858684 | AA99: 825355748 | AB99: 1053536925
A100: =Source!A111 -> 17 | B100: 111 | C100: 3 | D100: =Source!BI111 -> 1 | E100: =Source!FS111 -> 0 | F100: =Source!F111 -> 1.1-1-4256 | G100: =Source!G111 -> Пена полиуретановая двухкомпонентная, терморасширяющаяся, противопожарная, окрашиваемая, диапазон температур применения от +10 до +30°С, диапазон температур эксплуатации от -30 до +110°С, для герметичной противопожарной заделки мест проходок инженерных коммуникаций внутри помещений, туба 300 мл | H100: =Source!H111 -> шт. | I100: =Source!I111 -> 5 | J100: 1 | K100: =Source!AC111 -> 732.78 | M100: =ROUND(K100*I100, 2) -> 3663.9 | N100: =Source!AC111*IF(Source!BC111<> 0, Source!BC111, 1) -> 5327.3106 | O100: =ROUND(N100*I100, 2) -> 26636.55 | P100: =Source!AE111 -> 0 | R100: =ROUND(P100*I100, 2) -> 0 | S100: =Source!AE111*IF(Source!BS111<> 0, Source!BS111, 1) -> 0 | T100: =ROUND(S100*I100, 2) -> 0 | U100: 3 | Z100: =Source!GF111 -> -1547390769 | AA100: 1244964955 | AB100: 1782648284
A101: 20 | B101: 206 | C101: 3 | D101: 0 | E101: =SmtRes!AV206 -> 0 | F101: =SmtRes!I206 -> 1.21-5-872 | G101: =SmtRes!K206 -> Скоба двухлапковая стальная оцинкованная, для кабелей диаметром от 25 до 26 | H101: =SmtRes!O206 -> 1000 шт. | I101: =SmtRes!Y206*Source!I113 -> 0.006478 | J101: =SmtRes!AO206 -> 1 | K101: =SmtRes!AE206 -> 920 | L101: =SmtRes!DB206 -> 37.72 | M101: =ROUND(ROUND(L101*Source!I113, 6)*1, 2) -> 5.96 | N101: =SmtRes!AA206 -> 2373.6 | O101: =ROUND(ROUND(L101*Source!I113, 6)*SmtRes!DA206, 2) -> 15.38 | P101: =SmtRes!AG206 -> 0 | Q101: =SmtRes!DC206 -> 0 | R101: =ROUND(ROUND(Q101*Source!I113, 6)*1, 2) -> 0 | S101: =SmtRes!AC206 -> 0 | T101: =ROUND(ROUND(Q101*Source!I113, 6)*SmtRes!AK206, 2) -> 0 | U101: 3 | Z101: =SmtRes!X206 -> -412407988 | AA101: 931350962 | AB101: 1984401849
A102: 20 | B102: 205 | C102: 3 | D102: 0 | E102: =SmtRes!AV205 -> 0 | F102: =SmtRes!I205 -> 1.21-5-1655 | G102: =SmtRes!K205 -> Перемычка гибкая, типа ПГС 50-280 | H102: =SmtRes!O205 -> шт. | I102: =SmtRes!Y205*Source!I113 -> 1.264 | J102: =SmtRes!AO205 -> 1 | K102: =SmtRes!AE205 -> 14.99 | L102: =SmtRes!DB205 -> 119.92 | M102: =ROUND(ROUND(L102*Source!I113, 6)*1, 2) -> 18.95 | N102: =SmtRes!AA205 -> 120.67 | O102: =ROUND(ROUND(L102*Source!I113, 6)*SmtRes!DA205, 2) -> 152.53 | P102: =SmtRes!AG205 -> 0 | Q102: =SmtRes!DC205 -> 0 | R102: =ROUND(ROUND(Q102*Source!I113, 6)*1, 2) -> 0 | S102: =SmtRes!AC205 -> 0 | T102: =ROUND(ROUND(Q102*Source!I113, 6)*SmtRes!AK205, 2) -> 0 | U102: 3 | Z102: =SmtRes!X205 -> -837770269 | AA102: 1007413010 | AB102: -1849667330
...

Sheet Расчет стоимости ресурсов
A2: Ресурсная ведомость на
A3: =CONCATENATE("Объект: ",IF(Source!G774<>"Новый объект", Source!G774, "")) -> Объект: на выполнение работ по замене СПС, СОУЭ и АГПТ | O3: Объект: на выполнение работ по замене СПС, СОУЭ и АГПТ
A4: Обоснование | B4: Наименование | C4: Единица измерения | D4: Объем | E4: Текущая
E6: цена | F6: стоимость
A7: 1 | B7: 2 | C7: 3 | D7: 4 | E7: 5 | F7: 6
A8: =CONCATENATE("Локальная смета: ",IF(Source!G22<>"Новая локальная смета", Source!G22, "")) -> Локальная смета: СПС
A9: =CONCATENATE("Раздел: ",IF(Source!G26<>"Новый раздел", Source!G26, "")) -> Раздел: 1. СПС
A10: Трудовые ресурсы
A11: 9999990008 | B11: Трудозатраты рабочих | C11: чел.-ч. | D11: =ROUND(SUMIF(RV_DATA!AB8:AB122, -1751963544, RV_DATA!I8:I122), 6) -> 1003.9574 | E11: =ROUND(RV_DATA!N14, 6) -> 0 | F11: =ROUND(SUMIF(RV_DATA!AB8:AB122, -1751963544, RV_DATA!O8:O122), 6) -> 0 | Q11: 1
A12: Итого трудовые ресурсы | E12: =SUMIF(Q11:Q11, 1, F11:F11) -> 0
A13: Машины и механизмы
A14: 2.1-13-14 | B14: Аппараты сварочные постоянного тока (выпрямители) для ручной дуговой сварки, сварочный ток до 500 А | C14: маш.-ч | D14: =ROUND(SUMIF(RV_DATA!AB8:AB122, -1927318577, RV_DATA!I8:I122), 6) -> 19.25319 | E14: =ROUND(RV_DATA!N78, 6) -> 79.5 | F14: =ROUND(SUMIF(RV_DATA!AB8:AB122, -1927318577, RV_DATA!O8:O122), 6) -> 1462.12 | Q14: 2
A15: 2.1-18-7 | B15: Автомобили грузовые бортовые, грузоподъемность до 5 т | C15: маш.-ч | D15: =ROUND(SUMIF(RV_DATA!AB8:AB122, -1462868675, RV_DATA!I8:I122), 6) -> 12.46214 | E15: =ROUND(RV_DATA!N55, 6) -> 1118.89 | F15: =ROUND(SUMIF(RV_DATA!AB8:AB122, -1462868675, RV_DATA!O8:O122), 6) -> 13318.52 | Q15: 2
A16: 2.1-30-10 | B16: Перфораторы, мощность до 800 Вт | C16: маш.-ч | D16: =ROUND(SUMIF(RV_DATA!AB8:AB122, 714070868, RV_DATA!I8:I122), 6) -> 28.80499 | E16: =ROUND(RV_DATA!N76, 6) -> 6.84 | F16: =ROUND(SUMIF(RV_DATA!AB8:AB122, 714070868, RV_DATA!O8:O122), 6) -> 188.19 | Q16: 2
A17: 2.1-3-38 | B17: Краны на автомобильном ходу, грузоподъемность до 16 т | C17: маш.-ч | D17: =ROUND(SUMIF(RV_DATA!AB8:AB122, -711566665, RV_DATA!I8:I122), 6) -> 0.02165 | E17: =ROUND(RV_DATA!N67, 6) -> 2149.79 | F17: =ROUND(SUMIF(RV_DATA!AB8:AB122, -711566665, RV_DATA!O8:O122), 6) -> 44.41 | Q17: 2
A18: 2.1-4-109 | B18: Подъемники ножничные несамоходные, высота подъема до 10 м | C18: маш.-ч | D18: =ROUND(SUMIF(RV_DATA!AB8:AB122, -524523805, RV_DATA!I8:I122), 6) -> 39.428 | E18: =ROUND(RV_DATA!N86, 6) -> 557.83 | F18: =ROUND(SUMIF(RV_DATA!AB8:AB122, -524523805, RV_DATA!O8:O122), 6) -> 21006.63 | Q18: 2
A19: 2.1-4-12 | B19: Автопогрузчики вилочные, грузоподъемность до 5 т | C19: маш.-ч | D19: =ROUND(SUMIF(RV_DATA!AB8:AB122, 846388292, RV_DATA!I8:I122), 6) -> 4.6 | E19: =ROUND(RV_DATA!N13, 6) -> 1517.26 | F19: =ROUND(SUMIF(RV_DATA!AB8:AB122, 846388292, RV_DATA!O8:O122), 6) -> 6666.01 | Q19: 2
A20: Итого машины и механизмы | E20: =SUMIF(Q14:Q19, 2, F14:F19) -> 42685.88
A21: Материальные ресурсы
A22: 1.1-1-1257 | B22: Тальк молотый | C22: кг | D22: =ROUND(SUMIF(RV_DATA!AB8:AB122, -705495717, RV_DATA!I8:I122), 6) -> 0.93095 | E22: =ROUND(RV_DATA!N66, 6) -> 12.58 | F22: =ROUND(SUMIF(RV_DATA!AB8:AB122, -705495717, RV_DATA!O8:O122), 6) -> 11.76 | Q22: 3
A23: 1.1-1-132 | B23: Гвозди строительные | C23: т | D23: =ROUND(SUMIF(RV_DATA!AB8:AB122, -1462969810, RV_DATA!I8:I122), 6) -> 0.00102 | E23: =ROUND(RV_DATA!N119, 6) -> 82595.61 | F23: =ROUND(SUMIF(RV_DATA!AB8:AB122, -1462969810, RV_DATA!O8:O122), 6) -> 84.06 | Q23: 3
A24: 1.1-1-146 | B24: Гипс строительный | C24: т | D24: =ROUND(SUMIF(RV_DATA!AB8:AB122, -1557696929, RV_DATA!I8:I122), 6) -> 0.0009 | E24: =ROUND(RV_DATA!N27, 6) -> 6836.51 | F24: =ROUND(SUMIF(RV_DATA!AB8:AB122, -1557696929, RV_DATA!O8:O122), 6) -> 6.18 | Q24: 3
A25: 1.1-1-1669 | B25: Электроды, типа Э-42А, диаметр от 4 до 6 мм | C25: т | D25: =ROUND(SUMIF(RV_DATA!AB8:AB122, -1987742182, RV_DATA!I8:I122), 6) -> 0.031902 | E25: =ROUND(RV_DATA!N75, 6) -> 157580.26 | F25: =ROUND(SUMIF(RV_DATA!AB8:AB122, -1987742182, RV_DATA!O8:O122), 6) -> 5026.64 | Q25: 3
A26: 1.1-1-1723 | B26: Лента изоляционная, прорезиненная, односторонняя | C26: кг | D26: =ROUND(SUMIF(RV_DATA!AB8:AB122, -722337738, RV_DATA!I8:I122), 6) -> 0.928 | E26: =ROUND(RV_DATA!N65, 6) -> 270.42 | F26: =ROUND(SUMIF(RV_DATA!AB8:AB122, -722337738, RV_DATA!O8:O122), 6) -> 250.94 | Q26: 3
A27: 1.1-1-221 | B27: Пиломатериал (доска) обрезной хвойных пород естественной влажности, сорт II, толщина 25 мм, ширина от 100 до 200 мм | C27: м3 | D27: =ROUND(SUMIF(RV_DATA!AB8:AB122, -1313657238, RV_DATA!I8:I122), 6) -> 0.02754 | E27: =ROUND(RV_DATA!N118, 6) -> 10077.19 | F27: =ROUND(SUMIF(RV_DATA!AB8:AB122, -1313657238, RV_DATA!O8:O122), 6) -> 276.97 | Q27: 3
A28: 1.1-1-237 | B28: Дюбель с патроном | C28: шт. | D28: =ROUND(SUMIF(RV_DATA!AB8:AB122, -614974749, RV_DATA!I8:I122), 6) -> 451.935 | E28: =ROUND(RV_DATA!N84, 6) -> 8.45 | F28: =ROUND(SUMIF(RV_DATA!AB8:AB122, -614974749, RV_DATA!O8:O122), 6) -> 3820.39 | Q28: 3
A29: 1.1-1-238 | B29: Дюбель пластмассовый | C29: шт. | D29: =ROUND(SUMIF(RV_DATA!AB8:AB122, 1523495228, RV_DATA!I8:I122), 6) -> 27.476 | E29: =ROUND(RV_DATA!N83, 6) -> 0.82 | F29: =ROUND(SUMIF(RV_DATA!AB8:AB122, 1523495228, RV_DATA!O8:O122), 6) -> 22.5 | Q29: 3
A30: 1.1-1-2381 | B30: Винты с полукруглой головкой, М6х10 | C30: т | D30: =ROUND(SUMIF(RV_DATA!AB8:AB122, 609349578, RV_DATA!I8:I122), 6) -> 0.00029 | E30: =ROUND(RV_DATA!N82, 6) -> 103793.65 | F30: =ROUND(SUMIF(RV_DATA!AB8:AB122, 609349578, RV_DATA!O8:O122), 6) -> 30.22 | Q30: 3
A31: 1.1-1-2911 | B31: Лак электроизоляционный меламиноалкидный, типа МЛ-92 | C31: кг | D31: =ROUND(SUMIF(RV_DATA!AB8:AB122, -1113958799, RV_DATA!I8:I122), 6) -> 0.09 | E31: =ROUND(RV_DATA!N26, 6) -> 194.77 | F31: =ROUND(SUMIF(RV_DATA!AB8:AB122, -1113958799, RV_DATA!O8:O122), 6) -> 17.4 | Q31: 3
A32: 1.1-1-330 | B32: Канифоль | C32: кг | D32: =ROUND(SUMIF(RV_DATA!AB8:AB122, 1282226774, RV_DATA!I8:I122), 6) -> 0.03 | E32: =ROUND(RV_DATA!N25, 6) -> 464.93 | F32: =ROUND(SUMIF(RV_DATA!AB8:AB122, 1282226774, RV_DATA!O8:O122), 6) -> 14.2 | Q32: 3
A33: 1.1-1-3588 | B33: Лента для уплотнения резьбы при монтаже инженерных сетей, типа ФУМ | C33: кг | D33: =ROUND(SUMIF(RV_DATA!AB8:AB122, -1720620010, RV_DATA!I8:I122), 6) -> 0.00474 | E33: =ROUND(RV_DATA!N106, 6) -> 1072.27 | F33: =ROUND(SUMIF(RV_DATA!AB8:AB122, -1720620010, RV_DATA!O8:O122), 6) -> 5.08 | Q33: 3
A34: 1.1-1-3607 | B34: Шурупы с полукруглой головкой, диаметр 4 мм, длина 40 мм | C34: т | D34: =ROUND(SUMIF(RV_DATA!AB8:AB122, -1775504617, RV_DATA!I8:I122), 6) -> 0.37026 | E34: =ROUND(RV_DATA!N81, 6) -> 141029.96 | F34: =ROUND(SUMIF(RV_DATA!AB8:AB122, -1775504617, RV_DATA!O8:O122), 6) -> 52217.53 | Q34: 3
A35: 1.1-1-3648 | B35: Трубки резиновые, технические, типа ТМКЩ, диаметр от 6 до 40 мм, толщина стенки от 2 до 4 мм | C35: кг | D35: =ROUND(SUMIF(RV_DATA!AB8:AB122, -1269028055, RV_DATA!I8:I122), 6) -> 0.02 | E35: =ROUND(RV_DATA!N12, 6) -> 409.18 | F35: =ROUND(SUMIF(RV_DATA!AB8:AB122, -1269028055, RV_DATA!O8:O122), 6) -> 8.15 | Q35: 3
A36: 1.1-1-4256 | B36: Пена полиуретановая двухкомпонентная, терморасширяющаяся, противопожарная, окрашиваемая, диапазон температур применения от +10 до +30°С, диапазон температур эксплуатации от -30 до +110°С, для герметичной противопожарной заделки мест проходок инженерных коммуникаций внутри помещений, туба 300 мл | C36: шт. | D36: =ROUND(SUMIF(RV_DATA!AB8:AB122, 1782648284, RV_DATA!I8:I122), 6) -> 5 | E36: =ROUND(RV_DATA!N100, 6) -> 5327.3106 | F36: =ROUND(SUMIF(RV_DATA!AB8:AB122, 1782648284, RV_DATA!O8:O122), 6) -> 26636.55 | Q36: 3
A37: 1.1-1-440 | B37: Краска водно-дисперсионная, акриловая, типа ВДА | C37: т | D37: =ROUND(SUMIF(RV_DATA!AB8:AB122, 1909860070, RV_DATA!I8:I122), 6) -> 6e-05 | E37: =ROUND(RV_DATA!N24, 6) -> 127122.59 | F37: =ROUND(SUMIF(RV_DATA!AB8:AB122, 1909860070, RV_DATA!O8:O122), 6) -> 7.53 | Q37: 3
A38: 1.1-1-493 | B38: Лак битумный, типа БТ-577 | C38: т | D38: =ROUND(SUMIF(RV_DATA!AB8:AB122, -2089330387, RV_DATA!I8:I122), 6) -> 0.000107 | E38: =ROUND(RV_DATA!N105, 6) -> 48567.24 | F38: =ROUND(SUMIF(RV_DATA!AB8:AB122, -2089330387, RV_DATA!O8:O122), 6) -> 5.22 | Q38: 3
A39: 1.1-1-79 | B39: Пиломатериал (брусок) обрезной хвойных пород естественной влажности, сорт III, толщина 50 мм, ширина 50 мм | C39: м3 | D39: =ROUND(SUMIF(RV_DATA!AB8:AB122, -1311518844, RV_DATA!I8:I122), 6) -> 0.03417 | E39: =ROUND(RV_DATA!N117, 6) -> 8124.8 | F39: =ROUND(SUMIF(RV_DATA!AB8:AB122, -1311518844, RV_DATA!O8:O122), 6) -> 277.07 | Q39: 3
A40: 1.1-1-8007 | B40: Дюбель пластмассовый с шурупом, диаметр 12 мм, длина 70 мм, диаметр шурупа 8 мм, длина шурупа 70 мм | C40: 100 шт. | D40: =ROUND(SUMIF(RV_DATA!AB8:AB122, 290239521, RV_DATA!I8:I122), 6) -> 0.3 | E40: =ROUND(RV_DATA!N23, 6) -> 1615.49 | F40: =ROUND(SUMIF(RV_DATA!AB8:AB122, 290239521, RV_DATA!O8:O122), 6) -> 484.65 | Q40: 3
A41: 1.1-1-944 | B41: Припой оловянно-свинцовый, в прутках, диаметр 8 мм, типа ПОС-30 | C41: т | D41: =ROUND(SUMIF(RV_DATA!AB8:AB122, 1929592101, RV_DATA!I8:I122), 6) -> 0.00016 | E41: =ROUND(RV_DATA!N11, 6) -> 1496715.3 | F41: =ROUND(SUMIF(RV_DATA!AB8:AB122, 1929592101, RV_DATA!O8:O122), 6) -> 239.36 | Q41: 3
A42: 1.1-1-945 | B42: Припой оловянно-свинцовый, в прутках, диаметр 8 мм, типа ПОС-40 | C42: т | D42: =ROUND(SUMIF(RV_DATA!AB8:AB122, -78630505, RV_DATA!I8:I122), 6) -> 0.00018 | E42: =ROUND(RV_DATA!N22, 6) -> 1930271.5 | F42: =ROUND(SUMIF(RV_DATA!AB8:AB122, -78630505, RV_DATA!O8:O122), 6) -> 347.66 | Q42: 3
A43: 1.1-1-953 | B43: Проволока медная, толщина от 1,0 до 1,5 мм | C43: т | D43: =ROUND(SUMIF(RV_DATA!AB8:AB122, 22278637, RV_DATA!I8:I122), 6) -> 0.0003 | E43: =ROUND(RV_DATA!N21, 6) -> 1198384.4 | F43: =ROUND(SUMIF(RV_DATA!AB8:AB122, 22278637, RV_DATA!O8:O122), 6) -> 359.31 | Q43: 3
A44: 1.1-1-967 | B44: Проволока стальная низкоуглеродистая общего назначения оцинкованная, диаметр от 1,6 до 3,0 мм | C44: т | D44: =ROUND(SUMIF(RV_DATA!AB8:AB122, -443132453, RV_DATA!I8:I122), 6) -> 0.000332 | E44: =ROUND(RV_DATA!N104, 6) -> 87568.03 | F44: =ROUND(SUMIF(RV_DATA!AB8:AB122, -443132453, RV_DATA!O8:O122), 6) -> 29.05 | Q44: 3
A45: 1.1-2-63 | B45: Нитки суровые | C45: г | D45: =ROUND(SUMIF(RV_DATA!AB8:AB122, 1300462346, RV_DATA!I8:I122), 6) -> 1 | E45: =ROUND(RV_DATA!N10, 6) -> 0.37 | F45: =ROUND(SUMIF(RV_DATA!AB8:AB122, 1300462346, RV_DATA!O8:O122), 6) -> 0.37 | Q45: 3
A46: 1.21-5-1141 | B46: Трубка (кембрик) изоляционная из ПВХ пластиката, диаметр 5 мм | C46: м | D46: =ROUND(SUMIF(RV_DATA!AB8:AB122, 1812635077, RV_DATA!I8:I122), 6) -> 17.73 | E46: =ROUND(RV_DATA!N20, 6) -> 4.53 | F46: =ROUND(SUMIF(RV_DATA!AB8:AB122, 1812635077, RV_DATA!O8:O122), 6) -> 80.42 | Q46: 3
A47: 1.21-5-1180 | B47: Бирка маркировочная для кабелей и проводов, типа У134 У3,5 | C47: 1000 шт. | D47: =ROUND(SUMIF(RV_DATA!AB8:AB122, -1573974870, RV_DATA!I8:I122), 6) -> 1.616 | E47: =ROUND(RV_DATA!N9, 6) -> 1360.08 | F47: =ROUND(SUMIF(RV_DATA!AB8:AB122, -1573974870, RV_DATA!O8:O122), 6) -> 2197.91 | Q47: 3
A48: 1.21-5-1229 | B48: Лента электроизоляционная, термостойкая, ширина 26 мм, толщина от 0,5 до 0,8 мм, типа ЛЭТСАР | C48: кг | D48: =ROUND(SUMIF(RV_DATA!AB8:AB122, 1282286202, RV_DATA!I8:I122), 6) -> 0.06 | E48: =ROUND(RV_DATA!N19, 6) -> 3047.23 | F48: =ROUND(SUMIF(RV_DATA!AB8:AB122, 1282286202, RV_DATA!O8:O122), 6) -> 182.8 | Q48: 3
A49: 1.21-5-1543 | B49: Гильзы кабельные медные типа ГМ 2,5 | C49: 100 шт. | D49: =ROUND(SUMIF(RV_DATA!AB8:AB122, -760535112, RV_DATA!I8:I122), 6) -> 0.10825 | E49: =ROUND(RV_DATA!N64, 6) -> 939.39 | F49: =ROUND(SUMIF(RV_DATA!AB8:AB122, -760535112, RV_DATA!O8:O122), 6) -> 101.66 | Q49: 3
A50: 1.21-5-1554 | B50: Втулка трубная, полипропиленовая, диаметр 17 мм | C50: 1000 шт. | D50: =ROUND(SUMIF(RV_DATA!AB8:AB122, 1321575978, RV_DATA!I8:I122), 6) -> 0.026413 | E50: =ROUND(RV_DATA!N63, 6) -> 1250.79 | F50: =ROUND(SUMIF(RV_DATA!AB8:AB122, 1321575978, RV_DATA!O8:O122), 6) -> 33.07 | Q50: 3
A51: 1.21-5-1561 | B51: Заглушка трубная полиэтиленовая У469 | C51: 10 шт. | D51: =ROUND(SUMIF(RV_DATA!AB8:AB122, 719951117, RV_DATA!I8:I122), 6) -> 0.16116 | E51: =ROUND(RV_DATA!N103, 6) -> 42.42 | F51: =ROUND(SUMIF(RV_DATA!AB8:AB122, 719951117, RV_DATA!O8:O122), 6) -> 6.84 | Q51: 3
A52: 1.21-5-1652 | B52: Полоска типа К-405 с пряжкой типа К-407, стальные, для крепления проводов | C52: 100 шт. | D52: =ROUND(SUMIF(RV_DATA!AB8:AB122, 1413289490, RV_DATA!I8:I122), 6) -> 1.0905 | E52: =ROUND(RV_DATA!N73, 6) -> 2340.78 | F52: =ROUND(SUMIF(RV_DATA!AB8:AB122, 1413289490, RV_DATA!O8:O122), 6) -> 2552.68 | Q52: 3
A53: 1.21-5-1655 | B53: Перемычка гибкая, типа ПГС 50-280 | C53: шт. | D53: =ROUND(SUMIF(RV_DATA!AB8:AB122, -1849667330, RV_DATA!I8:I122), 6) -> 1.264 | E53: =ROUND(RV_DATA!N102, 6) -> 120.67 | F53: =ROUND(SUMIF(RV_DATA!AB8:AB122, -1849667330, RV_DATA!O8:O122), 6) -> 152.53 | Q53: 3
A54: 1.21-5-690 | B54: Скрепа для ленты, типа NC 10, CF 10 | C54: 100 шт. | D54: =ROUND(SUMIF(RV_DATA!AB8:AB122, 606062180, RV_DATA!I8:I122), 6) -> 0.12 | E54: =ROUND(RV_DATA!N18, 6) -> 1958.38 | F54: =ROUND(SUMIF(RV_DATA!AB8:AB122, 606062180, RV_DATA!O8:O122), 6) -> 235.05 | Q54: 3
A55: 1.21-5-705 | B55: Сжим, типа У731М для проводников магистральных сечением от 4 до 10 мм2 и ответвительных от 1,5 до 10 мм2 | C55: шт. | D55: =ROUND(SUMIF(RV_DATA!AB8:AB122, 1566779205, RV_DATA!I8:I122), 6) -> 58.16 | E55: =ROUND(RV_DATA!N72, 6) -> 22 | F55: =ROUND(SUMIF(RV_DATA!AB8:AB122, 1566779205, RV_DATA!O8:O122), 6) -> 1279.51 | Q55: 3
A56: 1.21-5-750 | B56: Сжим, типа У 739М для проводников магистральных сечением от 4 до 10 мм2 и ответвительных сечением от 1,5 до 2,5 мм2 | C56: шт. | D56: =ROUND(SUMIF(RV_DATA!AB8:AB122, 868907553, RV_DATA!I8:I122), 6) -> 6.7115 | E56: =ROUND(RV_DATA!N62, 6) -> 24.78 | F56: =ROUND(SUMIF(RV_DATA!AB8:AB122, 868907553, RV_DATA!O8:O122), 6) -> 166.25 | Q56: 3
A57: 1.21-5-757 | B57: Зажим соединительно-изолирующий, типа СИЗ-2 | C57: 1000 шт. | D57: =ROUND(SUMIF(RV_DATA!AB8:AB122, 187549918, RV_DATA!I8:I122), 6) -> 0.01732 | E57: =ROUND(RV_DATA!N61, 6) -> 669.36 | F57: =ROUND(SUMIF(RV_DATA!AB8:AB122, 187549918, RV_DATA!O8:O122), 6) -> 11.59 | Q57: 3
A58: 1.21-5-798 | B58: Лента монтажная, типа ЛМ-5 | C58: м | D58: =ROUND(SUMIF(RV_DATA!AB8:AB122, 1138589601, RV_DATA!I8:I122), 6) -> 19.9925 | E58: =ROUND(RV_DATA!N71, 6) -> 4.72 | F58: =ROUND(SUMIF(RV_DATA!AB8:AB122, 1138589601, RV_DATA!O8:O122), 6) -> 94.32 | Q58: 3
A59: 1.21-5-800 | B59: Кнопка для ленты ЛМ, типа 3,5 | C59: 1000 шт. | D59: =ROUND(SUMIF(RV_DATA!AB8:AB122, 1183134365, RV_DATA!I8:I122), 6) -> 0.0727 | E59: =ROUND(RV_DATA!N70, 6) -> 212.58 | F59: =ROUND(SUMIF(RV_DATA!AB8:AB122, 1183134365, RV_DATA!O8:O122), 6) -> 15.6 | Q59: 3
A60: 1.21-5-872 | B60: Скоба двухлапковая стальная оцинкованная, для кабелей диаметром от 25 до 26 | C60: 1000 шт. | D60: =ROUND(SUMIF(RV_DATA!AB8:AB122, 1984401849, RV_DATA!I8:I122), 6) -> 0.006478 | E60: =ROUND(RV_DATA!N101, 6) -> 2373.6 | F60: =ROUND(SUMIF(RV_DATA!AB8:AB122, 1984401849, RV_DATA!O8:O122), 6) -> 15.38 | Q60: 3
A61: 1.21-5-926 | B61: Хомут (стяжка) кабельный из полиамида, размеры 3,6х200 мм | C61: 100 шт. | D61: =ROUND(SUMIF(RV_DATA!AB8:AB122, 1053536925, RV_DATA!I8:I122), 6) -> 16 | E61: =ROUND(RV_DATA!N99, 6) -> 95.8889 | F61: =ROUND(SUMIF(RV_DATA!AB8:AB122, 1053536925, RV_DATA!O8:O122), 6) -> 1534.22 | Q61: 3
A62: 1.3-1-41 | B62: Смесь бетонная тяжелого бетона БСТ на гранитном щебне, крупность заполнителя от 5 до 20 мм, класс прочности В25 (М350), П3, F150, W6 | C62: м3 | D62: =ROUND(SUMIF(RV_DATA!AB8:AB122, -1282325562, RV_DATA!I8:I122), 6) -> 0.15912 | E62: =ROUND(RV_DATA!N121, 6) -> 6513.3976 | F62: =ROUND(SUMIF(RV_DATA!AB8:AB122, -1282325562, RV_DATA!O8:O122), 6) -> 1036.41 | Q62: 3
A63: 9999990002 | B63: Масса оборудования | C63: т | D63: =ROUND(SUMIF(RV_DATA!AB8:AB122, 711510557, RV_DATA!I8:I122), 6) -> 0.503 | E63: =ROUND(RV_DATA!N8, 6) -> 0 | F63: =ROUND(SUMIF(RV_DATA!AB8:AB122, 711510557, RV_DATA!O8:O122), 6) -> 0 | Q63: 3
A64: УПД | B64: Бокс резервного питания "БР-12 исп. 2х40" | C64: шт. | D64: =ROUND(SUMIF(RV_DATA!AB8:AB122, -1852245674, RV_DATA!I8:I122), 6) -> 1 | E64: =ROUND(RV_DATA!N48, 6) -> 7914.1396 | F64: =ROUND(SUMIF(RV_DATA!AB8:AB122, -1852245674, RV_DATA!O8:O122), 6) -> 7914.14 | Q64: 3
A65: УПД | B65: Аккумулятор 12 В, 17 Ач, SF 1217 | C65: шт. | D65: =ROUND(SUMIF(RV_DATA!AB8:AB122, 596623845, RV_DATA!I8:I122), 6) -> 4 | E65: =ROUND(RV_DATA!N50, 6) -> 3656.6882 | F65: =ROUND(SUMIF(RV_DATA!AB8:AB122, 596623845, RV_DATA!O8:O122), 6) -> 14626.75 | Q65: 3
A66: УПД | B66: Извещатель пожарный дымовой оптико-электронный адресно-аналоговый, ИП 212-64-R3 W1.02 | C66: шт. | D66: =ROUND(SUMIF(RV_DATA!AB8:AB122, 1639094343, RV_DATA!I8:I122), 6) -> 146 | E66: =ROUND(RV_DATA!N53, 6) -> 1557.6208 | F66: =ROUND(SUMIF(RV_DATA!AB8:AB122, 1639094343, RV_DATA!O8:O122), 6) -> 227412.64 | Q66: 3
A67: УПД | B67: Извещатель пожарный ручной адресный со встроенным изо-лятором короткого замыкания, ИПР 513-11ИКЗ-А-R3 | C67: шт. | D67: =ROUND(SUMIF(RV_DATA!AB8:AB122, -112771148, RV_DATA!I8:I122), 6) -> 9 | E67: =ROUND(RV_DATA!N54, 6) -> 1267.8558 | F67: =ROUND(SUMIF(RV_DATA!AB8:AB122, -112771148, RV_DATA!O8:O122), 6) -> 11410.7 | Q67: 3
A68: УПД | B68: Изолятор шлейфа, ИЗ-1Б-R3 | C68: шт. | D68: =ROUND(SUMIF(RV_DATA!AB8:AB122, 1735525424, RV_DATA!I8:I122), 6) -> 46 | E68: =ROUND(RV_DATA!N57, 6) -> 1007.7978 | F68: =ROUND(SUMIF(RV_DATA!AB8:AB122, 1735525424, RV_DATA!O8:O122), 6) -> 46358.7 | Q68: 3
A69: УПД | B69: Модуль автоматики дымоудаления, МДУ-1-R3 | C69: шт. | D69: =ROUND(SUMIF(RV_DATA!AB8:AB122, 603436998, RV_DATA!I8:I122), 6) -> 6 | E69: =ROUND(RV_DATA!N59, 6) -> 4930.6802 | F69: =ROUND(SUMIF(RV_DATA!AB8:AB122, 603436998, RV_DATA!O8:O122), 6) -> 29584.08 | Q69: 3
A70: УПД | B70: Адресный релейный модуль, РМ-1-R3 | C70: шт. | D70: =ROUND(SUMIF(RV_DATA!AB8:AB122, -1735137370, RV_DATA!I8:I122), 6) -> 7 | E70: =ROUND(RV_DATA!N60, 6) -> 1533.076 | F70: =ROUND(SUMIF(RV_DATA!AB8:AB122, -1735137370, RV_DATA!O8:O122), 6) -> 10731.53 | Q70: 3
A71: УПД | B71: Кабель огнестойкий для ОПС, СОУЭ и передачи данных с однопроволочными медными жилами, КПСЭнг(А)-FRLSLTx 1х2х0,75 | C71: м | D71: =ROUND(SUMIF(RV_DATA!AB8:AB122, 1861592327, RV_DATA!I8:I122), 6) -> 591.6 | E71: =ROUND(RV_DATA!N80, 6) -> 28.9278 | F71: =ROUND(SUMIF(RV_DATA!AB8:AB122, 1861592327, RV_DATA!O8:O122), 6) -> 17113.69 | Q71: 3
A72: УПД | B72: Кабель-канал металлический оцинкованный, ККМО 15х15 | C72: м | D72: =ROUND(SUMIF(RV_DATA!AB8:AB122, -886428301, RV_DATA!I8:I122), 6) -> 363 | E72: =ROUND(RV_DATA!N91, 6) -> 135.6782 | F72: =ROUND(SUMIF(RV_DATA!AB8:AB122, -886428301, RV_DATA!O8:O122), 6) -> 49251.19 | Q72: 3
A73: УПД | B73: Соединитель ККМО Угол 25 Т-образный металлический , УТ000023541 | C73: шт. | D73: =ROUND(SUMIF(RV_DATA!AB8:AB122, -118211441, RV_DATA!I8:I122), 6) -> 28 | E73: =ROUND(RV_DATA!N92, 6) -> 150.97 | F73: =ROUND(SUMIF(RV_DATA!AB8:AB122, -118211441, RV_DATA!O8:O122), 6) -> 4227.16 | Q73: 3
A74: УПД | B74: Соединитель ККМО Угол 25 L-образный металлический, УТ000023538 | C74: шт. | D74: =ROUND(SUMIF(RV_DATA!AB8:AB122, -1972212158, RV_DATA!I8:I122), 6) -> 34 | E74: =ROUND(RV_DATA!N93, 6) -> 150.97 | F74: =ROUND(SUMIF(RV_DATA!AB8:AB122, -1972212158, RV_DATA!O8:O122), 6) -> 5132.98 | Q74: 3
A75: УПД | B75: Труба гофр. с зондом , FRHF 16 мм | C75: м | D75: =ROUND(SUMIF(RV_DATA!AB8:AB122, -783600157, RV_DATA!I8:I122), 6) -> 216.5 | E75: =ROUND(RV_DATA!N95, 6) -> 69.4462 | F75: =ROUND(SUMIF(RV_DATA!AB8:AB122, -783600157, RV_DATA!O8:O122), 6) -> 15035.1 | Q75: 3
A76: УПД | B76: Скоба металлическая однолапковая 16-17мм (100шт/уп) , 850-004 | C76: шт. | D76: =ROUND(SUMIF(RV_DATA!AB8:AB122, -851455426, RV_DATA!I8:I122), 6) -> 560 | E76: =ROUND(RV_DATA!N96, 6) -> 4.383 | F76: =ROUND(SUMIF(RV_DATA!AB8:AB122, -851455426, RV_DATA!O8:O122), 6) -> 2454.48 | Q76: 3
A77: УПД | B77: Коробка монтажная металлическая КМ-О (4к) с керамическими клеммами, КМ-О (4к) | C77: шт. | D77: =ROUND(SUMIF(RV_DATA!AB8:AB122, 1905156165, RV_DATA!I8:I122), 6) -> 12 | E77: =ROUND(RV_DATA!N97, 6) -> 316.7448 | F77: =ROUND(SUMIF(RV_DATA!AB8:AB122, 1905156165, RV_DATA!O8:O122), 6) -> 3800.94 | Q77: 3
A78: УПД | B78: Труба металлическая 22х1,5 мм | C78: м | D78: =ROUND(SUMIF(RV_DATA!AB8:AB122, 380467691, RV_DATA!I8:I122), 6) -> 16.274 | E78: =ROUND(RV_DATA!N114, 6) -> 84.6406 | F78: =ROUND(SUMIF(RV_DATA!AB8:AB122, 380467691, RV_DATA!O8:O122), 6) -> 1377.44 | Q78: 3
A79: Итого материальные ресурсы | E79: =SUMIF(Q22:Q78, 3, F22:F78) -> 546306.55
A80: Оборудование
A81: УПД | B81: Центральный прибор индикации и управления ЦПИУ «Рубеж», ЦПИУ "Рубеж" исп.1 | C81: шт. | D81: =ROUND(SUMIF(RV_DATA!AB8:AB122, -1746039687, RV_DATA!I8:I122), 6) -> 1 | E81: =ROUND(RV_DATA!N15, 6) -> 488227.92 | F81: =ROUND(SUMIF(RV_DATA!AB8:AB122, -1746039687, RV_DATA!O8:O122), 6) -> 488227.92 | Q81: 5
A82: УПД | B82: Источник бесперебойного питания, SKAT-UPS 1000/600 | C82: шт. | D82: =ROUND(SUMIF(RV_DATA!AB8:AB122, 84026592, RV_DATA!I8:I122), 6) -> 1 | E82: =ROUND(RV_DATA!N30, 6) -> 29415.421 | F82: =ROUND(SUMIF(RV_DATA!AB8:AB122, 84026592, RV_DATA!O8:O122), 6) -> 29415.42 | Q82: 5
A83: УПД | B83: Прибор приемно-контрольный и управления охранно-пожар-ный адресный, R3-Рубеж-2ОП | C83: шт. | D83: =ROUND(SUMIF(RV_DATA!AB8:AB122, -289966871, RV_DATA!I8:I122), 6) -> 1 | E83: =ROUND(RV_DATA!N32, 6) -> 44801.674 | F83: =ROUND(SUMIF(RV_DATA!AB8:AB122, -289966871, RV_DATA!O8:O122), 6) -> 44801.67 | Q83: 5
A84: УПД | B84: Блок индикации и управления, R3-Рубеж-БИУ | C84: шт. | D84: =ROUND(SUMIF(RV_DATA!AB8:AB122, -837166025, RV_DATA!I8:I122), 6) -> 1 | E84: =ROUND(RV_DATA!N34, 6) -> 23177.96 | F84: =ROUND(SUMIF(RV_DATA!AB8:AB122, -837166025, RV_DATA!O8:O122), 6) -> 23177.96 | Q84: 5
A85: УПД | B85: Источник бесперебойного питания, ИВЭПР 12/5 RS-R3 2x17 БР - R3 | C85: шт. | D85: =ROUND(SUMIF(RV_DATA!AB8:AB122, 903521586, RV_DATA!I8:I122), 6) -> 1 | E85: =ROUND(RV_DATA!N49, 6) -> 11915.222 | F85: =ROUND(SUMIF(RV_DATA!AB8:AB122, 903521586, RV_DATA!O8:O122), 6) -> 11915.22 | Q85: 5
A86: Итого оборудование | E86: =SUMIF(Q81:Q85, 5, F81:F85) -> 597538.19
A88: =CONCATENATE("Итого по локальной смете:",IF(Source!G161<>"Новая локальная смета", Source!G161, "")) -> Итого по локальной смете:СПС
A89: Итого трудовые ресурсы | E89: =SUMIF(Q1:Q88, 1, F1:F88) -> 0
A90: Итого машины и механизмы | E90: =SUMIF(Q1:Q89, 2, F1:F89) -> 42685.88
A91: Итого материальные ресурсы | E91: =SUMIF(Q1:Q90, 3, F1:F90) -> 546306.55
A92: Итого материалы заказчика | E92: =SUMIF(Q1:Q91, 4, F1:F91) -> 0
A93: Итого оборудование | E93: =SUMIF(Q1:Q92, 5, F1:F92) -> 597538.19
A94: Итого оборудование заказчика | E94: =SUMIF(Q1:Q93, 6, F1:F93) -> 0
A95: Итого материальных ресурсов | E95: =E94+E93+E92+E91 -> 1143844.7
A96: Накладные расходы | E96: =(Source!P187)/1 -> 373019.65
A97: сметная прибыль | E97: =(Source!P188)/1 -> 195507.02
A98: Итого сметная стоимость | E98: =E97+E96+E95+E90+E89 -> 1755057.3
A100: =CONCATENATE("Локальная смета: ",IF(Source!G196<>"Новая локальная смета", Source!G196, "")) -> Локальная смета: СОУЭ
A101: =CONCATENATE("Раздел: ",IF(Source!G200<>"Новый раздел", Source!G200, "")) -> Раздел: 1. СОУЭ
A102: Трудовые ресурсы
A103: 9999990008 | B103: Трудозатраты рабочих | C103: чел.-ч. | D103: =ROUND(SUMIF(RV_DATA!AB125:AB228, -1751963544, RV_DATA!I125:I228), 6) -> 693.57918 | E103: =ROUND(RV_DATA!N128, 6) -> 0 | F103: =ROUND(SUMIF(RV_DATA!AB125:AB228, -1751963544, RV_DATA!O125:O228), 6) -> 0 | Q103: 1
A104: Итого трудовые ресурсы | E104: =SUMIF(Q103:Q103, 1, F103:F103) -> 0
...

Sheet Source
A1: 0 | B1: Smeta.RU (495) 974-1589 | D1: _PS_ | F1: 0 | G1: 0 | H1: 0 | I1: Smeta.RU | K1: 1 | L1: 46812 | M1: 97460402 | N1: 11 | O1: 8 | P1: 0 | Q1: 1
A12: 1 | B12: 821 | C12: 0 | D12: =ROW(A774) -> 774 | E12: 0 | F12: Новый объект | G12: на выполнение работ по замене СПС, СОУЭ и АГПТ | I12: 0 | K12: 0 | L12: 0 | M12: 2 | O12: 0 | P12: 0 | Q12: 0 | R12: 175 | S12: 160 | T12: 1 | V12: 0 | BB12: 0 | BH12: Сметные нормы списания | BI12: Коды ОКП для ТСН-2001 МГЭ | BJ12: 1 | BK12: 1 | BL12: 0 | BM12: 0 | BN12: 1 | BO12: 0 | BP12: 6 | BQ12: 2 | BR12: 1 | BS12: 1 | BT12: 0 | BU12: 0 | BV12: 0 | BW12: 0 | BX12: 0 | BY12: ТСН-2001 (МГЭ) - Ремонт | BZ12: Типовой расчет для ТСН-2001 МГЭ, Новая методика с выпуска доп. 43 (Ремонт), Доп 72 | CA12: Территориальные сметные нормативы для Москвы ТСН-2001 (МГЭ) | CB12: Территориальные сметные нормативы для Москвы ТСН-2001 (МГЭ) | CC12: Территориальные сметные нормативы для Москвы ТСН-2001 (МГЭ) | CD12: Территориальные сметные нормативы для Москвы ТСН-2001 (МГЭ) | CE12: Поправки для ТСН-2001 от 18.07.2023 г. доп.69 | CF12: 0 | CG12: 0 | CH12: 16785416 | CK12: 73 | CQ12: Территориальные сметные нормативы для Москвы (ТСН-2001) | CR12: ТЕР | CS12: 41660 | CT12: 1 | CU12: 72 | CY12: 0 | EC12: 0
A15: 15 | B15: 1
A18: 52 | B18: =B774 -> 821 | C18: =C774 -> 1 | D18: =D774 -> 12 | E18: =E774 -> 0 | F18: =F774 -> Новый объект | G18: =G774 -> на выполнение работ по замене СПС, СОУЭ и АГПТ | O18: =O774 -> 409724.94 | P18: =P774 -> 366141.82 | Q18: =Q774 -> 5099.08 | R18: =R774 -> 1302.26 | S18: =S774 -> 38484.04 | T18: =T774 -> 0 | U18: =U774 -> 2596.4345 | V18: =V774 -> 0 | ... GX18: =GX774 -> 0
A20: 3 | B20: 1 | D20: =ROW(A161) -> 161 | F20: 1. | G20: СПС | I20: 0 | K20: -1 | L20: 1. СПС | S20: 0 | T20: 0 | V20: 0 | BX20: 0 | CF20: 0 | CG20: 0
A22: 52 | B22: =B161 -> 1 | C22: =C161 -> 3 | D22: =D161 -> 20 | E22: =E161 -> 0 | F22: =F161 -> 1. | G22: =G161 -> СПС | O22: =O161 -> 160193.66 | P22: =P161 -> 142942.05 | Q22: =Q161 -> 3433.98 | R22: =R161 -> 768.42 | S22: =S161 -> 13817.63 | T22: =T161 -> 0 | U22: =U161 -> 1003.9574 | V22: =V161 -> 0 | ... GX22: =GX161 -> 0
A24: 4 | B24: 1 | D24: =ROW(A131) -> 131 | F24: Новый раздел | G24: 1. СПС | I24: 0 | K24: 0 | S24: 0 | T24: 0 | V24: 0 | BX24: 0 | CJ24: 0
A26: 52 | B26: =B131 -> 1 | C26: =C131 -> 4 | D26: =D131 -> 24 | E26: =E131 -> 0 | F26: =F131 -> Новый раздел | G26: =G131 -> 1. СПС | O26: =O131 -> 160193.66 | P26: =P131 -> 142942.05 | Q26: =Q131 -> 3433.98 | R26: =R131 -> 768.42 | S26: =S131 -> 13817.63 | T26: =T131 -> 0 | U26: =U131 -> 1003.9574 | V26: =V131 -> 0 | ... GX26: =GX131 -> 0
A28: 17 | B28: 1 | C28: =ROW(SmtRes!A7) -> 7 | D28: =ROW(EtalonRes!A9) -> 9 | E28: 1 | F28: 4.10-71-11 | G28: Монтаж пульта служебной связи и контроля | H28: 1 ПУЛЬТ | I28: 1 | J28: 0 | K28: 1 | O28: =ROUND(CP28,2) -> 1263.02 | P28: =ROUND((ROUND((AC28*AW28*I28),2)*BC28),2) -> 14.44 | Q28: =(ROUND((ROUND(((ET28)*AV28*I28),2)*BB28),2)+ROUND((ROUND(((AE28-(EU28))*AV28*I28),2)*BS28),2)) -> 390.42 | R28: =ROUND((ROUND((AE28*AV28*I28),2)*BS28),2) -> 42.91 | S28: =ROUND((ROUND((AF28*AV28*I28),2)*BA28),2) -> 858.16 | T28: =ROUND(CU28*I28,2) -> 0 | U28: =CV28*I28 -> 68 | V28: =CW28*I28 -> 0 | W28: =ROUND(CX28*I28,2) -> 0 | X28: =ROUND(CY28,2) -> 978.3 | Y28: =ROUND(CZ28,2) -> 574.97 | AA28: 151751237 | AB28: =ROUND((AC28+AD28+AF28),6) -> 1263.02 | AC28: =ROUND((ES28),6) -> 14.44 | AD28: =ROUND((((ET28)-(EU28))+AE28),6) -> 390.42 | AE28: =ROUND((EU28),6) -> 42.91 | AF28: =ROUND((EV28),6) -> 858.16 | AG28: =ROUND((AP28),6) -> 0 | AH28: =(EW28) -> 68 | AI28: =(EX28) -> 0 | AJ28: =(AS28) -> 0 | AK28: 1263.02 | AL28: 14.44 | AM28: 390.42 | AN28: 42.91 | AO28: 858.16 | AP28: 0 | AQ28: 68 | AR28: 0 | AS28: 0 | AT28: 114 | AU28: 67 | AV28: 1 | AW28: 1 | AZ28: 1 | BA28: 1 | BB28: 1 | BC28: 1 | BH28: 0 | BI28: 2 | BJ28: ТСН-2001.4 Доп. 69, Сб. 10, т. 71, поз. 11 | BM28: 336 | BN28: 0 | BP28: 0 | BQ28: 40 | BR28: 0 | BS28: 1 | BT28: 1 | BU28: 1 | BV28: 1 | BW28: 1 | BX28: 1 | BZ28: 114 | CA28: 67 | CE28: 30 | CF28: 0 | CG28: 0 | CM28: 0 | CO28: 0 | CP28: =(P28+Q28+S28) -> 1263.02 | CQ28: =ROUND((ROUND((AC28*AW28*1),2)*BC28),2) -> 14.44 | CR28: =(ROUND((ROUND(((ET28)*AV28*1),2)*BB28),2)+ROUND((ROUND(((AE28-(EU28))*AV28*1),2)*BS28),2)) -> 390.42 | CS28: =ROUND((ROUND((AE28*AV28*1),2)*BS28),2) -> 42.91 | CT28: =ROUND((ROUND((AF28*AV28*1),2)*BA28),2) -> 858.16 | CU28: =AG28 -> 0 | CV28: =(AH28*AV28) -> 68 | CW28: =AI28 -> 0 | CX28: =AJ28 -> 0 | CY28: =((S28*BZ28)/100) -> 978.3024 | CZ28: =((S28*CA28)/100) -> 574.9672 | DN28: 0 | DO28: 0 | DP28: 1 | DQ28: 1 | DU28: 1013 | DV28: 1 ПУЛЬТ | DW28: 1 ПУЛЬТ | DX28: 1 | EE28: 151030334 | EF28: 40 | EG28: Монтаж оборудования | EH28: 0 | EJ28: 2 | EK28: 336 | EL28: ТСН-2001.4-10. 10-1...10-91 | EM28: ТСН-2001.4-10-1 | EQ28: 0 | ER28: 1263.02 | ES28: 14.44 | ET28: 390.42 | EU28: 42.91 | EV28: 858.16 | EW28: 68 | EX28: 0 | EY28: 0 | FQ28: 0 | FR28: =ROUND(IF(BI28=3,GM28,0),2) -> 0 | FS28: 0 | FX28: 114 | FY28: 67 | GD28: 0 | GF28: -1110256639 | GG28: 2 | GH28: 1 | GI28: -2 | GJ28: 0 | GK28: =ROUND(R28*(R12)/100,2) -> 75.09 | GL28: =ROUND(IF(AND(BH28=3,BI28=3,FS28<>0),P28,0),2) -> 0 | GM28: =ROUND(O28+X28+Y28+GK28,2)+GX28 -> 2891.38 | GN28: =IF(OR(BI28=0,BI28=1),GM28,0) -> 0 | GO28: =IF(BI28=2,GM28,0) -> 2891.38 | GP28: =IF(BI28=4,GM28+GX28,0) -> 0 | GR28: 0 | GS28: 0 | GT28: 0 | GV28: =ROUND((GT28),6) -> 0 | GW28: 1 | GX28: =ROUND(HC28*I28,2) -> 0 | HA28: 0 | HB28: 0 | HC28: =GV28*GW28 -> 0 | IK28: 0
A29: 17 | B29: 1 | C29: =ROW(SmtRes!A14) -> 14 | D29: =ROW(EtalonRes!A18) -> 18 | E29: 1 | F29: 4.10-71-11 | G29: Монтаж пульта служебной связи и контроля | H29: 1 ПУЛЬТ | I29: 1 | J29: 0 | K29: 1 | O29: =ROUND(CP29,2) -> 34811.94 | P29: =ROUND((ROUND((AC29*AW29*I29),2)*BC29),2) -> 269.74 | Q29: =(ROUND((ROUND(((ET29)*AV29*I29),2)*BB29),2)+ROUND((ROUND(((AE29-(EU29))*AV29*I29),2)*BS29),2)) -> 4927.1 | R29: =ROUND((ROUND((AE29*AV29*I29),2)*BS29),2) -> 1480.82 | S29: =ROUND((ROUND((AF29*AV29*I29),2)*BA29),2) -> 29615.1 | T29: =ROUND(CU29*I29,2) -> 0 | U29: =CV29*I29 -> 68 | V29: =CW29*I29 -> 0 | W29: =ROUND(CX29*I29,2) -> 0 | X29: =ROUND(CY29,2) -> 23395.93 | Y29: =ROUND(CZ29,2) -> 12142.19 | AA29: 151751235 | AB29: =ROUND((AC29+AD29+AF29),6) -> 1263.02 | AC29: =ROUND((ES29),6) -> 14.44 | AD29: =ROUND((((ET29)-(EU29))+AE29),6) -> 390.42 | AE29: =ROUND((EU29),6) -> 42.91 | AF29: =ROUND((EV29),6) -> 858.16 | AG29: =ROUND((AP29),6) -> 0 | AH29: =(EW29) -> 68 | AI29: =(EX29) -> 0 | AJ29: =(AS29) -> 0 | AK29: 1263.02 | AL29: 14.44 | AM29: 390.42 | AN29: 42.91 | AO29: 858.16 | AP29: 0 | AQ29: 68 | AR29: 0 | AS29: 0 | AT29: 79 | AU29: 41 | AV29: 1 | AW29: 1 | AZ29: 1 | BA29: 34.51 | BB29: 12.62 | BC29: 18.68 | BH29: 0 | BI29: 2 | BJ29: ТСН-2001.4 Доп. 69, Сб. 10, т. 71, поз. 11 | BM29: 336 | BN29: 0 | BO29: 4.10-71-11 | BP29: 1 | BQ29: 40 | BR29: 0 | BS29: 34.51 | BT29: 1 | BU29: 1 | BV29: 1 | BW29: 1 | BX29: 1 | BZ29: 79 | CA29: 41 | CE29: 30 | CF29: 0 | CG29: 0 | CM29: 0 | CO29: 0 | CP29: =(P29+Q29+S29) -> 34811.94 | CQ29: =ROUND((ROUND((AC29*AW29*1),2)*BC29),2) -> 269.74 | CR29: =(ROUND((ROUND(((ET29)*AV29*1),2)*BB29),2)+ROUND((ROUND(((AE29-(EU29))*AV29*1),2)*BS29),2)) -> 4927.1 | CS29: =ROUND((ROUND((AE29*AV29*1),2)*BS29),2) -> 1480.82 | CT29: =ROUND((ROUND((AF29*AV29*1),2)*BA29),2) -> 29615.1 | CU29: =AG29 -> 0 | CV29: =(AH29*AV29) -> 68 | CW29: =AI29 -> 0 | CX29: =AJ29 -> 0 | CY29: =S29*(BZ29/100) -> 23395.929 | CZ29: =S29*(CA29/100) -> 12142.191 | DN29: 114 | DO29: 67 | DP29: 1 | DQ29: 1 | DU29: 1013 | DV29: 1 ПУЛЬТ | DW29: 1 ПУЛЬТ | DX29: 1 | EE29: 151030334 | EF29: 40 | EG29: Монтаж оборудования | EH29: 0 | EJ29: 2 | EK29: 336 | EL29: ТСН-2001.4-10. 10-1...10-91 | EM29: ТСН-2001.4-10-1 | EQ29: 0 | ER29: 1263.02 | ES29: 14.44 | ET29: 390.42 | EU29: 42.91 | EV29: 858.16 | EW29: 68 | EX29: 0 | EY29: 0 | FQ29: 0 | FR29: =ROUND(IF(BI29=3,GM29,0),2) -> 0 | FS29: 0 | FX29: 114 | FY29: 67 | GD29: 0 | GF29: -1110256639 | GG29: 2 | GH29: 1 | GI29: 2 | GJ29: 0 | GK29: =ROUND(R29*(S12)/100,2) -> 2369.31 | GL29: =ROUND(IF(AND(BH29=3,BI29=3,FS29<>0),P29,0),2) -> 0 | GM29: =ROUND(O29+X29+Y29+GK29,2)+GX29 -> 72719.37 | GN29: =IF(OR(BI29=0,BI29=1),GM29,0) -> 0 | GO29: =IF(BI29=2,GM29,0) -> 72719.37 | GP29: =IF(BI29=4,GM29+GX29,0) -> 0 | GR29: 0 | GS29: 3 | GT29: 0 | GV29: =ROUND((GT29),6) -> 0 | GW29: 1 | GX29: =ROUND(HC29*I29,2) -> 0 | HA29: 0 | HB29: 0 | HC29: =GV29*GW29 -> 0 | IK29: 0
A30: 17 | B30: 1 | E30: 2 | F30: УПД | G30: Центральный прибор индикации и управления ЦПИУ «Рубеж», ЦПИУ "Рубеж" исп.1 | H30: шт. | I30: 1 | J30: 0 | K30: 1 | O30: =ROUND(CP30,2) -> 68667.78 | P30: =ROUND((ROUND((AC30*AW30*I30),2)*BC30),2) -> 68667.78 | Q30: =(ROUND((ROUND(((ET30)*AV30*I30),2)*BB30),2)+ROUND((ROUND(((AE30-(EU30))*AV30*I30),2)*BS30),2)) -> 0 | R30: =ROUND((ROUND((AE30*AV30*I30),2)*BS30),2) -> 0 | S30: =ROUND((ROUND((AF30*AV30*I30),2)*BA30),2) -> 0 | T30: =ROUND(CU30*I30,2) -> 0 | U30: =CV30*I30 -> 0 | V30: =CW30*I30 -> 0 | W30: =ROUND(CX30*I30,2) -> 0 | X30: =ROUND(CY30,2) -> 0 | Y30: =ROUND(CZ30,2) -> 0 | AA30: 151751237 | AB30: =ROUND((AC30+AD30+AF30),6) -> 68667.78 | AC30: =ROUND((ES30),6) -> 68667.78 | AD30: =ROUND((((ET30)-(EU30))+AE30),6) -> 0 | AE30: =ROUND((EU30),6) -> 0 | AF30: =ROUND((EV30),6) -> 0 | AG30: =ROUND((AP30),6) -> 0 | AH30: =(EW30) -> 0 | AI30: =(EX30) -> 0 | AJ30: =(AS30) -> 0 | AK30: 68667.78 | AL30: 68667.78 | AM30: 0 | AN30: 0 | AO30: 0 | AP30: 0 | AQ30: 0 | AR30: 0 | AS30: 0 | AT30: 0 | AU30: 0 | AV30: 1 | AW30: 1 | AZ30: 1 | BA30: 1 | BB30: 1 | BC30: 1 | BH30: 3 | BI30: 3 | BM30: 700010 | BN30: 0 | BP30: 0 | BQ30: 202 | BR30: 0 | BS30: 1 | BT30: 1 | BU30: 1 | BV30: 1 | BW30: 1 | BX30: 1 | BZ30: 0 | CA30: 0 | CE30: 30 | CF30: 0 | CG30: 0 | CM30: 0 | CO30: 0 | CP30: =(P30+Q30+S30) -> 68667.78 | CQ30: =ROUND((ROUND((AC30*AW30*1),2)*BC30),2) -> 68667.78 | CR30: =(ROUND((ROUND(((ET30)*AV30*1),2)*BB30),2)+ROUND((ROUND(((AE30-(EU30))*AV30*1),2)*BS30),2)) -> 0 | CS30: =ROUND((ROUND((AE30*AV30*1),2)*BS30),2) -> 0 | CT30: =ROUND((ROUND((AF30*AV30*1),2)*BA30),2) -> 0 | CU30: =AG30 -> 0 | CV30: =(AH30*AV30) -> 0 | CW30: =AI30 -> 0 | CX30: =AJ30 -> 0 | CY30: =((S30*BZ30)/100) -> 0 | CZ30: =((S30*CA30)/100) -> 0 | DN30: 0 | DO30: 0 | DP30: 1 | DQ30: 1 | DU30: 1010 | DV30: шт. | DW30: шт. | DX30: 1 | EE30: 151748510 | EF30: 202 | EG30: Материалы | EH30: 0 | EJ30: 1 | EK30: 700010 | EL30: Материал по прайсу | EM30: Материалы | EQ30: 0 | ER30: 72330.06 | ES30: 68667.78 | ET30: 0 | EU30: 0 | EV30: 0 | EW30: 0 | EX30: 0 | EY30: 0 | FQ30: 0 | FR30: =ROUND(IF(BI30=3,GM30,0),2) -> 68667.78 | FS30: 0 | FX30: 0 | FY30: 0 | GA30: [562 064,4 / 1,2 / 7,11] + 1,2% Трансп + 3% Заг.скл | GD30: 0 | GF30: 1274654728 | GG30: 2 | GH30: 4 | GI30: -2 | GJ30: 0 | GK30: =ROUND(R30*(R12)/100,2) -> 0 | GL30: =ROUND(IF(AND(BH30=3,BI30=3,FS30<>0),P30,0),2) -> 0 | GM30: =ROUND(O30+X30+Y30+GK30,2)+GX30 -> 68667.78 | GN30: =IF(OR(BI30=0,BI30=1),GM30,0) -> 0 | GO30: =IF(BI30=2,GM30,0) -> 0 | GP30: =IF(BI30=4,GM30+GX30,0) -> 0 | GR30: 0 | GS30: 2 | GT30: 0 | GV30: =ROUND((GT30),6) -> 0 | GW30: 1 | GX30: =ROUND(HC30*I30,2) -> 0 | HA30: 0 | HB30: 0 | HC30: =GV30*GW30 -> 0 | HE30: 1,2 | HF30: 3 | IK30: 0
A31: 17 | B31: 1 | E31: 2 | F31: УПД | G31: Центральный прибор индикации и управления ЦПИУ «Рубеж», ЦПИУ "Рубеж" исп.1 | H31: шт. | I31: 1 | J31: 0 | K31: 1 | O31: =ROUND(CP31,2) -> 488227.92 | P31: =ROUND((ROUND((AC31*AW31*I31),2)*BC31),2) -> 488227.92 | Q31: =(ROUND((ROUND(((ET31)*AV31*I31),2)*BB31),2)+ROUND((ROUND(((AE31-(EU31))*AV31*I31),2)*BS31),2)) -> 0 | R31: =ROUND((ROUND((AE31*AV31*I31),2)*BS31),2) -> 0 | S31: =ROUND((ROUND((AF31*AV31*I31),2)*BA31),2) -> 0 | T31: =ROUND(CU31*I31,2) -> 0 | U31: =CV31*I31 -> 0 | V31: =CW31*I31 -> 0 | W31: =ROUND(CX31*I31,2) -> 0 | X31: =ROUND(CY31,2) -> 0 | Y31: =ROUND(CZ31,2) -> 0 | AA31: 151751235 | AB31: =ROUND((AC31+AD31+AF31),6) -> 68667.78 | AC31: =ROUND((ES31),6) -> 68667.78 | AD31: =ROUND((((ET31)-(EU31))+AE31),6) -> 0 | AE31: =ROUND((EU31),6) -> 0 | AF31: =ROUND((EV31),6) -> 0 | AG31: =ROUND((AP31),6) -> 0 | AH31: =(EW31) -> 0 | AI31: =(EX31) -> 0 | AJ31: =(AS31) -> 0 | AK31: 68667.78 | AL31: 68667.78 | AM31: 0 | AN31: 0 | AO31: 0 | AP31: 0 | AQ31: 0 | AR31: 0 | AS31: 0 | AT31: 0 | AU31: 0 | AV31: 1 | AW31: 1 | AZ31: 1 | BA31: 1 | BB31: 1 | BC31: 7.11 | BH31: 3 | BI31: 3 | BM31: 700010 | BN31: 0 | BP31: 0 | BQ31: 202 | BR31: 0 | BS31: 1 | BT31: 1 | BU31: 1 | BV31: 1 | BW31: 1 | BX31: 1 | BZ31: 0 | CA31: 0 | CE31: 30 | CF31: 0 | CG31: 0 | CM31: 0 | CO31: 0 | CP31: =(P31+Q31+S31) -> 488227.92 | CQ31: =ROUND((ROUND((AC31*AW31*1),2)*BC31),2) -> 488227.92 | CR31: =(ROUND((ROUND(((ET31)*AV31*1),2)*BB31),2)+ROUND((ROUND(((AE31-(EU31))*AV31*1),2)*BS31),2)) -> 0 | CS31: =ROUND((ROUND((AE31*AV31*1),2)*BS31),2) -> 0 | CT31: =ROUND((ROUND((AF31*AV31*1),2)*BA31),2) -> 0 | CU31: =AG31 -> 0 | CV31: =(AH31*AV31) -> 0 | CW31: =AI31 -> 0 | CX31: =AJ31 -> 0 | CY31: =S31*(BZ31/100) -> 0 | CZ31: =S31*(CA31/100) -> 0 | DN31: 0 | DO31: 0 | DP31: 1 | DQ31: 1 | DU31: 1010 | DV31: шт. | DW31: шт. | DX31: 1 | EE31: 151748510 | EF31: 202 | EG31: Материалы | EH31: 0 | EJ31: 1 | EK31: 700010 | EL31: Материал по прайсу | EM31: Материалы | EQ31: 0 | ER31: 72330.06 | ES31: 68667.78 | ET31: 0 | EU31: 0 | EV31: 0 | EW31: 0 | EX31: 0 | EY31: 0 | EZ31: 5 | FC31: 1 | FD31: 18 | FF31: 562064.4 | FQ31: 0 | FR31: =ROUND(IF(BI31=3,GM31,0),2) -> 488227.92 | FS31: 0 | FX31: 0 | FY31: 0 | GA31: [562 064,4 / 1,2 / 7,11] + 1,2% Трансп + 3% Заг.скл | GD31: 0 | GF31: 1274654728 | GG31: 2 | GH31: 3 | GI31: 5 | GJ31: 0 | GK31: =ROUND(R31*(S12)/100,2) -> 0 | GL31: =ROUND(IF(AND(BH31=3,BI31=3,FS31<>0),P31,0),2) -> 0 | GM31: =ROUND(O31+X31+Y31+GK31,2)+GX31 -> 488227.92 | GN31: =IF(OR(BI31=0,BI31=1),GM31,0) -> 0 | GO31: =IF(BI31=2,GM31,0) -> 0 | GP31: =IF(BI31=4,GM31+GX31,0) -> 0 | GR31: 1 | GS31: 1 | GT31: 0 | GV31: =ROUND((GT31),6) -> 0 | GW31: 1 | GX31: =ROUND(HC31*I31,2) -> 0 | HA31: 0 | HB31: 0 | HC31: =GV31*GW31 -> 0 | HE31: 1,2 | HF31: 3 | IK31: 0
A32: 17 | B32: 1 | C32: =ROW(SmtRes!A15) -> 15 | D32: =ROW(EtalonRes!A19) -> 19 | E32: 3 | F32: 4.10-145-14 | G32: Настройка синхронных цифровых систем передачи, настройка системы контроля и управления, установка операционной системы, программного обеспечения | H32: 1 рабочая секция | I32: 1 | J32: 0 | K32: 1 | O32: =ROUND(CP32,2) -> 2827.55 | P32: =ROUND((ROUND((AC32*AW32*I32),2)*BC32),2) -> 0 | Q32: =(ROUND((ROUND(((ET32)*AV32*I32),2)*BB32),2)+ROUND((ROUND(((AE32-(EU32))*AV32*I32),2)*BS32),2)) -> 0 | R32: =ROUND((ROUND((AE32*AV32*I32),2)*BS32),2) -> 0 | S32: =ROUND((ROUND((AF32*AV32*I32),2)*BA32),2) -> 2827.55 | T32: =ROUND(CU32*I32,2) -> 0 | U32: =CV32*I32 -> 145.6 | V32: =CW32*I32 -> 0 | W32: =ROUND(CX32*I32,2) -> 0 | X32: =ROUND(CY32,2) -> 3223.41 | Y32: =ROUND(CZ32,2) -> 1894.46 | AA32: 151751237 | AB32: =ROUND((AC32+AD32+AF32),6) -> 2827.55 | AC32: =ROUND((ES32),6) -> 0 | AD32: =ROUND((((ET32)-(EU32))+AE32),6) -> 0 | AE32: =ROUND((EU32),6) -> 0 | AF32: =ROUND((EV32),6) -> 2827.55 | AG32: =ROUND((AP32),6) -> 0 | AH32: =(EW32) -> 145.6 | AI32: =(EX32) -> 0 | AJ32: =(AS32) -> 0 | AK32: 2827.55 | AL32: 0 | AM32: 0 | AN32: 0 | AO32: 2827.55 | AP32: 0 | AQ32: 145.6 | AR32: 0 | AS32: 0 | AT32: 114 | AU32: 67 | AV32: 1 | AW32: 1 | AZ32: 1 | BA32: 1 | BB32: 1 | BC32: 1 | BH32: 0 | BI32: 2 | BJ32: ТСН-2001.4. Доп. 1-42. Сб. 10, т. 145, поз. 14 | BM32: 352 | BN32: 0 | BP32: 0 | BQ32: 40 | BR32: 0 | BS32: 1 | BT32: 1 | BU32: 1 | BV32: 1 | BW32: 1 | BX32: 1 | BZ32: 114 | CA32: 67 | CE32: 30 | CF32: 0 | CG32: 0 | CM32: 0 | CO32: 0 | CP32: =(P32+Q32+S32) -> 2827.55 | CQ32: =ROUND((ROUND((AC32*AW32*1),2)*BC32),2) -> 0 | CR32: =(ROUND((ROUND(((ET32)*AV32*1),2)*BB32),2)+ROUND((ROUND(((AE32-(EU32))*AV32*1),2)*BS32),2)) -> 0 | CS32: =ROUND((ROUND((AE32*AV32*1),2)*BS32),2) -> 0 | CT32: =ROUND((ROUND((AF32*AV32*1),2)*BA32),2) -> 2827.55 | CU32: =AG32 -> 0 | CV32: =(AH32*AV32) -> 145.6 | CW32: =AI32 -> 0 | CX32: =AJ32 -> 0 | CY32: =((S32*BZ32)/100) -> 3223.407 | CZ32: =((S32*CA32)/100) -> 1894.4585 | DN32: 0 | DO32: 0 | DP32: 1 | DQ32: 1 | DU32: 1013 | DV32: 1 рабочая секция | DW32: 1 рабочая секция | DX32: 1 | EE32: 151030350 | EF32: 40 | EG32: Монтаж оборудования | EH32: 0 | EJ32: 2 | EK32: 352 | EL32: ТСН-2001.4-10. 10-140...10-152 | EM32: ТСН-2001.4-10-17 | EQ32: 0 | ER32: 2827.55 | ES32: 0 | ET32: 0 | EU32: 0 | EV32: 2827.55 | EW32: 145.6 | EX32: 0 | EY32: 0 | FQ32: 0 | FR32: =ROUND(IF(BI32=3,GM32,0),2) -> 0 | FS32: 0 | FX32: 114 | FY32: 67 | GD32: 0 | GF32: 294234689 | GG32: 2 | GH32: 1 | GI32: -2 | GJ32: 0 | GK32: =ROUND(R32*(R12)/100,2) -> 0 | GL32: =ROUND(IF(AND(BH32=3,BI32=3,FS32<>0),P32,0),2) -> 0 | GM32: =ROUND(O32+X32+Y32+GK32,2)+GX32 -> 7945.42 | GN32: =IF(OR(BI32=0,BI32=1),GM32,0) -> 0 | GO32: =IF(BI32=2,GM32,0) -> 7945.42 | GP32: =IF(BI32=4,GM32+GX32,0) -> 0 | GR32: 0 | GS32: 0 | GT32: 0 | GV32: =ROUND((GT32),6) -> 0 | GW32: 1 | GX32: =ROUND(HC32*I32,2) -> 0 | HA32: 0 | HB32: 0 | HC32: =GV32*GW32 -> 0 | IK32: 0
A33: 17 | B33: 1 | C33: =ROW(SmtRes!A16) -> 16 | D33: =ROW(EtalonRes!A20) -> 20 | E33: 3 | F33: 4.10-145-14 | G33: Настройка синхронных цифровых систем передачи, настройка системы контроля и управления, установка операционной системы, программного обеспечения | H33: 1 рабочая секция | I33: 1 | J33: 0 | K33: 1 | O33: =ROUND(CP33,2) -> 97578.75 | P33: =ROUND((ROUND((AC33*AW33*I33),2)*BC33),2) -> 0 | Q33: =(ROUND((ROUND(((ET33)*AV33*I33),2)*BB33),2)+ROUND((ROUND(((AE33-(EU33))*AV33*I33),2)*BS33),2)) -> 0 | R33: =ROUND((ROUND((AE33*AV33*I33),2)*BS33),2) -> 0 | S33: =ROUND((ROUND((AF33*AV33*I33),2)*BA33),2) -> 97578.75 | T33: =ROUND(CU33*I33,2) -> 0 | U33: =CV33*I33 -> 145.6 | V33: =CW33*I33 -> 0 | W33: =ROUND(CX33*I33,2) -> 0 | X33: =ROUND(CY33,2) -> 77087.21 | Y33: =ROUND(CZ33,2) -> 40007.29 | AA33: 151751235 | AB33: =ROUND((AC33+AD33+AF33),6) -> 2827.55 | AC33: =ROUND((ES33),6) -> 0 | AD33: =ROUND((((ET33)-(EU33))+AE33),6) -> 0 | AE33: =ROUND((EU33),6) -> 0 | AF33: =ROUND((EV33),6) -> 2827.55 | AG33: =ROUND((AP33),6) -> 0 | AH33: =(EW33) -> 145.6 | AI33: =(EX33) -> 0 | AJ33: =(AS33) -> 0 | AK33: 2827.55 | AL33: 0 | AM33: 0 | AN33: 0 | AO33: 2827.55 | AP33: 0 | AQ33: 145.6 | AR33: 0 | AS33: 0 | AT33: 79 | AU33: 41 | AV33: 1 | AW33: 1 | AZ33: 1 | BA33: 34.51 | BB33: 1 | BC33: 1 | BH33: 0 | BI33: 2 | BJ33: ТСН-2001.4. Доп. 1-42. Сб. 10, т. 145, поз. 14 | BM33: 352 | BN33: 0 | BO33: 4.10-145-14 | BP33: 1 | BQ33: 40 | BR33: 0 | BS33: 34.51 | BT33: 1 | BU33: 1 | BV33: 1 | BW33: 1 | BX33: 1 | BZ33: 79 | CA33: 41 | CE33: 30 | CF33: 0 | CG33: 0 | CM33: 0 | CO33: 0 | CP33: =(P33+Q33+S33) -> 97578.75 | CQ33: =ROUND((ROUND((AC33*AW33*1),2)*BC33),2) -> 0 | CR33: =(ROUND((ROUND(((ET33)*AV33*1),2)*BB33),2)+ROUND((ROUND(((AE33-(EU33))*AV33*1),2)*BS33),2)) -> 0 | CS33: =ROUND((ROUND((AE33*AV33*1),2)*BS33),2) -> 0 | CT33: =ROUND((ROUND((AF33*AV33*1),2)*BA33),2) -> 97578.75 | CU33: =AG33 -> 0 | CV33: =(AH33*AV33) -> 145.6 | CW33: =AI33 -> 0 | CX33: =AJ33 -> 0 | CY33: =S33*(BZ33/100) -> 77087.213 | CZ33: =S33*(CA33/100) -> 40007.287 | DN33: 114 | DO33: 67 | DP33: 1 | DQ33: 1 | DU33: 1013 | DV33: 1 рабочая секция | DW33: 1 рабочая секция | DX33: 1 | EE33: 151030350 | EF33: 40 | EG33: Монтаж оборудования | EH33: 0 | EJ33: 2 | EK33: 352 | EL33: ТСН-2001.4-10. 10-140...10-152 | EM33: ТСН-2001.4-10-17 | EQ33: 0 | ER33: 2827.55 | ES33: 0 | ET33: 0 | EU33: 0 | EV33: 2827.55 | EW33: 145.6 | EX33: 0 | EY33: 0 | FQ33: 0 | FR33: =ROUND(IF(BI33=3,GM33,0),2) -> 0 | FS33: 0 | FX33: 114 | FY33: 67 | GD33: 0 | GF33: 294234689 | GG33: 2 | GH33: 1 | GI33: 2 | GJ33: 0 | GK33: =ROUND(R33*(S12)/100,2) -> 0 | GL33: =ROUND(IF(AND(BH33=3,BI33=3,FS33<>0),P33,0),2) -> 0 | GM33: =ROUND(O33+X33+Y33+GK33,2)+GX33 -> 214673.25 | GN33: =IF(OR(BI33=0,BI33=1),GM33,0) -> 0 | GO33: =IF(BI33=2,GM33,0) -> 214673.25 | GP33: =IF(BI33=4,GM33+GX33,0) -> 0 | GR33: 0 | GS33: 3 | GT33: 0 | GV33: =ROUND((GT33),6) -> 0 | GW33: 1 | GX33: =ROUND(HC33*I33,2) -> 0 | HA33: 0 | HB33: 0 | HC33: =GV33*GW33 -> 0 | IK33: 0
